Workbook

Sheet EVALUACIÓN EXPERIENCIA
T1: CUMPLE | U1: HABILITADO | V1: SI
A2: EVALUACION TÉCNICA EXPERIENCIA GENERAL Y ESPECÍFICA DEL OFERENTE ASIGNACIÓN DE PUNTAJE CRPC - CAPACIDAD RESIDUAL PROCESO DE CONTRATACIÓN MC-SA-MC-0001-2026 - Realizar las obras de reparaciones locativas del inmueble Casa Museo Guillermo León Valencia de Popayán - Cauca, ubicado en el centro histórico declarado bien de interés cultural del ámbito nacional | T2: NO CUMPLE | U2: NO HABILITADO | V2: NO
A3: N° DE PROPONENTE | D3: 3 | F3: NOMBRE DEL PROPONENTE | G3: CONSORCIO VENTURA & CO | V3: N/A
A4: EDIFICIO | D4: PPTO OFICIAL | M4: SMLMV
A5: Casa Museo Guillermo León Valencia de Popayán - Cauca | D5: 724761029 | M5: =+D5/F167 -> 413.9351
A7: CRITERIOS DE EVALUACION DE EXPERIENCIA
A8: Experiencia exigida | F8: EXPERIENCIA GENERAL: proyectos que correspondan o contemplen actividades de: construcción y/o ampliación y/o reconstrucción y/o adecuación y/o conservación y/o intervención y/o instalación y/o mantenimiento y/o mejoramiento y/o modificación u optimización y/o rehabilitación y/o remodelación y/o reposición y/o reparación locativa y/o restauración y/o restitución y/o terminación y/o reforzamiento estructural y/o actualización sísmica y/o repotenciación estructural de monumentos.
F9: EXPERIENCIA ESPECIFICA: 1. Por lo menos uno (1) de los contratos válidos aportados como experiencia general debe corresponder mínimo al 30% del presupuesto oficial del presente proceso de selección
F10: EXPERIENCIA ESPECIFICA: 2. Por lo menos uno (1) de los contratos válidos aportados como experiencia general debe corresponder o contemple la construcción y/o ampliación y/o reconstrucción y/o adecuación y/o conservación y/o intervención y/o instalación y/o mantenimiento y/o mejoramiento y/o modificación u optimización y/o rehabilitación y/o remodelación y/o reposición y/o reparación locativa y/o restauración y/o restitución y/o terminación y/o reforzamiento estructural y/o actualización sísmica y/o repotenciación estructural DE EDIFICACIONES, DECLARADAS COMO BIENES DE INTERES CULTURAL y/o CONSERVACION PATRIMONIAL de conformidad con el proceso.
F11: EXPERIENCIA ESPECIFICA: 3. Por lo menos uno (1) de los contratos válidos aportados como experiencia general (diferente al indicado en el numeral 1) debe corresponder o contemple la construcción y/o ampliación y/o reconstrucción y/o adecuación y/o conservación y/o intervención y/o instalación y/o mantenimiento y/o mejoramiento y/o modificación u optimización y/o rehabilitación y/o remodelación y/o reposición y/o reparación locativa y/o restauración y/o restitución y/o terminación y/o reforzamiento estructural y/o actualización sísmica y/o repotenciación estructural DE EDIFICACIONES, DECLARADAS COMO BIENES DE INTERES CULTURAL y/o CONSERVACION PATRIMONIAL de conformidad con el proceso.
F12: EXPERIENCIA ESPECIFICA: 4. Por lo menos uno (1) de los contratos válidos aportados como experiencia general deben contemplar la construcción y/o ampliación y/o reconstrucción y/o adecuación y/o conservación y/o intervención y/o instalación y/o mantenimiento y/o mejoramiento y/o modificación u optimización y/o rehabilitación y/o remodelación y/o reposición y/o reparación locativa y/o restauración y/o restitución y/o terminación de edificaciones en alguno o algunos, de los siguientes materiales como predominante: madera y/o guadua y/o bahareque y/o tapia pisada y/o adobe.
A13: Cantidad de contratos para acreditar la experiencia mínima | F13: El Proponente podrá acreditar la experiencia solicitada con mínimo uno (1) y máximo cinco (5) Contratos, los cuales serán evaluados teniendo en cuenta la tabla del numeral 3.5.8 del Pliego de Condiciones, así como el contenido de la Matriz 1 – Experiencia. aplicable en el proyecto de infraestructura social bien sea de salud, educación, institucional, vivienda, cultura, recreación y deporte.
F14: El Proponente persona natural o jurídica que acredite la calidad de Mipyme o de emprendimiento y empresa de mujer con domicilio en el territorio nacional de conformidad con lo previsto en el artículo 2.2.1.13.2.2 del Decreto 1074 de 2015 y los artículos 2.2.1.2.4.2.4. y 2.2.1.2.4.2.14 del Decreto 1082 de 2015, o las normas que los modifiquen, sustituyan o complementen, podrá probar la experiencia solicitada con un (1) Contrato adicional a los cinco (5) inicialmente previstos, para un máximo de seis (6) Contratos.
F15: En caso de que el Proponente persona natural o jurídica acredite la calidad de Mipyme y de emprendimiento y empresa de mujer con domicilio en el territorio nacional de manera conjunta, podrá demostrar la experiencia solicitada con dos (2) Contratos adicionales a los cinco (5) inicialmente previstos, para un máximo de siete (7).
F16: Para el caso de Proponentes Plurales bastará con que uno de sus integrantes tenga una participación igual o superior al diez por ciento (10 %) en el Consorcio o en la Unión Temporal y acredite la calidad de Mipyme o emprendimiento y empresa de mujer de conformidad con lo previsto en el artículo 2.2.1.13.2.2 del Decreto 1074 de 2015 y los artículos 2.2.1.2.4.2.4. y 2.2.1.2.4.2.14 del Decreto 1082 de 2015, o las normas que los modifiquen, sustituyan o complementen, para probar la experiencia solicitada con un (1) Contrato adicional a los cinco (5) inicialmente contemplados, para un máximo de seis (6) Contratos. En caso de que el mismo integrante u otro que haga parte del Proponente Plural tenga una participación igual o superior al diez por ciento (10 %) en el Consorcio o en la Unión Temporal y acredite la calidad de Mipyme y de emprendimiento y empresa de mujer con domicilio en el territorio nacional de manera conjunta o separada, podrá demostrar la experiencia solicitada con dos (2) Contratos adicionales a los cinco (5) inicialmente previstos, para un máximo de siete (7) Contratos. En todo caso no será posible aportar más de dos (2) Contratos adicionales aun cuando otros integrantes del Proponente Plural también cumplan las condiciones previamente definidas.
F17: E.- Los Contratos aportados como experiencia válida y que correspondan a edificaciones debieron iniciar su ejecución luego de la expedición del Reglamento Colombiano de Construcción Sismo Resistente (NSR-98), esto es, después del 9 de enero de 1998. F.- Únicamente uno (1) de los Contratos relacionados como experiencia en edificaciones podrá haber iniciado ejecución antes del 9 de enero de 1998, fecha en la cual se expidió la NSR-98. G.- Si el Proponente relaciona un (1) único Contrato para acreditar la experiencia solicitada, este deberá haber iniciado, ejecutado, terminado, liquidado y recibido a satisfacción luego del 15 de julio de 2010, fecha en la cual entró en vigencia la NSR-10, y haya terminado su ejecución antes de la fecha de cierre del presente procedimiento de selección. H.- Por lo menos uno (1) de los Contratos válidos aportados como experiencia debe haber iniciado ejecución con posterioridad a la expedición de la NSR-10, el cual debió haberse ejecutado y terminado antes de la fecha de cierre del presente Proceso de Contratación. I.- Las reglas de los literales E, F, G y H también aplicarán para los Contratos ejecutados fuera del territorio colombiano, teniendo como referente las fechas establecidas en dichos literales. En todo caso, el proyecto de infraestructura social que se pretende ejecutar deberá cumplir con los estándares y normativa establecida para Colombia.
A18: Valor de los contratos para acreditar experiencia. | F18: Número de contratos con los cuales el Proponente cumple la experiencia acreditada | L18: Valor mínimo a certificar (como % del Presupuesto Oficial expresado en SMMLV)
F19: De 1 a 2 | L19: 0.75
F20: De 2 a 4 | L20: 1
F21: hasta 5 | L21: 1.5
A22: Experiencia acreditada por proponentes plurales | F22: Tratándose de Proponentes Plurales se tendrá en cuenta lo siguiente: i) uno de los integrantes debe aportar como mínimo el cincuenta por ciento (50 %) de la experiencia solicitada; ii) los demás integrantes deben acreditar al menos el cinco por ciento (5 %) de la experiencia solicitada; y iii) sin perjuicio de lo anterior, solo uno (1) de los integrantes, si así lo considera pertinente, podrá no acreditar experiencia. En este último caso, el porcentaje de participación del integrante que no aporta experiencia en la estructura plural no podrá superar el diez por ciento (10 %). Estos porcentajes que acreditarán los integrantes del Proponente Plural se podrán cumplir con Contratos válidos que acrediten cualquier requisito de experiencia solicitada en el Pliego de Condiciones, y se calcularán sobre el “valor mínimo a certificar (como % del Presupuesto Oficial de obra expresado en SMMLV)” de conformidad con el numeral 3.5.8. Independientemente de él o los integrantes del Proponente Plural que aporten Contratos para acreditar la experiencia, estos se tendrán en cuenta para calcular el “número de Contratos con los cuales el Proponente cumple la experiencia acreditada" de que trata el numeral citado. En armonía con lo anterior, para cumplir el requisito previsto en este literal no se solicitará la acreditación de longitudes, magnitudes, volúmenes o porcentajes requeridos en la experiencia específica, sino que bastará con acreditar los SMMLV.
A23: Clasificación de la experiencia en el "Clasificador de bienes, obras y servicios de las Naciones Unidas" | F23: Los Contratos aportados para efectos de acreditación de la experiencia requerida deben estar clasificados en alguno de los siguientes códigos: 721033 - 721029 - 721015
A25: 1. EVALUACION DE EXPERIENCIA
A26: FECHA DE EVALUACIÓN | F26: 46134
A27: PROPONENTE | F27: =+G3 -> CONSORCIO VENTURA & CO | I27: VERIFICACIÓN RUP | L27: VERIFICACION MYPINES Y MUJERES | P27: VERIFICACION PORCENTAJES EXPERIENCIA APORTADA CONSORCIO
A28: INTEGRANTE PROPONENTE PLURAL | H28: PARTICIPACIÓN | I28: 721015 | J28: 721029 | K28: 721033 | L28: MYPIMES | M28: MUJERES | N28: MYPIMES + MUJERES
A29: MARIA JOSE HERRERA GUZMAN | H29: 0.5 | I29: X | J29: X | K29: X | L29: X | M29: X | N29: X | P29: CUMPLE
A30: VENTURA & CO. SAS | H30: 0.5 | I30: X | J30: X | K30: X | L30: X | P30: CUMPLE
A35: EXPERIENCIA GENERAL Y ESPECÍFICA DEL OFERENTE
A36: N° | B36: NUMERO DE CONTRATO EN EL RUP | C36: EXPERIENCIA REQUERIDA PARA LA ACTIVIDAD PRINCIPAL | D36: NOMBRE DEL CONTRATANTE | E36: OBJETO DEL CONTRATO | F36: FECHA DE INICIO | G36: FECHA DE FINALIZACION | H36: VALOR TOTAL EN PESOS | I36: VALOR TOTAL EN SMMLV -RUP La conversión a valor presente para toda la información presentada se debe hacer con el valor del salario mínimo mensual legal vigente (SMMLV) en la fecha de terminación | J36: PORCENTAJE DE PARTICIPACION PARA CONSORCIOS O UNIONES TEMPORALES | K36: VALOR CERTIFICADO EN SMMLV | L36: BIC (especificar ámbito) | M36: CONTRATO 30% PO (marcar con X) | N36: CONTRATO MATERIAL PREDOMINANTE (especificar madera y/o guadua y/o bahareque y/o tapia pisada y/o adobe) | O36: CUMPLE / NO CUMPLE | P36: OBSERVACIONES (En caso de subsane, Indicar claramente lo que se debe subsanar)
A37: 1 | B37: 21 / MARIA JOSE HERRERA GUZMAN y 27 / VENTURA & CO. SAS | C37: GENERAL | D37: DEPARTAMENTO ADMINISTRATIVO DE LA PRESIDENCIA DE LA REPUBLICA | E37: CONTRATAR POR EL SISTEMA DE PRECIOS UNITARIOS FIJOS SIN FÓRMULA DE AJUSTE, LAS OBRAS CIVILES NECESARIAS PARA REFORZAMIENTO ESTRUCTURAL DE LA SEDE CASA PARA LA EQUIDAD DE LA MUJER UBICADA EN LA CALLE 10 NO 1-15 EN EL BARRIO LA CANDELARIA DE LA CIUDAD DE BOGOTÁ | F37: 43109 | G37: 43343 | H37: 1.1365318e+09 | I37: =+H37/F159 -> 1454.7756 | J37: 1 | K37: =+I37*J37 -> 1454.7756 | L37: conforme al PEMP Resolución 0088 de 2021; esta clasificados en el nivel 2 - conservación del tipo arquitectónico | M37: X | N37: adobe | O37: CUMPLE
A38: 2 | B38: 12 / MARIA JOSE HERRERA GUZMAN y 11 / VENTURA & CO. SAS | C38: ESPECIFICA | D38: CAMARA DE REPRESENTANTES | E38: OBRAS MINIMAS DE ADECUACION A LAS INSTALACIONES FISICAS DEL CAPITOLIO NACIONAL Y EL EDIFICIO NUEVO CONGRESO DONDE FUNCIONA LA CAMARA DE REPRESENTANTES (BIC) | F38: 41851 | G38: 41973 | H38: 307991800 | I38: =+H38/F155 -> 499.98669 | J38: 1 | K38: =+I38*J38 -> 499.98669 | L38: BIC del ámbito nacional, declarado por el Decreto 1584 del 11 de agosto de 1975 | M38: X | O38: CUMPLE
A39: 3 | B39: 2 / MARIA JOSE HERRERA GUZMAN y 2 / VENTURA & CO. SAS | C39: ESPECIFICA | D39: ARCHIVO GENERAL DE LA NACION | E39: REALIZAR LA IMPERMEABILIZACIÓN, MANTENIMIENTO, ARREGLO Y REPARACIÓN DE LAS TERRAZAS, CUBIERTAS Y PLAZOLETAS DEL BLOQUE SUR DEL AGN, LOCALIZADO EN LA CRA 6 NO. 6-91 DE BOGOTÁ D.C(BIC) 23/01/2012 | F39: 40931 | G39: 41046 | H39: 1.245366e+08 | I39: =+H39/F153 -> 219.75754 | J39: 1 | K39: =+I39*J39 -> 219.75754 | L39: BIC del ámbito nacional, declarado por la Resolución 1773 del 25 de octubre de 2007 | M39: X | O39: CUMPLE
A40: 4 | B40: 10 / MARIA JOSE HERRERA GUZMAN y 26 / VENTURA & CO. SAS | C40: ESPECIFICA | D40: POLICIA NACIONAL | E40: MANTENIMIENTO Y RESTAURACION DEL MUSEO HISTORICO DE LA POLICIA NACIONAL(BIC) | F40: 38714 | G40: 12//04/2006 | H40: 403414080 | I40: =+H40/F147 -> 988.76 | J40: 1 | K40: =+I40*J40 -> 988.76 | L40: BIC del ámbito nacional, declarado por el Decreto 2390 del 28 de septiembre de 1984 | M40: X | O40: CUMPLE
A41: 5 | K41: =+I41*J41 -> 0
A42: 6 | K42: =+I42*J42 -> 0
A43: 7 | K43: =+I43*J43 -> 0
J45: TOTAL | K45: =SUMIFS(K37:K44,O37:O44,"CUMPLE") -> 3163.2799
A48: PRESUPUESTO OFICIAL | E48: =D5 -> 724761029
A49: VALOR SMMLV 2026 | E49: 1750905
A50: PRESUPUESTO OFICIAL EN SMMLV | E50: =IF(AND(E51="N/A",E52="N/A")=TRUE,"",(E48/E49)) -> 413.9351
A51: EXPERIENCIA GENERAL | E51: CUMPLE | F51: De 2 a 4
A52: ACREDITA % PRESUPUESTO OFICIAL | E52: CUMPLE | F52: 1
A53: EXPERIENCIA ESPECIFICA 1 | E53: CUMPLE
A54: EXPERIENCIA ESPECIFICA 2 | E54: CUMPLE
A55: EXPERIENCIA ESPECIFICA 3 | E55: CUMPLE
A56: EXPERIENCIA ESPECIFICA 4 | E56: CUMPLE
A57: RESULTADOS VALIDACIÓN DE LA EXPERIENCIA DEL PROPONENTE | E57: CUMPLE
A59: 2. CRP - CAPACIDAD RESIDUAL PROPONENTE
A61: CONDICIÓN DEL PROPONENTE | E61: =IF(IF(OR('CRP SINGULAR'!$L$8="CUMPLE",'CRP SINGULAR'!$L$8="NO CUMPLE",'CRP PLURAL (2)'!$L$13="CUMPLE",'CRP PLURAL (2)'!$L$13="NO CUMPLE",'CRP PLURAL (3)'!$L$15="CUMPLE",'CRP PLURAL (3)'!$L$15="NO CUMPLE",'CRP PLURAL (4)'!$L$17="CUMPLE",'CRP PLURAL (4)'!$L$17="NO CUMPLE",'CRP PLURAL (5)'!$L$19="CUMPLE",'CRP PLURAL (5)'!$L$19="NO CUMPLE")=TRUE,VLOOKUP(TRUE,Base!$B$2:$D$6,3,0))=FALSE,"",IF(OR('CRP SINGULAR'!$L$8="CUMPLE",'CRP SINGULAR'!$L$8="NO CUMPLE",'CRP PLURAL (2)'!$L$13="CUMPLE",'CRP PLURAL (2)'!$L$13="NO CUMPLE",'CRP PLURAL (3)'!$L$15="CUMPLE",'CRP PLURAL (3)'!$L$15="NO CUMPLE",'CRP PLURAL (4)'!$L$17="CUMPLE",'CRP PLURAL (4)'!$L$17="NO CUMPLE",'CRP PLURAL (5)'!$L$19="CUMPLE",'CRP PLURAL (5)'!$L$19="NO CUMPLE")=TRUE,VLOOKUP(TRUE,Base!$B$2:$D$6,3,0))) -> CUMPLE | F61: OBSERVACIONES:
A64: *Ver evaluación CRPC en anexo 1
A66: RESULTADO FACTORES HABILITANTES
A68: PROPONENTE CUMPLE CON LA EVALUACIÓN TÉCNICA | E68: EXPERIENCIA | F68: CRP
E69: =IF(E57="","",IF(E57="CUMPLE","HABILITADO","NO HABILITADO")) -> HABILITADO | F69: =IF(E61="","",IF(E61="CUMPLE","HABILITADO","NO HABILITADO")) -> HABILITADO
A71: 3. ASIGNACIÓN DE PUNTAJE ( Los puntajes aquí reflejados solo se darán al proponente si este se encuentra habilitado de acuerdo al capítulo 4. del documeto base)
A76: 1 | B76: FACTOR DE CALIDAD
G78: FORMATO | H78: ACREDITA Si/No | I78: PUNTAJE ASIGNADO | J78: OBSERVACIONES
B79: Presentación de un plan de calidad | G79: 7C | H79: SI | I79: 10
B80: Presentación de Criterio ambiental | G80: 14 A | H80: SI | I80: 15
B81: Presentación de Criterio social | G81: 14 B | H81: SI | I81: 5
I82: =SUM(I79:I81) -> 30
A85: 2 | B85: APOYO A LA INDUSTRIA NACIONAL (en ningún caso otorgará simultáneamente el puntaje por ambos aspectos)
G87: FORMATO | H87: PRESENTA Si/No | I87: PUNTAJE ASIGNADO | J87: OBSERVACIONES
B88: Promoción de Servicios Nacionales o con Trato Nacional | G88: 9A | H88: SI | I88: =IF(H88="","",IF(H88="NO",0,IF(H89="SI","N/A",IF(H88="SI",20,0)))) -> 20
B89: Incorporación de componente nacional en servicios extranjeros | G89: 9 | I89: =IF($H$166="","",IF($H$166="NO",0,IF($H$165="SI","N/A",IF($H$166="NO","",IF($H$166="SI",5,0)))))
A93: 4 | B93: EMPRENDIMIENTOS Y EMPRESAS DE MUJERES
G95: FORMATO | H95: PRESENTA Si/No | I95: PUNTAJE ASIGNADO | J95: OBSERVACIONES
B96: Formato – Acreditación de emprendimientos y empresas de mujeres, el cual deberá aportarse con la documentación requerida en el artículo 2.2.1.2.4.2.14 del Decreto 1082 de 2015, o la norma que lo modifique, complemente o sustituya. | G96: 12-A | H96: SI | I96: =IF(H96="NO",0,IF(H97="NO",0,IF(H107="NO CUMPLE",0,IF(H107="",0,IF(H98="NO",0,IF(H99="NO",0,IF(H104="NO",0,IF(H105="NO",0,IF(OR(AND(H97="SI",H98="SI"),AND(H97="SI",H99="SI"),AND(H99="SI",H101="SI",H102="SI",H103="SI"),AND(H97="SI",H104="SI"),AND(H97="SI",H105="SI"))=TRUE,0.25,0))))))))) -> 0.25 | J96: certificado del contador LUIS FRANCISCOBELTRANHERNANDEZ DEL 23 DE ENERO DE 2026
B97: Acreditación de emprendimientos y empresas de mujeres y aportar la documentación requerida | H97: SI
B98: Cuando más del cincuenta por ciento (50%) de las acciones, partes de interés o cuotas de participación de la persona jurídica pertenezcan a mujeres y los derechos de propiedad hayan pertenecido a estas durante al menos el último año anterior a la fecha de cierre del Proceso de Selección. Esta circunstancia se acreditará mediante certificación expedida por el representante legal y el revisor fiscal, cuando exista de acuerdo con los requerimientos de ley, o el contador, donde conste la distribución de los derechos en la sociedad y el tiempo en el que las mujeres han mantenido su participación.
B99: Cuando por lo menos el cincuenta por ciento (50%) de los empleos del nivel directivo de la persona jurídica sean ejercidos por mujeres y éstas hayan estado vinculadas laboralmente a la empresa durante al menos el último año anterior a la fecha de cierre del Proceso de Selección en el mismo cargo u otro del mismo nivel. Se entenderá como empleos del nivel directivo aquellos cuyas funciones están relacionadas con la dirección de áreas misionales de la empresa y la toma de decisiones a nivel estratégico. En este sentido, serán cargos de nivel directivo los que dentro de la organización de la empresa se encuentran ubicados en un nivel de mando o los que por su jerarquía desempeñan cargos encaminados al cumplimiento de funciones orientadas a representar al empleador. Esta circunstancia se acreditará mediante certificación expedida por el representante legal y el revisor fiscal, cuando exista de acuerdo con los requerimientos de ley, o el contador, donde se señale de manera detallada todas las personas que conforman los cargos de nivel directivo del proponente, el número de mujeres y el tiempo de vinculación. La certificación deberá relacionar el nombre completo y el número de documento de identidad de cada una de las personas que conforman el nivel directivo del proponente. Como soporte, se anexará copia de los respectivos documentos de identidad, copia de los contratos de trabajo o certificación laboral con las funciones, así como el certificado de aportes a seguridad social del último año en el que se demuestren los pagos realizados por el empleador.
B100: CASILLAS DE VERIFICACIÓN
B101: =IF($H$99="SI","Aporta certificación expedida por el representante legal y el revisor fiscal, cuando exista de acuerdo con los requerimientos de ley, o el contador.","")
B102: =IF($H$99="SI","Aporta documento de identidad, copia de contratos de trabajo o certificacón laboral con las funciones","")
B103: =IF($H$99="SI","Aporta ceritificado de aportes a seguridad social del último año","")
B104: Cuando la persona natural sea una mujer y haya ejercido actividades comerciales a través de un establecimiento de comercio durante al menos el último año anterior a la fecha de cierre del proceso de selección. Esta circunstancia se acreditará mediante la copia de cédula de ciudadanía, la cédula de extranjería o el pasaporte, así como la copia del registro mercantil. | H104: SI
B105: Para las asociaciones y cooperativas, cuando más del cincuenta por ciento (50%) de los asociados sean mujeres y la participación haya correspondido a estas durante al menos el último año anterior a la fecha de cierre del Proceso de Selección. Esta circunstancia se acreditará mediante certificación expedida por el representante legal.
B106: Nombre del Integrante del proponente plural | G106: MARIA JOSE HERRERA GUZMAN
B107: Cumple con participación igual o superior al 10 % | H107: CUMPLE
A111: 4. CONSOLIDADO VERIFICACIÓN DE REQUISITOS TECNICOS HABILITANTES Y FACTORES DE CALIFICACION DIFERENTES AL ECONÓMICO
B114: EVALUACIÓN TÉCNICA | G114: =IF($G$115="","",IF(AND(G115="CUMPLE",G116="CUMPLE")=TRUE,"HABILITADO","NO HABILITADO")) -> HABILITADO
B115: 1. EVALUACIÓN EXPERIENCIA | G115: =+$E$57 -> CUMPLE
B116: 2. EVALUACIÓN CRPC - CAPACIDAD RESIDUAL PROCESO DE CONTRATACIÓN | G116: =+$E$61 -> CUMPLE
B117: 3. ASIGNACIÓN DE PUNTAJE
B118: FACTOR DE CALIDAD | G118: =+I82 -> 30
B119: APOYO A LA INDUSTRIA NACIONAL | G119: =SUM($I$88:$I$89) -> 20
B120: EMPRENDIMIENTOS Y EMPRESAS DE MUJERES | G120: =$I$96 -> 0.25
B121: Mipyme (0,25) | G121: 0.25
B122: TOTAL | G122: =IF(G115="","",SUM(G118:G121)) -> 50.5
B123: MULTAS - REDUCIR 2 PUNTOS A LOS PROPONENTES QUE HAYAN TENIDO MULTAS O CLÁUSULAS PENALES EL ÚLTIMO AÑO*
B124: TOTAL PUNTAJE ASIGNADO | G124: =IFERROR(G122-G123,0) -> 50.5
B127: Nota 1. La calificación aquí reflejada se asignará únicamente a los proponentes que resulten habilitados, de manera tal que los puntajes aquí diligenciados son a los que se haría acreedor el proponente en el evento en que se habilite.
E138: SMMLV
E139: 1998 | F139: 203826
E140: 1999 | F140: 236460
E141: 2000 | F141: 260100
E142: 2001 | F142: 286110
E143: 2002 | F143: 309000
E144: 2003 | F144: 332000
E145: 2004 | F145: 358000
...

Sheet CRP SINGULAR
A1: CUMPLE | O1: SI
A2: NO CUMPLE | B2: ANEXO 1- 2. CRP - CAPACIDAD RESIDUAL PROPONENTE | O2: NO
B4: NOMBRE PROPONENTE | G4: % DE PARTICIPACIÓN | H4: INGRESO OPERACIONAL (más alto de los últimos cinco (5) años) | I4: ACTIVO CORRIENTE | J4: PASIVO CORRIENTE | K4: Número de socios y profesionales de la arquitectura, ingeniería y geología vinculados. | M4: SALDO DE LOS CONTRATOS EN EJECUCIÓN
B5: 1 | C5: ='EVALUACIÓN EXPERIENCIA'!$G$3 -> CONSORCIO VENTURA & CO
M6: =+AE70 -> 0
B7: ="TOTAL CRP PROPONENTE: "&$C$5 -> TOTAL CRP PROPONENTE: CONSORCIO VENTURA & CO | L7: =L64 -> 426630400
B8: ="CONDICIÓN DEL PROPONENTE: "&$C$5 -> CONDICIÓN DEL PROPONENTE: CONSORCIO VENTURA & CO | L8: =IF(AND(IF(L66="CUMPLE",TRUE,FALSE),IF(IF(L7<I13,Q26,Q25)="CUMPLE",TRUE,FALSE))=TRUE,"CUMPLE",IF(OR(L66="")=TRUE,"PENDIENTE REVISIÓN","NO CUMPLE")) -> PENDIENTE REVISIÓN
B10: CAPACIDAD RESIDUAL DEL PROCESO
B11: Vr. Presupuesto Oficial ($) | F11: Vr. Anticipo | H11: Plazo Meses | I11: Vr. Capacidad Residual proceso
B12: =+'EVALUACIÓN EXPERIENCIA'!D5 -> 724761029 | F12: =+B12*40% -> 2.8990441e+08 | H12: 3 | I12: =IFERROR(ROUND(((B12-F12)/H12)*12,0),0) -> 1739426470
B13: CAPACIDAD RESIDUAL DEL PROCESO DE CONTRATACIÓN | I13: =SUM(I12:N12) -> 1739426470
B15: ="PROPONENTE: "&$C$5 -> PROPONENTE: CONSORCIO VENTURA & CO
B16: PORCENTAJE DE PARTICIPACIÓN | I16: =$G$5 -> 0
B17: Capacidad Residual Proponente | H17: Factor | N17: P. M.
H18: Experiencia. (- E -) | N18: 120
H19: Capacidad Financiera. (CF) | N19: 40 | T19: IDENTIFICACIÓN DEL PROPONENTE: | V19: =B15 -> PROPONENTE: CONSORCIO VENTURA & CO
H20: Capacidad Técnica. (CT) | N20: 40 | Q20: SMMLV 2024 | T20: FECHA CIERRE | U20: 46132
H21: TOTAL | N21: =SUM(N18:N20) -> 200 | Q21: 1750905
B22: CAPACIDAD DE ORGANIZACIÓN. (CO) | T22: ÍTEMS | U22: CONTRATO No. | V22: FECHA INICIO (DD/MM/AAAA) | W22: FECHA TERMINACIÓN (DD/MM/AAAA) | X22: FECHA SUSPENSIÓN (DD/MM/AA) SI APLICA | Y22: VALOR DEL CONTRATO ( MONEDA LEGAL COLOMBIANA) | Z22: PORCENTAJE (%) DE PARTICIPACIÓN | AA22: VR. FINAL DEL CONTRATO EN EJECUCIÓN | AB22: PLAZO EJECUCIÓN (Días) | AC22: PLAZO EJECUTADO (Días) | AD22: PLAZO POR EJECUTAR (Días) | AE22: SALDO POR EJECUTAR
B23: Información Financiera. (Máximo 5 años anteriores) | I23: Ingresos Operacionales
B24: Ingreso Operacional más alto de los últimos cinco (5) años | I24: =IF($H$5>$R$29,$H$5,$R$29) -> 533288000 | T24: 1 | U24: M1 | AA24: =Y24*Z24 -> 0 | AB24: =DAYS360(V24,W24)+1 -> 1 | AC24: =IF(X24>$R$43,(X24-V24),($U$20-V24)) -> 46132 | AD24: =IF((AB24-AC24)>$P$26,$P$26,(AB24-AC24)) -> -46131 | AE24: =ROUND((AA24/AB24)*AD24,0) -> 0
B25: EXPERIENCIA DEL PROPONENTE (-E-) | P25: DÍAS | Q25: CUMPLE | R25: MESES | T25: =T24+1 -> 2 | U25: M2 | AA25: =Y25*Z25 -> 0 | AB25: =DAYS360(V25,W25)+1 -> 1 | AC25: =IF(X25>$R$43,(X25-V25),($U$20-V25)) -> 46132 | AD25: =IF((AB25-AC25)>$P$26,$P$26,(AB25-AC25)) -> -46131 | AE25: =ROUND((AA25/AB25)*AD25,0) -> 0
B26: Relación de contratos RUP en SMML | P26: 360 | Q26: NO CUMPLE | R26: 12 | T26: =T25+1 -> 3 | U26: M3 | AA26: =Y26*Z26 -> 0 | AB26: =DAYS360(V26,W26)+1 -> 1 | AC26: =IF(X26>$R$43,(X26-V26),($U$20-V26)) -> 46132 | AD26: =IF((AB26-AC26)>$P$26,$P$26,(AB26-AC26)) -> -46131 | AE26: =ROUND((AA26/AB26)*AD26,0) -> 0
B27: No | C27: Valor Contrato | D27: No | E27: Valor Contrato | F27: No | G27: Valor Contrato | H27: No | I27: Valor Contrato | J27: No | K27: Valor Contrato | L27: No | M27: Valor Contrato | N27: Segmento 72 "Servicios de Edificación, Construcción de Instalaciones y Mantenimiento" | T27: =T26+1 -> 4 | U27: M4 | AA27: =Y27*Z27 -> 0 | AB27: =DAYS360(V27,W27)+1 -> 1 | AC27: =IF(X27>$R$43,(X27-V27)+1,($U$20-V27)+1) -> 46133 | AD27: =IF((AB27-AC27)>$P$26,$P$26,(AB27-AC27)) -> -46132 | AE27: =ROUND((AA27/AB27)*AD27,0) -> 0
B28: 1 | D28: 22 | F28: 43 | H28: 64 | J28: 85 | L28: 106 | P28: INGRESOS MIN US$ | Q28: TRM VIGENTE | R28: INGRESOS OP. MIN | T28: =T27+1 -> 5 | U28: M5 | AA28: =Y28*Z28 -> 0 | AB28: =DAYS360(V28,W28)+1 -> 1 | AC28: =IF(X28>$R$43,(X28-V28)+1,($U$20-V28)+1) -> 46133 | AD28: =IF((AB28-AC28)>$P$26,$P$26,(AB28-AC28)) -> -46132 | AE28: =ROUND((AA28/AB28)*AD28,0) -> 0
B29: =+B28+1 -> 2 | D29: =+D28+1 -> 23 | F29: =+F28+1 -> 44 | H29: =+H28+1 -> 65 | J29: =+J28+1 -> 86 | L29: =+L28+1 -> 107 | P29: 125000 | Q29: =533287768/P29 -> 4266.3021 | R29: =ROUNDUP(P29*Q29,-3) -> 533288000 | T29: =T28+1 -> 6 | U29: M6 | AA29: =Y29*Z29 -> 0 | AB29: =DAYS360(V29,W29)+1 -> 1 | AC29: =IF(X29>$R$43,(X29-V29)+1,($U$20-V29)+1) -> 46133 | AD29: =IF((AB29-AC29)>$P$26,$P$26,(AB29-AC29)) -> -46132 | AE29: =ROUND((AA29/AB29)*AD29,0) -> 0
B30: =+B29+1 -> 3 | D30: =+D29+1 -> 24 | F30: =+F29+1 -> 45 | H30: =+H29+1 -> 66 | J30: =+J29+1 -> 87 | L30: =+L29+1 -> 108 | Q30: UMBRAL PYMES 2023 - 2024 COLOMBIA COMPRA | T30: =T29+1 -> 7 | U30: M7 | AA30: =Y30*Z30 -> 0 | AB30: =DAYS360(V30,W30)+1 -> 1 | AC30: =IF(X30>$R$43,(X30-V30)+1,($U$20-V30)+1) -> 46133 | AD30: =IF((AB30-AC30)>$P$26,$P$26,(AB30-AC30)) -> -46132 | AE30: =ROUND((AA30/AB30)*AD30,0) -> 0
B31: =+B30+1 -> 4 | D31: =+D30+1 -> 25 | F31: =+F30+1 -> 46 | H31: =+H30+1 -> 67 | J31: =+J30+1 -> 88 | L31: =+L30+1 -> 109 | P31: Experiencia veces | R31: puntaje | T31: =T30+1 -> 8 | U31: M8 | AA31: =Y31*Z31 -> 0 | AB31: =DAYS360(V31,W31)+1 -> 1 | AC31: =IF(X31>$R$43,(X31-V31)+1,($U$20-V31)+1) -> 46133 | AD31: =IF((AB31-AC31)>$P$26,$P$26,(AB31-AC31)) -> -46132 | AE31: =ROUND((AA31/AB31)*AD31,0) -> 0
B32: =+B31+1 -> 5 | D32: =+D31+1 -> 26 | F32: =+F31+1 -> 47 | H32: =+H31+1 -> 68 | J32: =+J31+1 -> 89 | L32: =+L31+1 -> 110 | P32: 0 | Q32: 3 | R32: 60 | T32: =T31+1 -> 9 | U32: M9 | AA32: =Y32*Z32 -> 0 | AB32: =DAYS360(V32,W32)+1 -> 1 | AC32: =IF(X32>$R$43,(X32-V32)+1,($U$20-V32)+1) -> 46133 | AD32: =IF((AB32-AC32)>$P$26,$P$26,(AB32-AC32)) -> -46132 | AE32: =ROUND((AA32/AB32)*AD32,0) -> 0
B33: =+B32+1 -> 6 | D33: =+D32+1 -> 27 | F33: =+F32+1 -> 48 | H33: =+H32+1 -> 69 | J33: =+J32+1 -> 90 | L33: =+L32+1 -> 111 | P33: 3 | Q33: 6 | R33: 80 | T33: =T32+1 -> 10 | U33: M10 | AA33: =Y33*Z33 -> 0 | AB33: =DAYS360(V33,W33)+1 -> 1 | AC33: =IF(X33>$R$43,(X33-V33)+1,($U$20-V33)+1) -> 46133 | AD33: =IF((AB33-AC33)>$P$26,$P$26,(AB33-AC33)) -> -46132 | AE33: =ROUND((AA33/AB33)*AD33,0) -> 0
B34: =+B33+1 -> 7 | D34: =+D33+1 -> 28 | F34: =+F33+1 -> 49 | H34: =+H33+1 -> 70 | J34: =+J33+1 -> 91 | L34: =+L33+1 -> 112 | P34: 6 | Q34: 10 | R34: 100 | T34: =T33+1 -> 11 | U34: M11 | AA34: =Y34*Z34 -> 0 | AB34: =DAYS360(V34,W34)+1 -> 1 | AC34: =IF(X34>$R$43,(X34-V34)+1,($U$20-V34)+1) -> 46133 | AD34: =IF((AB34-AC34)>$P$26,$P$26,(AB34-AC34)) -> -46132 | AE34: =ROUND((AA34/AB34)*AD34,0) -> 0
B35: =+B34+1 -> 8 | D35: =+D34+1 -> 29 | F35: =+F34+1 -> 50 | H35: =+H34+1 -> 71 | J35: =+J34+1 -> 92 | L35: =+L34+1 -> 113 | P35: 10 | R35: 120 | T35: =T34+1 -> 12 | U35: M12 | AA35: =Y35*Z35 -> 0 | AB35: =DAYS360(V35,W35)+1 -> 1 | AC35: =IF(X35>$R$43,(X35-V35)+1,($U$20-V35)+1) -> 46133 | AD35: =IF((AB35-AC35)>$P$26,$P$26,(AB35-AC35)) -> -46132 | AE35: =ROUND((AA35/AB35)*AD35,0) -> 0
B36: =+B35+1 -> 9 | D36: =+D35+1 -> 30 | F36: =+F35+1 -> 51 | H36: =+H35+1 -> 72 | J36: =+J35+1 -> 93 | L36: =+L35+1 -> 114 | P36: Índice liquidez | R36: puntaje | T36: =T35+1 -> 13 | U36: M13 | AA36: =Y36*Z36 -> 0 | AB36: =DAYS360(V36,W36)+1 -> 1 | AC36: =IF(X36>$R$43,(X36-V36)+1,($U$20-V36)+1) -> 46133 | AD36: =IF((AB36-AC36)>$P$26,$P$26,(AB36-AC36)) -> -46132 | AE36: =ROUND((AA36/AB36)*AD36,0) -> 0
B37: =+B36+1 -> 10 | D37: =+D36+1 -> 31 | F37: =+F36+1 -> 52 | H37: =+H36+1 -> 73 | J37: =+J36+1 -> 94 | L37: =+L36+1 -> 115 | P37: 0 | Q37: 0.5 | R37: 20 | T37: =T36+1 -> 14 | U37: M14 | AA37: =Y37*Z37 -> 0 | AB37: =DAYS360(V37,W37)+1 -> 1 | AC37: =IF(X37>$R$43,(X37-V37)+1,($U$20-V37)+1) -> 46133 | AD37: =IF((AB37-AC37)>$P$26,$P$26,(AB37-AC37)) -> -46132 | AE37: =ROUND((AA37/AB37)*AD37,0) -> 0
B38: =+B37+1 -> 11 | D38: =+D37+1 -> 32 | F38: =+F37+1 -> 53 | H38: =+H37+1 -> 74 | J38: =+J37+1 -> 95 | L38: =+L37+1 -> 116 | P38: 0.5 | Q38: 0.75 | R38: 25 | T38: =T37+1 -> 15 | U38: M15 | AA38: =Y38*Z38 -> 0 | AB38: =DAYS360(V38,W38)+1 -> 1 | AC38: =IF(X38>$R$43,(X38-V38)+1,($U$20-V38)+1) -> 46133 | AD38: =IF((AB38-AC38)>$P$26,$P$26,(AB38-AC38)) -> -46132 | AE38: =ROUND((AA38/AB38)*AD38,0) -> 0
B39: =+B38+1 -> 12 | D39: =+D38+1 -> 33 | F39: =+F38+1 -> 54 | H39: =+H38+1 -> 75 | J39: =+J38+1 -> 96 | L39: =+L38+1 -> 117 | P39: 0.75 | Q39: 1 | R39: 30 | T39: =T38+1 -> 16 | U39: M16 | AA39: =Y39*Z39 -> 0 | AB39: =DAYS360(V39,W39)+1 -> 1 | AC39: =IF(X39>$R$43,(X39-V39)+1,($U$20-V39)+1) -> 46133 | AD39: =IF((AB39-AC39)>$P$26,$P$26,(AB39-AC39)) -> -46132 | AE39: =ROUND((AA39/AB39)*AD39,0) -> 0
B40: =+B39+1 -> 13 | D40: =+D39+1 -> 34 | F40: =+F39+1 -> 55 | H40: =+H39+1 -> 76 | J40: =+J39+1 -> 97 | L40: =+L39+1 -> 118 | P40: 1 | Q40: 1.5 | R40: 35 | T40: =T39+1 -> 17 | U40: M17 | AA40: =Y40*Z40 -> 0 | AB40: =DAYS360(V40,W40)+1 -> 1 | AC40: =IF(X40>$R$43,(X40-V40)+1,($U$20-V40)+1) -> 46133 | AD40: =IF((AB40-AC40)>$P$26,$P$26,(AB40-AC40)) -> -46132 | AE40: =ROUND((AA40/AB40)*AD40,0) -> 0
B41: =+B40+1 -> 14 | D41: =+D40+1 -> 35 | F41: =+F40+1 -> 56 | H41: =+H40+1 -> 77 | J41: =+J40+1 -> 98 | L41: =+L40+1 -> 119 | P41: 1.5 | R41: 40 | T41: =T40+1 -> 18 | U41: M18 | AA41: =Y41*Z41 -> 0 | AB41: =DAYS360(V41,W41)+1 -> 1 | AC41: =IF(X41>$R$43,(X41-V41)+1,($U$20-V41)+1) -> 46133 | AD41: =IF((AB41-AC41)>$P$26,$P$26,(AB41-AC41)) -> -46132 | AE41: =ROUND((AA41/AB41)*AD41,0) -> 0
B42: =+B41+1 -> 15 | D42: =+D41+1 -> 36 | F42: =+F41+1 -> 57 | H42: =+H41+1 -> 78 | J42: =+J41+1 -> 99 | L42: =+L41+1 -> 120 | P42: Socios y Profesionales | R42: puntaje | T42: =T41+1 -> 19 | U42: M19 | AA42: =Y42*Z42 -> 0 | AB42: =DAYS360(V42,W42)+1 -> 1 | AC42: =IF(X42>$R$43,(X42-V42)+1,($U$20-V42)+1) -> 46133 | AD42: =IF((AB42-AC42)>$P$26,$P$26,(AB42-AC42)) -> -46132 | AE42: =ROUND((AA42/AB42)*AD42,0) -> 0
B43: =+B42+1 -> 16 | D43: =+D42+1 -> 37 | F43: =+F42+1 -> 58 | H43: =+H42+1 -> 79 | J43: =+J42+1 -> 100 | L43: =+L42+1 -> 121 | R43: 0 | T43: =T42+1 -> 20 | U43: M20 | AA43: =Y43*Z43 -> 0 | AB43: =DAYS360(V43,W43)+1 -> 1 | AC43: =IF(X43>$R$43,(X43-V43)+1,($U$20-V43)+1) -> 46133 | AD43: =IF((AB43-AC43)>$P$26,$P$26,(AB43-AC43)) -> -46132 | AE43: =ROUND((AA43/AB43)*AD43,0) -> 0
B44: =+B43+1 -> 17 | D44: =+D43+1 -> 38 | F44: =+F43+1 -> 59 | H44: =+H43+1 -> 80 | J44: =+J43+1 -> 101 | L44: =+L43+1 -> 122 | P44: 0 | Q44: 5 | R44: 20 | T44: =T43+1 -> 21 | U44: M21 | AA44: =Y44*Z44 -> 0 | AB44: =DAYS360(V44,W44)+1 -> 1 | AC44: =IF(X44>$R$43,(X44-V44)+1,($U$20-V44)+1) -> 46133 | AD44: =IF((AB44-AC44)>$P$26,$P$26,(AB44-AC44)) -> -46132 | AE44: =ROUND((AA44/AB44)*AD44,0) -> 0
B45: =+B44+1 -> 18 | D45: =+D44+1 -> 39 | F45: =+F44+1 -> 60 | H45: =+H44+1 -> 81 | J45: =+J44+1 -> 102 | L45: =+L44+1 -> 123 | P45: 5 | Q45: 10 | R45: 30 | T45: =T44+1 -> 22 | U45: M22 | AA45: =Y45*Z45 -> 0 | AB45: =DAYS360(V45,W45)+1 -> 1 | AC45: =IF(X45>$R$43,(X45-V45)+1,($U$20-V45)+1) -> 46133 | AD45: =IF((AB45-AC45)>$P$26,$P$26,(AB45-AC45)) -> -46132 | AE45: =ROUND((AA45/AB45)*AD45,0) -> 0
B46: =+B45+1 -> 19 | D46: =+D45+1 -> 40 | F46: =+F45+1 -> 61 | H46: =+H45+1 -> 82 | J46: =+J45+1 -> 103 | L46: =+L45+1 -> 124 | P46: 10 | R46: 40 | T46: =T45+1 -> 23 | U46: M23 | AA46: =Y46*Z46 -> 0 | AB46: =DAYS360(V46,W46)+1 -> 1 | AC46: =IF(X46>$R$43,(X46-V46)+1,($U$20-V46)+1) -> 46133 | AD46: =IF((AB46-AC46)>$P$26,$P$26,(AB46-AC46)) -> -46132 | AE46: =ROUND((AA46/AB46)*AD46,0) -> 0
B47: =+B46+1 -> 20 | D47: =+D46+1 -> 41 | F47: =+F46+1 -> 62 | H47: =+H46+1 -> 83 | J47: =+J46+1 -> 104 | L47: =+L46+1 -> 125
B48: =+B47+1 -> 21 | D48: =+D47+1 -> 42 | F48: =+F47+1 -> 63 | H48: =+H47+1 -> 84 | J48: =+J47+1 -> 105 | L48: =+L47+1 -> 126 | T48: =T46+1 -> 24 | U48: M24 | AA48: =Y48*Z48 -> 0 | AB48: =DAYS360(V48,W48)+1 -> 1 | AC48: =IF(X48>$R$43,(X48-V48)+1,($U$20-V48)+1) -> 46133 | AD48: =IF((AB48-AC48)>$P$26,$P$26,(AB48-AC48)) -> -46132 | AE48: =ROUND((AA48/AB48)*AD48,0) -> 0
B49: Valor total Contratos RUP (SMML) | J49: =SUM(C28:C48,G28:G48,K28:K48,E28:E48,I28:I48,K28:K48,M28:M48) -> 0 | T49: =T48+1 -> 25 | U49: M25 | AA49: =Y49*Z49 -> 0 | AB49: =DAYS360(V49,W49)+1 -> 1 | AC49: =IF(X49>$R$43,(X49-V49)+1,($U$20-V49)+1) -> 46133 | AD49: =IF((AB49-AC49)>$P$26,$P$26,(AB49-AC49)) -> -46132 | AE49: =ROUND((AA49/AB49)*AD49,0) -> 0
B50: Valor Total Contratos RUP ($) | J50: =$J$49*$Q$21 -> 0 | T50: =T49+1 -> 26 | U50: M26 | AA50: =Y50*Z50 -> 0 | AB50: =DAYS360(V50,W50)+1 -> 1 | AC50: =IF(X50>$R$43,(X50-V50)+1,($U$20-V50)+1) -> 46133 | AD50: =IF((AB50-AC50)>$P$26,$P$26,(AB50-AC50)) -> -46132 | AE50: =ROUND((AA50/AB50)*AD50,0) -> 0
B51: Valor experiencia = (Valor Contratos RUP/Ppto Oficial) | J51: =IFERROR($J$50/(($B$12)*I16),0) -> 0 | T51: =T50+1 -> 27 | U51: M27 | AA51: =Y51*Z51 -> 0 | AB51: =DAYS360(V51,W51)+1 -> 1 | AC51: =IF(X51>$R$43,(X51-V51)+1,($U$20-V51)+1) -> 46133 | AD51: =IF((AB51-AC51)>$P$26,$P$26,(AB51-AC51)) -> -46132 | AE51: =ROUND((AA51/AB51)*AD51,0) -> 0
B52: PUNTAJE EXPERIENCIA | L52: =IF(J51>P35,R35,IF(J51>P34,R34,IF(J51>P33,R33,R32))) -> 60 | T52: =T51+1 -> 28 | U52: M28 | AA52: =Y52*Z52 -> 0 | AB52: =DAYS360(V52,W52)+1 -> 1 | AC52: =IF(X52>$R$43,(X52-V52)+1,($U$20-V52)+1) -> 46133 | AD52: =IF((AB52-AC52)>$P$26,$P$26,(AB52-AC52)) -> -46132 | AE52: =ROUND((AA52/AB52)*AD52,0) -> 0
B53: CAPACIDAD FINANCIERA (CF) | T53: =T52+1 -> 29 | U53: M29 | AA53: =Y53*Z53 -> 0 | AB53: =DAYS360(V53,W53)+1 -> 1 | AC53: =IF(X53>$R$43,(X53-V53)+1,($U$20-V53)+1) -> 46133 | AD53: =IF((AB53-AC53)>$P$26,$P$26,(AB53-AC53)) -> -46132 | AE53: =ROUND((AA53/AB53)*AD53,0) -> 0
H54: Activo Corriente último año | L54: =$I$5 -> 0 | T54: =T53+1 -> 30 | U54: M30 | AA54: =Y54*Z54 -> 0 | AB54: =DAYS360(V54,W54)+1 -> 1 | AC54: =IF(X54>$R$43,(X54-V54)+1,($U$20-V54)+1) -> 46133 | AD54: =IF((AB54-AC54)>$P$26,$P$26,(AB54-AC54)) -> -46132 | AE54: =ROUND((AA54/AB54)*AD54,0) -> 0
H55: Pasivo Corriente último año | L55: =$J$5 -> 0 | T55: =T54+1 -> 31 | U55: M31 | AA55: =Y55*Z55 -> 0 | AB55: =DAYS360(V55,W55)+1 -> 1 | AC55: =IF(X55>$R$43,(X55-V55)+1,($U$20-V55)+1) -> 46133 | AD55: =IF((AB55-AC55)>$P$26,$P$26,(AB55-AC55)) -> -46132 | AE55: =ROUND((AA55/AB55)*AD55,0) -> 0
H56: Índice de liquidez | L56: =IFERROR(ROUND(L54/L55,2),0) -> 0 | T56: =T55+1 -> 32 | U56: M32 | AA56: =Y56*Z56 -> 0 | AB56: =DAYS360(V56,W56)+1 -> 1 | AC56: =IF(X56>$R$43,(X56-V56)+1,($U$20-V56)+1) -> 46133 | AD56: =IF((AB56-AC56)>$P$26,$P$26,(AB56-AC56)) -> -46132 | AE56: =ROUND((AA56/AB56)*AD56,0) -> 0
B57: PUNTAJE CAPACIDAD FINANCIERA | L57: =IF(L56>P41,R41,IF(L56>P40,R40,IF(L56>P39,R39,IF(L56>P38,R38,R37)))) -> 20 | T57: =T56+1 -> 33 | U57: M33 | AA57: =Y57*Z57 -> 0 | AB57: =DAYS360(V57,W57)+1 -> 1 | AC57: =IF(X57>$R$43,(X57-V57)+1,($U$20-V57)+1) -> 46133 | AD57: =IF((AB57-AC57)>$P$26,$P$26,(AB57-AC57)) -> -46132 | AE57: =ROUND((AA57/AB57)*AD57,0) -> 0
B58: CAPACIDAD TÉCNICA (CT) | T58: =T57+1 -> 34 | U58: M34 | AA58: =Y58*Z58 -> 0 | AB58: =DAYS360(V58,W58)+1 -> 1 | AC58: =IF(X58>$R$43,(X58-V58)+1,($U$20-V58)+1) -> 46133 | AD58: =IF((AB58-AC58)>$P$26,$P$26,(AB58-AC58)) -> -46132 | AE58: =ROUND((AA58/AB58)*AD58,0) -> 0
B59: Número de socios y profesionales de la arquitectura, ingeniería y geología vinculados. | M59: =$K$5 -> 0 | T59: =T58+1 -> 35 | U59: M35 | AA59: =Y59*Z59 -> 0 | AB59: =DAYS360(V59,W59)+1 -> 1 | AC59: =IF(X59>$R$43,(X59-V59)+1,($U$20-V59)+1) -> 46133 | AD59: =IF((AB59-AC59)>$P$26,$P$26,(AB59-AC59)) -> -46132 | AE59: =ROUND((AA59/AB59)*AD59,0) -> 0
B60: PUNTAJE CAPACIDAD TÉCNICA | L60: =IF(M59>P46,R46,IF(M59>P45,R45,IF(M59>P44,R44,R43))) -> 0 | T60: =T59+1 -> 36 | U60: M36 | AA60: =Y60*Z60 -> 0 | AB60: =DAYS360(V60,W60)+1 -> 1 | AC60: =IF(X60>$R$43,(X60-V60)+1,($U$20-V60)+1) -> 46133 | AD60: =IF((AB60-AC60)>$P$26,$P$26,(AB60-AC60)) -> -46132 | AE60: =ROUND((AA60/AB60)*AD60,0) -> 0
T61: =T60+1 -> 37 | U61: M37 | AA61: =Y61*Z61 -> 0 | AB61: =DAYS360(V61,W61)+1 -> 1 | AC61: =IF(X61>$R$43,(X61-V61)+1,($U$20-V61)+1) -> 46133 | AD61: =IF((AB61-AC61)>$P$26,$P$26,(AB61-AC61)) -> -46132 | AE61: =ROUND((AA61/AB61)*AD61,0) -> 0
B62: ="CAPACIDAD DE CONTRATACIÓN INTEGRANTE 1: "&$F$15 -> CAPACIDAD DE CONTRATACIÓN INTEGRANTE 1: | L62: =I24*((L52+L57+L60)/100) -> 426630400 | T62: =T61+1 -> 38 | U62: M38 | AA62: =Y62*Z62 -> 0 | AB62: =DAYS360(V62,W62)+1 -> 1 | AC62: =IF(X62>$R$43,(X62-V62)+1,($U$20-V62)+1) -> 46133 | AD62: =IF((AB62-AC62)>$P$26,$P$26,(AB62-AC62)) -> -46132 | AE62: =ROUND((AA62/AB62)*AD62,0) -> 0
B63: ="SALDO DE LOS CONTRATOS EN EJECUCIÓN INTEGRANTE 1: "&$F$15 -> SALDO DE LOS CONTRATOS EN EJECUCIÓN INTEGRANTE 1: | L63: =$M$5 -> 0 | T63: =T62+1 -> 39 | U63: M39 | AA63: =Y63*Z63 -> 0 | AB63: =DAYS360(V63,W63)+1 -> 1 | AC63: =IF(X63>$R$43,(X63-V63)+1,($U$20-V63)+1) -> 46133 | AD63: =IF((AB63-AC63)>$P$26,$P$26,(AB63-AC63)) -> -46132 | AE63: =ROUND((AA63/AB63)*AD63,0) -> 0
B64: ="CAPACIDAD RESIDUAL DE CONTRATACIÓN INTEGRANTE 1: "&$F$15 -> CAPACIDAD RESIDUAL DE CONTRATACIÓN INTEGRANTE 1: | L64: =L62-L63 -> 426630400 | T64: =T63+1 -> 40 | U64: M40 | AA64: =Y64*Z64 -> 0 | AB64: =DAYS360(V64,W64)+1 -> 1 | AC64: =IF(X64>$R$43,(X64-V64)+1,($U$20-V64)+1) -> 46133 | AD64: =IF((AB64-AC64)>$P$26,$P$26,(AB64-AC64)) -> -46132 | AE64: =ROUND((AA64/AB64)*AD64,0) -> 0
T65: =T64+1 -> 41 | U65: M41 | AA65: =Y65*Z65 -> 0 | AB65: =DAYS360(V65,W65)+1 -> 1 | AC65: =IF(X65>$R$43,(X65-V65)+1,($U$20-V65)+1) -> 46133 | AD65: =IF((AB65-AC65)>$P$26,$P$26,(AB65-AC65)) -> -46132 | AE65: =ROUND((AA65/AB65)*AD65,0) -> 0
B66: ="INTEGRANTE 1: "&$C$5&" PRESENTA ESTADOS FINANCIEROS DICTAMINADOS" -> INTEGRANTE 1: CONSORCIO VENTURA & CO PRESENTA ESTADOS FINANCIEROS DICTAMINADOS | L66: =IF(L67="","",IF(L68="","",IF(AND(L67="si",L68="si")=TRUE,"CUMPLE","NO CUMPLE"))) | T66: =T65+1 -> 42 | U66: M42 | AA66: =Y66*Z66 -> 0 | AB66: =DAYS360(V66,W66)+1 -> 1 | AC66: =IF(X66>$R$43,(X66-V66)+1,($U$20-V66)+1) -> 46133 | AD66: =IF((AB66-AC66)>$P$26,$P$26,(AB66-AC66)) -> -46132 | AE66: =ROUND((AA66/AB66)*AD66,0) -> 0
B67: Aporta Estado de resultados integral (estado de resultado o pérdida o ganancias), del año en que hayan obtenido el mayor ingreso operacional en los últimos cinco (5) años, debidamente firmado por el representante legal y el contador bajo cuya responsabilidad se han preparado y por el revisor fiscal o, en caso de no haberlo, por no estar obligado a tenerlo, por contador público independiente, acompañados de su dictamen u opinión de conformidad con el artículo 38 de la Ley 222 de 1995
B68: Aporta copia de la tarjeta profesional y certificado de antecedentes disciplinarios vigentes de los contadores públicos, revisores fiscales, contadores independientes (externos), quienes suscribieron los documentos señalados en el anterior punto
T69: =T66+1 -> 43 | U69: M43 | AA69: =Y69*Z69 -> 0 | AB69: =DAYS360(V69,W69)+1 -> 1 | AC69: =IF(X69>$R$43,(X69-V69)+1,($U$20-V69)+1) -> 46133 | AD69: =IF((AB69-AC69)>$P$26,$P$26,(AB69-AC69)) -> -46132 | AE69: =ROUND((AA69/AB69)*AD69,0) -> 0
B70: OBSERVACIONES: | Z70: SALDO POR EJECUTAR DE LOS CONTRATOS EN EJECUCIÓN | AE70: =SUM(AE24:AE69) -> 0
R71: PLAZO | T71: =#REF!+1 -> #REF! | U71: M43 | W71: =#REF! -> #REF! | Y71: 0 | Z71: 1 | AA71: =Y71*Z71 -> 0 | AB71: =DAYS360(V71,W71)+1 -> #REF! | AC71: =IF(X71>$R$43,(X71-V71)+1,($U$20-V71)+1) -> 46133 | AD71: =IF((AB71-AC71)>$P$26,$P$26,(AB71-AC71)) -> #REF! | AE71: =ROUND((AA71/AB71)*AD71,0) -> #REF!
P72: GRUPO 1. SALUD MENTAL | R72: 16 | Z72: SALDO POR EJECUTAR DE LOS CONTRATOS EN EJECUCIÓN | AE72: =SUM(AE71:AE71) -> #REF!
P73: GRUPO 3. JARDÍN INFANTIL | R73: 15
P74: GRUPO 4. CUNDIFARMA | R74: 19
P75: GRUPO 5. INMUNOLÓGICO | R75: 17
P76: GRUPO 6. CAPILLA CONVENTO | R76: 19
P77: GRUPO 7. SAN JORGE | R77: 19

Sheet CRP PLURAL (2)
A1: CUMPLE | O1: SI
A2: NO CUMPLE | B2: ANEXO 1- 2. CRP - CAPACIDAD RESIDUAL PROPONENTE | O2: NO
B4: NOMBRE DEL PROPONENTE | F4: ='EVALUACIÓN EXPERIENCIA'!$G$3 -> CONSORCIO VENTURA & CO
B5: INTEGRANTES
B6: NOMBRE INTEGRANTES | G6: % DE PARTICIPACIÓN | H6: INGRESO OPERACIONAL (más alto de los últimos cinco (5) años) | I6: ACTIVO CORRIENTE | J6: PASIVO CORRIENTE | K6: Número de socios y profesionales de la arquitectura, ingeniería y geología vinculados. | M6: SALDO DE LOS CONTRATOS EN EJECUCIÓN
B7: 1 | C7: ='EVALUACIÓN EXPERIENCIA'!$A$29 -> MARIA JOSE HERRERA GUZMAN | G7: ='EVALUACIÓN EXPERIENCIA'!$H$29 -> 0.5 | H7: 2478729241 | I7: 1807490596 | J7: 465993517 | K7: 6 | M7: =427.08+5669509.33 -> 5669936.4
B8: 2 | C8: ='EVALUACIÓN EXPERIENCIA'!$A$30 -> VENTURA & CO. SAS | G8: ='EVALUACIÓN EXPERIENCIA'!$H$30 -> 0.5 | H8: 1853045600 | I8: 1853045600 | J8: 926522800 | K8: 2 | M8: 0
B10: ="CRP INTEGRANTE 1: "&$C$7 -> CRP INTEGRANTE 1: MARIA JOSE HERRERA GUZMAN | L10: =L69 -> 4.7039156e+09
B11: ="CRP INTEGRANTE 2: "&$C$8 -> CRP INTEGRANTE 2: VENTURA & CO. SAS | L11: =L120 -> 3335482080
B12: ="TOTAL CRP PROPONENTE: "&$F$4 -> TOTAL CRP PROPONENTE: CONSORCIO VENTURA & CO | L12: =SUM(L10:N11) -> 8.0393977e+09
B13: ="CONDICIÓN DEL PROPONENTE: "&$F$4 -> CONDICIÓN DEL PROPONENTE: CONSORCIO VENTURA & CO | L13: =IF(AND(IF(L122="CUMPLE",TRUE,FALSE),IF(L125="CUMPLE",TRUE,FALSE),IF(IF(L12<I18,Q28,Q27)="CUMPLE",TRUE,FALSE))=TRUE,"CUMPLE",IF(OR(L122="",L125="")=TRUE,"PENDIENTE REVISIÓN","NO CUMPLE")) -> CUMPLE
B15: CAPACIDAD RESIDUAL DEL PROCESO
B16: Vr. Presupuesto Oficial ($) | F16: Vr. Anticipo | H16: Plazo Meses | I16: Vr. Capacidad Residual proceso
B17: =+'EVALUACIÓN EXPERIENCIA'!D5 -> 724761029 | F17: =+B17*25% -> 1.8119026e+08 | H17: 3 | I17: =IFERROR(ROUND(((B17-F17)/H17)*12,0),0) -> 2174283087
B18: CAPACIDAD RESIDUAL DEL PROCESO DE CONTRATACIÓN | I18: =SUM(I17:N17) -> 2174283087
B20: ="INTEGRANTE 1: "&$C$7 -> INTEGRANTE 1: MARIA JOSE HERRERA GUZMAN
B21: PORCENTAJE DE PARTICIPACIÓN | I21: =$G$7 -> 0.5 | T21: IDENTIFICACIÓN DEL PROPONENTE: | V21: =B20 -> INTEGRANTE 1: MARIA JOSE HERRERA GUZMAN
B22: Capacidad Residual Proponente | H22: Factor | N22: P. M. | Q22: SMMLV 2025 | T22: FECHA CIERRE | U22: 45614
H23: Experiencia. (- E -) | N23: 120 | Q23: 1750905
H24: Capacidad Financiera. (CF) | N24: 40 | T24: ÍTEMS | U24: CONTRATO No. | V24: FECHA INICIO (DD/MM/AAAA) | W24: FECHA TERMINACIÓN (DD/MM/AAAA) | X24: FECHA SUSPENSIÓN (DD/MM/AA) SI APLICA | Y24: VALOR DEL CONTRATO ( MONEDA LEGAL COLOMBIANA) | Z24: PORCENTAJE (%) DE PARTICIPACIÓN | AA24: VR. FINAL DEL CONTRATO EN EJECUCIÓN | AB24: PLAZO EJECUCIÓN (Días) | AC24: PLAZO EJECUTADO (Días) | AD24: PLAZO POR EJECUTAR (Días) | AE24: SALDO POR EJECUTAR
H25: Capacidad Técnica. (CT) | N25: 40
H26: TOTAL | N26: =SUM(N23:N25) -> 200 | T26: 1 | U26: M1 | V26: 44995 | W26: 45545 | X26: 45475 | Y26: =2195389085 -> 2195389085 | Z26: 0.9 | AA26: =Y26*Z26 -> 1.9758502e+09 | AB26: =DAYS360(V26,W26) -> 540 | AC26: =IF(X26>$R$45,(X26-V26),($U$22-V26)) -> 480 | AD26: =IF((AB26-AC26)>$P$28,$P$28,(AB26-AC26)) -> 60 | AE26: =ROUND((AA26/AB26)*AD26,0) -> 219538909
B27: CAPACIDAD DE ORGANIZACIÓN. (CO) | P27: DÍAS | Q27: CUMPLE | R27: MESES | T27: =T26+1 -> 2 | U27: M2 | V27: 45229 | W27: =U22+81 -> 45695 | Y27: 5625559703 | Z27: 1 | AA27: =Y27*Z27 -> 5625559703 | AB27: =DAYS360(V27,W27) -> 457 | AC27: =IF(X27>$R$45,(X27-V27),($U$22-V27)) -> 385 | AD27: =IF((AB27-AC27)>$P$28,$P$28,(AB27-AC27)) -> 72 | AE27: 886496604
B28: Información Financiera. (Máximo 5 años anteriores) | I28: Ingresos Operacionales | P28: 360 | Q28: NO CUMPLE | R28: 12 | T28: =T27+1 -> 3 | U28: M3 | V28: 45245 | W28: 45762 | Y28: 9.3784714e+09 | Z28: 0.7 | AA28: =Y28*Z28 -> 6.56493e+09 | AB28: =DAYS360(V28,W28) -> 510 | AC28: =IF(X28>$R$45,(X28-V28),($U$22-V28)) -> 369 | AD28: =IF((AB28-AC28)>$P$28,$P$28,(AB28-AC28)) -> 141 | AE28: =ROUND((AA28/AB28)*AD28,0) -> 1815010047
B29: Ingreso Operacional más alto de los últimos cinco (5) años | I29: =IF($H$7>$R$31,$H$7,$R$31) -> 2478729241 | T29: =T28+1 -> 4 | U29: M4 | W29: =W28 -> 45762 | Y29: 0 | Z29: 1 | AA29: =Y29*Z29 -> 0 | AB29: =DAYS360(V29,W29)+1 -> 45106 | AC29: =IF(X29>$R$45,(X29-V29)+1,($U$22-V29)+1) -> 45615 | AD29: =IF((AB29-AC29)>$P$28,$P$28,(AB29-AC29)) -> -509 | AE29: =ROUND((AA29/AB29)*AD29,0) -> 0
B30: EXPERIENCIA DEL PROPONENTE (-E-) | P30: INGRESOS MIN US$ | Q30: TRM VIGENTE | R30: INGRESOS OP. MIN | T30: =T29+1 -> 5 | U30: M5 | W30: =W29 -> 45762 | Y30: 0 | Z30: 1 | AA30: =Y30*Z30 -> 0 | AB30: =DAYS360(V30,W30)+1 -> 45106 | AC30: =IF(X30>$R$45,(X30-V30)+1,($U$22-V30)+1) -> 45615 | AD30: =IF((AB30-AC30)>$P$28,$P$28,(AB30-AC30)) -> -509 | AE30: =ROUND((AA30/AB30)*AD30,0) -> 0
B31: Relación de contratos RUP en SMML | P31: 125000 | Q31: =533287768/P31 -> 4266.3021 | R31: =ROUNDUP(P31*Q31,-3) -> 533288000 | T31: =T30+1 -> 6 | U31: M6 | W31: =W30 -> 45762 | Y31: 0 | Z31: 1 | AA31: =Y31*Z31 -> 0 | AB31: =DAYS360(V31,W31)+1 -> 45106 | AC31: =IF(X31>$R$45,(X31-V31)+1,($U$22-V31)+1) -> 45615 | AD31: =IF((AB31-AC31)>$P$28,$P$28,(AB31-AC31)) -> -509 | AE31: =ROUND((AA31/AB31)*AD31,0) -> 0
B32: No | C32: Valor Contrato | D32: No | E32: Valor Contrato | F32: No | G32: Valor Contrato | H32: No | I32: Valor Contrato | J32: No | K32: Valor Contrato | L32: No | M32: Valor Contrato | N32: Segmento 72 "Servicios de Edificación, Construcción de Instalaciones y Mantenimiento" | Q32: UMBRAL PYMES 2023 - 2024 COLOMBIA COMPRA | T32: =T31+1 -> 7 | U32: M7 | W32: =W31 -> 45762 | Y32: 0 | Z32: 1 | AA32: =Y32*Z32 -> 0 | AB32: =DAYS360(V32,W32)+1 -> 45106 | AC32: =IF(X32>$R$45,(X32-V32)+1,($U$22-V32)+1) -> 45615 | AD32: =IF((AB32-AC32)>$P$28,$P$28,(AB32-AC32)) -> -509 | AE32: =ROUND((AA32/AB32)*AD32,0) -> 0
B33: 1 | C33: 212.55 | D33: 22 | E33: 595.77 | F33: 43 | H33: 64 | J33: 85 | L33: 106 | P33: Experiencia veces | R33: puntaje | T33: =T32+1 -> 8 | U33: M8 | W33: =W32 -> 45762 | Y33: 0 | Z33: 1 | AA33: =Y33*Z33 -> 0 | AB33: =DAYS360(V33,W33)+1 -> 45106 | AC33: =IF(X33>$R$45,(X33-V33)+1,($U$22-V33)+1) -> 45615 | AD33: =IF((AB33-AC33)>$P$28,$P$28,(AB33-AC33)) -> -509 | AE33: =ROUND((AA33/AB33)*AD33,0) -> 0
B34: =+B33+1 -> 2 | C34: 219.75 | D34: =+D33+1 -> 23 | E34: 1264.71 | F34: =+F33+1 -> 44 | H34: =+H33+1 -> 65 | J34: =+J33+1 -> 86 | L34: =+L33+1 -> 107 | P34: 0 | Q34: 3 | R34: 60 | T34: =T33+1 -> 9 | U34: M9 | W34: =W33 -> 45762 | Y34: 0 | Z34: 1 | AA34: =Y34*Z34 -> 0 | AB34: =DAYS360(V34,W34)+1 -> 45106 | AC34: =IF(X34>$R$45,(X34-V34)+1,($U$22-V34)+1) -> 45615 | AD34: =IF((AB34-AC34)>$P$28,$P$28,(AB34-AC34)) -> -509 | AE34: =ROUND((AA34/AB34)*AD34,0) -> 0
B35: =+B34+1 -> 3 | C35: 427.6 | D35: =+D34+1 -> 24 | E35: 2228.38 | F35: =+F34+1 -> 45 | H35: =+H34+1 -> 66 | J35: =+J34+1 -> 87 | L35: =+L34+1 -> 108 | P35: 3 | Q35: 6 | R35: 80 | T35: =T34+1 -> 10 | U35: M10 | W35: =W34 -> 45762 | Y35: 0 | Z35: 1 | AA35: =Y35*Z35 -> 0 | AB35: =DAYS360(V35,W35)+1 -> 45106 | AC35: =IF(X35>$R$45,(X35-V35)+1,($U$22-V35)+1) -> 45615 | AD35: =IF((AB35-AC35)>$P$28,$P$28,(AB35-AC35)) -> -509 | AE35: =ROUND((AA35/AB35)*AD35,0) -> 0
B36: =+B35+1 -> 4 | C36: 89.61 | D36: =+D35+1 -> 25 | E36: =516.76*0.75 -> 387.57 | F36: =+F35+1 -> 46 | H36: =+H35+1 -> 67 | J36: =+J35+1 -> 88 | L36: =+L35+1 -> 109 | P36: 6 | Q36: 10 | R36: 100 | T36: =T35+1 -> 11 | U36: M11 | W36: =W35 -> 45762 | Y36: 0 | Z36: 1 | AA36: =Y36*Z36 -> 0 | AB36: =DAYS360(V36,W36)+1 -> 45106 | AC36: =IF(X36>$R$45,(X36-V36)+1,($U$22-V36)+1) -> 45615 | AD36: =IF((AB36-AC36)>$P$28,$P$28,(AB36-AC36)) -> -509 | AE36: =ROUND((AA36/AB36)*AD36,0) -> 0
B37: =+B36+1 -> 5 | C37: =603.7*0.75 -> 452.775 | D37: =+D36+1 -> 26 | E37: =406.02*0.5 -> 203.01 | F37: =+F36+1 -> 47 | H37: =+H36+1 -> 68 | J37: =+J36+1 -> 89 | L37: =+L36+1 -> 110 | P37: 10 | R37: 120 | T37: =T36+1 -> 12 | U37: M12 | W37: =W36 -> 45762 | Y37: 0 | Z37: 1 | AA37: =Y37*Z37 -> 0 | AB37: =DAYS360(V37,W37)+1 -> 45106 | AC37: =IF(X37>$R$45,(X37-V37)+1,($U$22-V37)+1) -> 45615 | AD37: =IF((AB37-AC37)>$P$28,$P$28,(AB37-AC37)) -> -509 | AE37: =ROUND((AA37/AB37)*AD37,0) -> 0
B38: =+B37+1 -> 6 | C38: =143.08*0.5 -> 71.54 | D38: =+D37+1 -> 27 | E38: =686.47*0.5 -> 343.235 | F38: =+F37+1 -> 48 | H38: =+H37+1 -> 69 | J38: =+J37+1 -> 90 | L38: =+L37+1 -> 111 | P38: Índice liquidez | R38: puntaje | T38: =T37+1 -> 13 | U38: M13 | W38: =W37 -> 45762 | Y38: 0 | Z38: 1 | AA38: =Y38*Z38 -> 0 | AB38: =DAYS360(V38,W38)+1 -> 45106 | AC38: =IF(X38>$R$45,(X38-V38)+1,($U$22-V38)+1) -> 45615 | AD38: =IF((AB38-AC38)>$P$28,$P$28,(AB38-AC38)) -> -509 | AE38: =ROUND((AA38/AB38)*AD38,0) -> 0
B39: =+B38+1 -> 7 | C39: =231.38*0.5 -> 115.69 | D39: =+D38+1 -> 28 | E39: =359.82*0.5 -> 179.91 | F39: =+F38+1 -> 49 | H39: =+H38+1 -> 70 | J39: =+J38+1 -> 91 | L39: =+L38+1 -> 112 | P39: 0 | Q39: 0.5 | R39: 20 | T39: =T38+1 -> 14 | U39: M14 | W39: =W38 -> 45762 | Y39: 0 | Z39: 1 | AA39: =Y39*Z39 -> 0 | AB39: =DAYS360(V39,W39)+1 -> 45106 | AC39: =IF(X39>$R$45,(X39-V39)+1,($U$22-V39)+1) -> 45615 | AD39: =IF((AB39-AC39)>$P$28,$P$28,(AB39-AC39)) -> -509 | AE39: =ROUND((AA39/AB39)*AD39,0) -> 0
B40: =+B39+1 -> 8 | C40: =451.77*0.75 -> 338.8275 | D40: =+D39+1 -> 29 | E40: =1661.44*0.5 -> 830.72 | F40: =+F39+1 -> 50 | H40: =+H39+1 -> 71 | J40: =+J39+1 -> 92 | L40: =+L39+1 -> 113 | P40: 0.5 | Q40: 0.75 | R40: 25 | T40: =T39+1 -> 15 | U40: M15 | W40: =W39 -> 45762 | Y40: 0 | Z40: 1 | AA40: =Y40*Z40 -> 0 | AB40: =DAYS360(V40,W40)+1 -> 45106 | AC40: =IF(X40>$R$45,(X40-V40)+1,($U$22-V40)+1) -> 45615 | AD40: =IF((AB40-AC40)>$P$28,$P$28,(AB40-AC40)) -> -509 | AE40: =ROUND((AA40/AB40)*AD40,0) -> 0
B41: =+B40+1 -> 9 | C41: =424.29*0.45 -> 190.9305 | D41: =+D40+1 -> 30 | E41: =382.98*0.5 -> 191.49 | F41: =+F40+1 -> 51 | H41: =+H40+1 -> 72 | J41: =+J40+1 -> 93 | L41: =+L40+1 -> 114 | P41: 0.75 | Q41: 1 | R41: 30 | T41: =T40+1 -> 16 | U41: M16 | W41: =W40 -> 45762 | Y41: 0 | Z41: 1 | AA41: =Y41*Z41 -> 0 | AB41: =DAYS360(V41,W41)+1 -> 45106 | AC41: =IF(X41>$R$45,(X41-V41)+1,($U$22-V41)+1) -> 45615 | AD41: =IF((AB41-AC41)>$P$28,$P$28,(AB41-AC41)) -> -509 | AE41: =ROUND((AA41/AB41)*AD41,0) -> 0
B42: =+B41+1 -> 10 | C42: =988.76*0.75 -> 741.57 | D42: =+D41+1 -> 31 | E42: =230.21*0.5 -> 115.105 | F42: =+F41+1 -> 52 | H42: =+H41+1 -> 73 | J42: =+J41+1 -> 94 | L42: =+L41+1 -> 115 | P42: 1 | Q42: 1.5 | R42: 35 | T42: =T41+1 -> 17 | U42: M17 | W42: =W41 -> 45762 | Y42: 0 | Z42: 1 | AA42: =Y42*Z42 -> 0 | AB42: =DAYS360(V42,W42)+1 -> 45106 | AC42: =IF(X42>$R$45,(X42-V42)+1,($U$22-V42)+1) -> 45615 | AD42: =IF((AB42-AC42)>$P$28,$P$28,(AB42-AC42)) -> -509 | AE42: =ROUND((AA42/AB42)*AD42,0) -> 0
B43: =+B42+1 -> 11 | C43: 310.48 | D43: =+D42+1 -> 32 | E43: =812.44*0.5 -> 406.22 | F43: =+F42+1 -> 53 | H43: =+H42+1 -> 74 | J43: =+J42+1 -> 95 | L43: =+L42+1 -> 116 | P43: 1.5 | R43: 40 | T43: =T42+1 -> 18 | U43: M18 | W43: =W42 -> 45762 | Y43: 0 | Z43: 1 | AA43: =Y43*Z43 -> 0 | AB43: =DAYS360(V43,W43)+1 -> 45106 | AC43: =IF(X43>$R$45,(X43-V43)+1,($U$22-V43)+1) -> 45615 | AD43: =IF((AB43-AC43)>$P$28,$P$28,(AB43-AC43)) -> -509 | AE43: =ROUND((AA43/AB43)*AD43,0) -> 0
B44: =+B43+1 -> 12 | C44: 499.99 | D44: =+D43+1 -> 33 | E44: =1367.67*0.5 -> 683.835 | F44: =+F43+1 -> 54 | H44: =+H43+1 -> 75 | J44: =+J43+1 -> 96 | L44: =+L43+1 -> 117 | P44: Socios y Profesionales | R44: puntaje | T44: =T43+1 -> 19 | U44: M19 | W44: =W43 -> 45762 | Y44: 0 | Z44: 1 | AA44: =Y44*Z44 -> 0 | AB44: =DAYS360(V44,W44)+1 -> 45106 | AC44: =IF(X44>$R$45,(X44-V44)+1,($U$22-V44)+1) -> 45615 | AD44: =IF((AB44-AC44)>$P$28,$P$28,(AB44-AC44)) -> -509 | AE44: =ROUND((AA44/AB44)*AD44,0) -> 0
B45: =+B44+1 -> 13 | C45: =103.45*0.5 -> 51.725 | D45: =+D44+1 -> 34 | E45: =2179.97*0.5 -> 1089.985 | F45: =+F44+1 -> 55 | H45: =+H44+1 -> 76 | J45: =+J44+1 -> 97 | L45: =+L44+1 -> 118 | R45: 0 | T45: =T44+1 -> 20 | U45: M20 | W45: =W44 -> 45762 | Y45: 0 | Z45: 1 | AA45: =Y45*Z45 -> 0 | AB45: =DAYS360(V45,W45)+1 -> 45106 | AC45: =IF(X45>$R$45,(X45-V45)+1,($U$22-V45)+1) -> 45615 | AD45: =IF((AB45-AC45)>$P$28,$P$28,(AB45-AC45)) -> -509 | AE45: =ROUND((AA45/AB45)*AD45,0) -> 0
B46: =+B45+1 -> 14 | C46: =67.76*0.5 -> 33.88 | D46: =+D45+1 -> 35 | E46: =470.61*0.5 -> 235.305 | F46: =+F45+1 -> 56 | H46: =+H45+1 -> 77 | J46: =+J45+1 -> 98 | L46: =+L45+1 -> 119 | P46: 0 | Q46: 5 | R46: 20 | T46: =T45+1 -> 21 | U46: M21 | W46: =W45 -> 45762 | Y46: 0 | Z46: 1 | AA46: =Y46*Z46 -> 0 | AB46: =DAYS360(V46,W46)+1 -> 45106 | AC46: =IF(X46>$R$45,(X46-V46)+1,($U$22-V46)+1) -> 45615 | AD46: =IF((AB46-AC46)>$P$28,$P$28,(AB46-AC46)) -> -509 | AE46: =ROUND((AA46/AB46)*AD46,0) -> 0
B47: =+B46+1 -> 15 | C47: 528.05 | D47: =+D46+1 -> 36 | E47: =420.19*0.5 -> 210.095 | F47: =+F46+1 -> 57 | H47: =+H46+1 -> 78 | J47: =+J46+1 -> 99 | L47: =+L46+1 -> 120 | P47: 5 | Q47: 10 | R47: 30 | T47: =T46+1 -> 22 | U47: M22 | W47: =W46 -> 45762 | Y47: 0 | Z47: 1 | AA47: =Y47*Z47 -> 0 | AB47: =DAYS360(V47,W47)+1 -> 45106 | AC47: =IF(X47>$R$45,(X47-V47)+1,($U$22-V47)+1) -> 45615 | AD47: =IF((AB47-AC47)>$P$28,$P$28,(AB47-AC47)) -> -509 | AE47: =ROUND((AA47/AB47)*AD47,0) -> 0
B48: =+B47+1 -> 16 | C48: 594.82 | D48: =+D47+1 -> 37 | E48: =477*0.5 -> 238.5 | F48: =+F47+1 -> 58 | H48: =+H47+1 -> 79 | J48: =+J47+1 -> 100 | L48: =+L47+1 -> 121 | P48: 10 | R48: 40 | T48: =T47+1 -> 23 | U48: M23 | W48: =W47 -> 45762 | Y48: 0 | Z48: 1 | AA48: =Y48*Z48 -> 0 | AB48: =DAYS360(V48,W48)+1 -> 45106 | AC48: =IF(X48>$R$45,(X48-V48)+1,($U$22-V48)+1) -> 45615 | AD48: =IF((AB48-AC48)>$P$28,$P$28,(AB48-AC48)) -> -509 | AE48: =ROUND((AA48/AB48)*AD48,0) -> 0
B49: =+B48+1 -> 17 | C49: 610.48 | D49: =+D48+1 -> 38 | E49: =702.49*0.5 -> 351.245 | F49: =+F48+1 -> 59 | H49: =+H48+1 -> 80 | J49: =+J48+1 -> 101 | L49: =+L48+1 -> 122 | T49: =T48+1 -> 24 | U49: M24 | W49: =W48 -> 45762 | Y49: 0 | Z49: 1 | AA49: =Y49*Z49 -> 0 | AB49: =DAYS360(V49,W49)+1 -> 45106 | AC49: =IF(X49>$R$45,(X49-V49)+1,($U$22-V49)+1) -> 45615 | AD49: =IF((AB49-AC49)>$P$28,$P$28,(AB49-AC49)) -> -509 | AE49: =ROUND((AA49/AB49)*AD49,0) -> 0
B50: =+B49+1 -> 18 | C50: 539.28 | D50: =+D49+1 -> 39 | E50: =712.29*0.5 -> 356.145 | F50: =+F49+1 -> 60 | H50: =+H49+1 -> 81 | J50: =+J49+1 -> 102 | L50: =+L49+1 -> 123 | T50: =T49+1 -> 25 | U50: M25 | W50: =W49 -> 45762 | Y50: 0 | Z50: 1 | AA50: =Y50*Z50 -> 0 | AB50: =DAYS360(V50,W50)+1 -> 45106 | AC50: =IF(X50>$R$45,(X50-V50)+1,($U$22-V50)+1) -> 45615 | AD50: =IF((AB50-AC50)>$P$28,$P$28,(AB50-AC50)) -> -509 | AE50: =ROUND((AA50/AB50)*AD50,0) -> 0
B51: =+B50+1 -> 19 | C51: 546.14 | D51: =+D50+1 -> 40 | E51: =318.22*0.5 -> 159.11 | F51: =+F50+1 -> 61 | H51: =+H50+1 -> 82 | J51: =+J50+1 -> 103 | L51: =+L50+1 -> 124 | T51: =T50+1 -> 26 | U51: M26 | W51: =W50 -> 45762 | Y51: 0 | Z51: 1 | AA51: =Y51*Z51 -> 0 | AB51: =DAYS360(V51,W51)+1 -> 45106 | AC51: =IF(X51>$R$45,(X51-V51)+1,($U$22-V51)+1) -> 45615 | AD51: =IF((AB51-AC51)>$P$28,$P$28,(AB51-AC51)) -> -509 | AE51: =ROUND((AA51/AB51)*AD51,0) -> 0
B52: =+B51+1 -> 20 | C52: 643.01 | D52: =+D51+1 -> 41 | E52: =408.38*0.5 -> 204.19 | F52: =+F51+1 -> 62 | H52: =+H51+1 -> 83 | J52: =+J51+1 -> 104 | L52: =+L51+1 -> 125 | T52: =T51+1 -> 27 | U52: M27 | W52: =W51 -> 45762 | Y52: 0 | Z52: 1 | AA52: =Y52*Z52 -> 0 | AB52: =DAYS360(V52,W52)+1 -> 45106 | AC52: =IF(X52>$R$45,(X52-V52)+1,($U$22-V52)+1) -> 45615 | AD52: =IF((AB52-AC52)>$P$28,$P$28,(AB52-AC52)) -> -509 | AE52: =ROUND((AA52/AB52)*AD52,0) -> 0
B53: =+B52+1 -> 21 | C53: 1454.77 | D53: =+D52+1 -> 42 | F53: =+F52+1 -> 63 | H53: =+H52+1 -> 84 | J53: =+J52+1 -> 105 | L53: =+L52+1 -> 126 | T53: =T52+1 -> 28 | U53: M28 | W53: =W52 -> 45762 | Y53: 0 | Z53: 1 | AA53: =Y53*Z53 -> 0 | AB53: =DAYS360(V53,W53)+1 -> 45106 | AC53: =IF(X53>$R$45,(X53-V53)+1,($U$22-V53)+1) -> 45615 | AD53: =IF((AB53-AC53)>$P$28,$P$28,(AB53-AC53)) -> -509 | AE53: =ROUND((AA53/AB53)*AD53,0) -> 0
B54: Valor total Contratos RUP (SMML) | J54: =SUM(C33:C53,G33:G53,K33:K53,E33:E53,I33:I53,K33:K53,M33:M53) -> 18947.998 | T54: =T53+1 -> 29 | U54: M29 | W54: =W53 -> 45762 | Y54: 0 | Z54: 1 | AA54: =Y54*Z54 -> 0 | AB54: =DAYS360(V54,W54)+1 -> 45106 | AC54: =IF(X54>$R$45,(X54-V54)+1,($U$22-V54)+1) -> 45615 | AD54: =IF((AB54-AC54)>$P$28,$P$28,(AB54-AC54)) -> -509 | AE54: =ROUND((AA54/AB54)*AD54,0) -> 0
B55: Valor Total Contratos RUP ($) | J55: =$J$54*$Q$23 -> 3.3176144e+10
B56: Valor experiencia = (Valor Contratos RUP/Ppto Oficial) | J56: =IFERROR($J$55/(($B$17)*I21),0) -> 91.550575 | T56: =T54+1 -> 30 | U56: M30 | W56: =W54 -> 45762 | Y56: 0 | Z56: 1 | AA56: =Y56*Z56 -> 0 | AB56: =DAYS360(V56,W56)+1 -> 45106 | AC56: =IF(X56>$R$45,(X56-V56)+1,($U$22-V56)+1) -> 45615 | AD56: =IF((AB56-AC56)>$P$28,$P$28,(AB56-AC56)) -> -509 | AE56: =ROUND((AA56/AB56)*AD56,0) -> 0
B57: PUNTAJE EXPERIENCIA | L57: =IF(J56>P37,R37,IF(J56>P36,R36,IF(J56>P35,R35,R34))) -> 120 | T57: =T56+1 -> 31 | U57: M31 | W57: =W56 -> 45762 | Y57: 0 | Z57: 1 | AA57: =Y57*Z57 -> 0 | AB57: =DAYS360(V57,W57)+1 -> 45106 | AC57: =IF(X57>$R$45,(X57-V57)+1,($U$22-V57)+1) -> 45615 | AD57: =IF((AB57-AC57)>$P$28,$P$28,(AB57-AC57)) -> -509 | AE57: =ROUND((AA57/AB57)*AD57,0) -> 0
B58: CAPACIDAD FINANCIERA (CF) | T58: =T57+1 -> 32 | U58: M32 | W58: =W57 -> 45762 | Y58: 0 | Z58: 1 | AA58: =Y58*Z58 -> 0 | AB58: =DAYS360(V58,W58)+1 -> 45106 | AC58: =IF(X58>$R$45,(X58-V58)+1,($U$22-V58)+1) -> 45615 | AD58: =IF((AB58-AC58)>$P$28,$P$28,(AB58-AC58)) -> -509 | AE58: =ROUND((AA58/AB58)*AD58,0) -> 0
H59: Activo Corriente último año | L59: =$I$7 -> 1807490596 | T59: =T58+1 -> 33 | U59: M33 | W59: =W58 -> 45762 | Y59: 0 | Z59: 1 | AA59: =Y59*Z59 -> 0 | AB59: =DAYS360(V59,W59)+1 -> 45106 | AC59: =IF(X59>$R$45,(X59-V59)+1,($U$22-V59)+1) -> 45615 | AD59: =IF((AB59-AC59)>$P$28,$P$28,(AB59-AC59)) -> -509 | AE59: =ROUND((AA59/AB59)*AD59,0) -> 0
H60: Pasivo Corriente último año | L60: =$J$7 -> 465993517 | T60: =T59+1 -> 34 | U60: M34 | W60: =W59 -> 45762 | Y60: 0 | Z60: 1 | AA60: =Y60*Z60 -> 0 | AB60: =DAYS360(V60,W60)+1 -> 45106 | AC60: =IF(X60>$R$45,(X60-V60)+1,($U$22-V60)+1) -> 45615 | AD60: =IF((AB60-AC60)>$P$28,$P$28,(AB60-AC60)) -> -509 | AE60: =ROUND((AA60/AB60)*AD60,0) -> 0
H61: Índice de liquidez | L61: =IFERROR(ROUND(L59/L60,2),0) -> 3.88 | T61: =T60+1 -> 35 | U61: M35 | W61: =W60 -> 45762 | Y61: 0 | Z61: 1 | AA61: =Y61*Z61 -> 0 | AB61: =DAYS360(V61,W61)+1 -> 45106 | AC61: =IF(X61>$R$45,(X61-V61)+1,($U$22-V61)+1) -> 45615 | AD61: =IF((AB61-AC61)>$P$28,$P$28,(AB61-AC61)) -> -509 | AE61: =ROUND((AA61/AB61)*AD61,0) -> 0
B62: PUNTAJE CAPACIDAD FINANCIERA | L62: =IF(L61>P43,R43,IF(L61>P42,R42,IF(L61>P41,R41,IF(L61>P40,R40,R39)))) -> 40 | T62: =T61+1 -> 36 | U62: M36 | W62: =W61 -> 45762 | Y62: 0 | Z62: 1 | AA62: =Y62*Z62 -> 0 | AB62: =DAYS360(V62,W62)+1 -> 45106 | AC62: =IF(X62>$R$45,(X62-V62)+1,($U$22-V62)+1) -> 45615 | AD62: =IF((AB62-AC62)>$P$28,$P$28,(AB62-AC62)) -> -509 | AE62: =ROUND((AA62/AB62)*AD62,0) -> 0
B63: CAPACIDAD TÉCNICA (CT) | T63: =T62+1 -> 37 | U63: M37 | W63: =W62 -> 45762 | Y63: 0 | Z63: 1 | AA63: =Y63*Z63 -> 0 | AB63: =DAYS360(V63,W63)+1 -> 45106 | AC63: =IF(X63>$R$45,(X63-V63)+1,($U$22-V63)+1) -> 45615 | AD63: =IF((AB63-AC63)>$P$28,$P$28,(AB63-AC63)) -> -509 | AE63: =ROUND((AA63/AB63)*AD63,0) -> 0
B64: Número de socios y profesionales de la arquitectura, ingeniería y geología vinculados. | M64: =$K$7 -> 6 | T64: =T63+1 -> 38 | U64: M38 | W64: =W63 -> 45762 | Y64: 0 | Z64: 1 | AA64: =Y64*Z64 -> 0 | AB64: =DAYS360(V64,W64)+1 -> 45106 | AC64: =IF(X64>$R$45,(X64-V64)+1,($U$22-V64)+1) -> 45615 | AD64: =IF((AB64-AC64)>$P$28,$P$28,(AB64-AC64)) -> -509 | AE64: =ROUND((AA64/AB64)*AD64,0) -> 0
B65: PUNTAJE CAPACIDAD TÉCNICA | L65: =IF(M64>P48,R48,IF(M64>P47,R47,IF(M64>P46,R46,R45))) -> 30 | T65: =T64+1 -> 39 | U65: M39 | W65: =W64 -> 45762 | Y65: 0 | Z65: 1 | AA65: =Y65*Z65 -> 0 | AB65: =DAYS360(V65,W65)+1 -> 45106 | AC65: =IF(X65>$R$45,(X65-V65)+1,($U$22-V65)+1) -> 45615 | AD65: =IF((AB65-AC65)>$P$28,$P$28,(AB65-AC65)) -> -509 | AE65: =ROUND((AA65/AB65)*AD65,0) -> 0
T66: =T65+1 -> 40 | U66: M40 | W66: =W65 -> 45762 | Y66: 0 | Z66: 1 | AA66: =Y66*Z66 -> 0 | AB66: =DAYS360(V66,W66)+1 -> 45106 | AC66: =IF(X66>$R$45,(X66-V66)+1,($U$22-V66)+1) -> 45615 | AD66: =IF((AB66-AC66)>$P$28,$P$28,(AB66-AC66)) -> -509 | AE66: =ROUND((AA66/AB66)*AD66,0) -> 0
B67: ="CAPACIDAD DE CONTRATACIÓN INTEGRANTE 1: "&$F$20 -> CAPACIDAD DE CONTRATACIÓN INTEGRANTE 1: | L67: =I29*((L57+L62+L65)/100) -> 4.7095856e+09 | T67: =T66+1 -> 41 | U67: M41 | W67: =W66 -> 45762 | Y67: 0 | Z67: 1 | AA67: =Y67*Z67 -> 0 | AB67: =DAYS360(V67,W67)+1 -> 45106 | AC67: =IF(X67>$R$45,(X67-V67)+1,($U$22-V67)+1) -> 45615 | AD67: =IF((AB67-AC67)>$P$28,$P$28,(AB67-AC67)) -> -509 | AE67: =ROUND((AA67/AB67)*AD67,0) -> 0
B68: ="SALDO DE LOS CONTRATOS EN EJECUCIÓN INTEGRANTE 1: "&$F$20 -> SALDO DE LOS CONTRATOS EN EJECUCIÓN INTEGRANTE 1: | L68: =$M$7 -> 5669936.4 | T68: =T67+1 -> 42 | U68: M42 | W68: =W67 -> 45762 | Y68: 0 | Z68: 1 | AA68: =Y68*Z68 -> 0 | AB68: =DAYS360(V68,W68)+1 -> 45106 | AC68: =IF(X68>$R$45,(X68-V68)+1,($U$22-V68)+1) -> 45615 | AD68: =IF((AB68-AC68)>$P$28,$P$28,(AB68-AC68)) -> -509 | AE68: =ROUND((AA68/AB68)*AD68,0) -> 0
B69: ="CAPACIDAD RESIDUAL DE CONTRATACIÓN INTEGRANTE 1: "&$F$20 -> CAPACIDAD RESIDUAL DE CONTRATACIÓN INTEGRANTE 1: | L69: =L67-L68 -> 4.7039156e+09 | T69: =T68+1 -> 43 | U69: M43 | W69: =W68 -> 45762 | Y69: 0 | Z69: 1 | AA69: =Y69*Z69 -> 0 | AB69: =DAYS360(V69,W69)+1 -> 45106 | AC69: =IF(X69>$R$45,(X69-V69)+1,($U$22-V69)+1) -> 45615 | AD69: =IF((AB69-AC69)>$P$28,$P$28,(AB69-AC69)) -> -509 | AE69: =ROUND((AA69/AB69)*AD69,0) -> 0
Z70: SALDO POR EJECUTAR DE LOS CONTRATOS EN EJECUCIÓN | AE70: =SUM(AE26:AE69) -> 2921045560
B71: ="INTEGRANTE 2: "&$C$8 -> INTEGRANTE 2: VENTURA & CO. SAS
B72: PORCENTAJE DE PARTICIPACIÓN | I72: =$G$8 -> 0.5
B73: Capacidad Residual Proponente | H73: Factor | N73: P. M. | T73: IDENTIFICACIÓN DEL PROPONENTE: | V73: =B71 -> INTEGRANTE 2: VENTURA & CO. SAS
H74: Experiencia. (- E -) | N74: 120 | T74: FECHA CIERRE | U74: =U22 -> 45614
H75: Capacidad Financiera. (CF) | N75: 40
H76: Capacidad Técnica. (CT) | N76: 40 | Q76: SMMLV 2025 | T76: ÍTEMS | U76: CONTRATO No. | V76: FECHA INICIO (DD/MM/AAAA) | W76: FECHA TERMINACIÓN (DD/MM/AAAA) | X76: FECHA SUSPENSIÓN (DD/MM/AA) SI APLICA | Y76: VALOR DEL CONTRATO ( MONEDA LEGAL COLOMBIANA) | Z76: PORCENTAJE (%) DE PARTICIPACIÓN | AA76: VR. FINAL DEL CONTRATO EN EJECUCIÓN | AB76: PLAZO EJECUCIÓN (Días) | AC76: PLAZO EJECUTADO (Días) | AD76: PLAZO POR EJECUTAR (Días) | AE76: SALDO POR EJECUTAR
H77: TOTAL | N77: =SUM(N74:N76) -> 200 | Q77: 1423500
B78: Capacidad de Organización. (CO) | T78: 1 | U78: M1 | V78: 42095 | W78: 42124 | X78: 42099 | Y78: 30000000 | Z78: 1 | AA78: =Y78*Z78 -> 30000000 | AB78: =DAYS360(V78,W78)+1 -> 30 | AC78: =IF(X78>$R$45,(X78-V78)+1,($U$22-V78)+1) -> 5 | AD78: =IF((AB78-AC78)>$P$28,$P$28,(AB78-AC78)) -> 25 | AE78: =ROUND((AA78/AB78)*AD78,0) -> 25000000
B79: Información Financiera. (Máximo 5 años anteriores) | I79: Ingresos Operacionales | P79: DÍAS | Q79: CUMPLE | R79: MESES | T79: =T78+1 -> 2 | U79: M2 | W79: =U74 -> 45614 | Y79: 0 | Z79: 1 | AA79: =Y79*Z79 -> 0 | AB79: =DAYS360(V79,W79)+1 -> 44959 | AC79: =IF(X79>$R$45,(X79-V79)+1,($U$22-V79)+1) -> 45615 | AD79: =IF((AB79-AC79)>$P$28,$P$28,(AB79-AC79)) -> -656 | AE79: =ROUND((AA79/AB79)*AD79,0) -> 0
B80: Ingreso Operacional más alto de los últimos cinco (5) años | I80: =IF($H$8>$R$31,$H$8,$R$31) -> 1853045600 | P80: 360 | Q80: NO CUMPLE | R80: 12 | T80: =T79+1 -> 3 | U80: M3 | W80: =W79 -> 45614 | Y80: 0 | Z80: 1 | AA80: =Y80*Z80 -> 0 | AB80: =DAYS360(V80,W80)+1 -> 44959 | AC80: =IF(X80>$R$45,(X80-V80)+1,($U$22-V80)+1) -> 45615 | AD80: =IF((AB80-AC80)>$P$28,$P$28,(AB80-AC80)) -> -656 | AE80: =ROUND((AA80/AB80)*AD80,0) -> 0
B81: Experiencia del Proponente (-E-) | T81: =T80+1 -> 4 | U81: M4 | W81: =W80 -> 45614 | Y81: 0 | Z81: 1 | AA81: =Y81*Z81 -> 0 | AB81: =DAYS360(V81,W81)+1 -> 44959 | AC81: =IF(X81>$R$45,(X81-V81)+1,($U$22-V81)+1) -> 45615 | AD81: =IF((AB81-AC81)>$P$28,$P$28,(AB81-AC81)) -> -656 | AE81: =ROUND((AA81/AB81)*AD81,0) -> 0
B82: Relación de contratos RUP en SMML | P82: INGRESOS MIN US$ | Q82: TRM VIGENTE | R82: INGRESOS OP. MIN | T82: =T81+1 -> 5 | U82: M5 | W82: =W81 -> 45614 | Y82: 0 | Z82: 1 | AA82: =Y82*Z82 -> 0 | AB82: =DAYS360(V82,W82)+1 -> 44959 | AC82: =IF(X82>$R$45,(X82-V82)+1,($U$22-V82)+1) -> 45615 | AD82: =IF((AB82-AC82)>$P$28,$P$28,(AB82-AC82)) -> -656 | AE82: =ROUND((AA82/AB82)*AD82,0) -> 0
B83: No | C83: Valor Contrato | D83: No | E83: Valor Contrato | F83: No | G83: Valor Contrato | H83: No | I83: Valor Contrato | J83: No | K83: Valor Contrato | L83: No | M83: Valor Contrato | N83: Segmento 72 "Servicios de Edificación, Construcción de Instalaciones y Mantenimiento" | P83: 125000 | Q83: =533287768/P83 -> 4266.3021 | R83: =ROUNDUP(P83*Q83,-3) -> 533288000 | T83: =T82+1 -> 6 | U83: M6 | W83: =W82 -> 45614 | Y83: 0 | Z83: 1 | AA83: =Y83*Z83 -> 0 | AB83: =DAYS360(V83,W83)+1 -> 44959 | AC83: =IF(X83>$R$45,(X83-V83)+1,($U$22-V83)+1) -> 45615 | AD83: =IF((AB83-AC83)>$P$28,$P$28,(AB83-AC83)) -> -656 | AE83: =ROUND((AA83/AB83)*AD83,0) -> 0
B84: 1 | C84: 212.55 | D84: 22 | E84: 1661.44 | F84: 43 | H84: 64 | J84: 85 | L84: 106 | Q84: UMBRAL PYMES 2023 - 2024 COLOMBIA COMPRA | T84: =T83+1 -> 7 | U84: M7 | W84: =W83 -> 45614 | Y84: 0 | Z84: 1 | AA84: =Y84*Z84 -> 0 | AB84: =DAYS360(V84,W84)+1 -> 44959 | AC84: =IF(X84>$R$45,(X84-V84)+1,($U$22-V84)+1) -> 45615 | AD84: =IF((AB84-AC84)>$P$28,$P$28,(AB84-AC84)) -> -656 | AE84: =ROUND((AA84/AB84)*AD84,0) -> 0
B85: =+B84+1 -> 2 | C85: 219.75 | D85: =+D84+1 -> 23 | E85: 595.77 | F85: =+F84+1 -> 44 | H85: =+H84+1 -> 65 | J85: =+J84+1 -> 86 | L85: =+L84+1 -> 107 | P85: Experiencia veces | R85: puntaje | T85: =T84+1 -> 8 | U85: M8 | W85: =W84 -> 45614 | Y85: 0 | Z85: 1 | AA85: =Y85*Z85 -> 0 | AB85: =DAYS360(V85,W85)+1 -> 44959 | AC85: =IF(X85>$R$45,(X85-V85)+1,($U$22-V85)+1) -> 45615 | AD85: =IF((AB85-AC85)>$P$28,$P$28,(AB85-AC85)) -> -656 | AE85: =ROUND((AA85/AB85)*AD85,0) -> 0
B86: =+B85+1 -> 3 | C86: 516.76 | D86: =+D85+1 -> 24 | E86: 546.14 | F86: =+F85+1 -> 45 | H86: =+H85+1 -> 66 | J86: =+J85+1 -> 87 | L86: =+L85+1 -> 108 | P86: 0 | Q86: 3 | R86: 60 | T86: =T85+1 -> 9 | U86: M9 | W86: =W85 -> 45614 | Y86: 0 | Z86: 1 | AA86: =Y86*Z86 -> 0 | AB86: =DAYS360(V86,W86)+1 -> 44959 | AC86: =IF(X86>$R$45,(X86-V86)+1,($U$22-V86)+1) -> 45615 | AD86: =IF((AB86-AC86)>$P$28,$P$28,(AB86-AC86)) -> -656 | AE86: =ROUND((AA86/AB86)*AD86,0) -> 0
B87: =+B86+1 -> 4 | C87: 643.01 | D87: =+D86+1 -> 25 | E87: 310.49 | F87: =+F86+1 -> 46 | H87: =+H86+1 -> 67 | J87: =+J86+1 -> 88 | L87: =+L86+1 -> 109 | P87: 3 | Q87: 6 | R87: 80 | T87: =T86+1 -> 10 | U87: M10 | W87: =W86 -> 45614 | Y87: 0 | Z87: 1 | AA87: =Y87*Z87 -> 0 | AB87: =DAYS360(V87,W87)+1 -> 44959 | AC87: =IF(X87>$R$45,(X87-V87)+1,($U$22-V87)+1) -> 45615 | AD87: =IF((AB87-AC87)>$P$28,$P$28,(AB87-AC87)) -> -656 | AE87: =ROUND((AA87/AB87)*AD87,0) -> 0
B88: =+B87+1 -> 5 | C88: 1367.67 | D88: =+D87+1 -> 26 | E88: =988.76*0.75 -> 741.57 | F88: =+F87+1 -> 47 | H88: =+H87+1 -> 68 | J88: =+J87+1 -> 89 | L88: =+L87+1 -> 110 | P88: 6 | Q88: 10 | R88: 100 | T88: =T87+1 -> 11 | U88: M11 | W88: =W87 -> 45614 | Y88: 0 | Z88: 1 | AA88: =Y88*Z88 -> 0 | AB88: =DAYS360(V88,W88)+1 -> 44959 | AC88: =IF(X88>$R$45,(X88-V88)+1,($U$22-V88)+1) -> 45615 | AD88: =IF((AB88-AC88)>$P$28,$P$28,(AB88-AC88)) -> -656 | AE88: =ROUND((AA88/AB88)*AD88,0) -> 0
B89: =+B88+1 -> 6 | C89: 470.61 | D89: =+D88+1 -> 27 | E89: 1454.77 | F89: =+F88+1 -> 48 | H89: =+H88+1 -> 69 | J89: =+J88+1 -> 90 | L89: =+L88+1 -> 111 | P89: 10 | R89: 120 | T89: =T88+1 -> 12 | U89: M12 | W89: =W88 -> 45614 | Y89: 0 | Z89: 1 | AA89: =Y89*Z89 -> 0 | AB89: =DAYS360(V89,W89)+1 -> 44959 | AC89: =IF(X89>$R$45,(X89-V89)+1,($U$22-V89)+1) -> 45615 | AD89: =IF((AB89-AC89)>$P$28,$P$28,(AB89-AC89)) -> -656 | AE89: =ROUND((AA89/AB89)*AD89,0) -> 0
B90: =+B89+1 -> 7 | C90: =686.47*0.5 -> 343.235 | D90: =+D89+1 -> 28 | E90: 477 | F90: =+F89+1 -> 49 | H90: =+H89+1 -> 70 | J90: =+J89+1 -> 91 | L90: =+L89+1 -> 112 | P90: Índice liquidez | R90: puntaje | T90: =T89+1 -> 13 | U90: M13 | W90: =W89 -> 45614 | Y90: 0 | Z90: 1 | AA90: =Y90*Z90 -> 0 | AB90: =DAYS360(V90,W90)+1 -> 44959 | AC90: =IF(X90>$R$45,(X90-V90)+1,($U$22-V90)+1) -> 45615 | AD90: =IF((AB90-AC90)>$P$28,$P$28,(AB90-AC90)) -> -656 | AE90: =ROUND((AA90/AB90)*AD90,0) -> 0
B91: =+B90+1 -> 8 | C91: =2179.97*0.5 -> 1089.985 | D91: =+D90+1 -> 29 | E91: 2228.38 | F91: =+F90+1 -> 50 | H91: =+H90+1 -> 71 | J91: =+J90+1 -> 92 | L91: =+L90+1 -> 113 | P91: 0 | Q91: 0.5 | R91: 20 | T91: =T90+1 -> 14 | U91: M14 | W91: =W90 -> 45614 | Y91: 0 | Z91: 1 | AA91: =Y91*Z91 -> 0 | AB91: =DAYS360(V91,W91)+1 -> 44959 | AC91: =IF(X91>$R$45,(X91-V91)+1,($U$22-V91)+1) -> 45615 | AD91: =IF((AB91-AC91)>$P$28,$P$28,(AB91-AC91)) -> -656 | AE91: =ROUND((AA91/AB91)*AD91,0) -> 0
B92: =+B91+1 -> 9 | C92: =812.43*0.5 -> 406.215 | D92: =+D91+1 -> 30 | E92: 702.49 | F92: =+F91+1 -> 51 | H92: =+H91+1 -> 72 | J92: =+J91+1 -> 93 | L92: =+L91+1 -> 114 | P92: 0.5 | Q92: 0.75 | R92: 25 | T92: =T91+1 -> 15 | U92: M15 | W92: =W91 -> 45614 | Y92: 0 | Z92: 1 | AA92: =Y92*Z92 -> 0 | AB92: =DAYS360(V92,W92)+1 -> 44959 | AC92: =IF(X92>$R$45,(X92-V92)+1,($U$22-V92)+1) -> 45615 | AD92: =IF((AB92-AC92)>$P$28,$P$28,(AB92-AC92)) -> -656 | AE92: =ROUND((AA92/AB92)*AD92,0) -> 0
B93: =+B92+1 -> 10 | C93: 230.21 | D93: =+D92+1 -> 31 | E93: 712.88 | F93: =+F92+1 -> 52 | H93: =+H92+1 -> 73 | J93: =+J92+1 -> 94 | L93: =+L92+1 -> 115 | P93: 0.75 | Q93: 1 | R93: 30 | T93: =T92+1 -> 16 | U93: M16 | W93: =W92 -> 45614 | Y93: 0 | Z93: 1 | AA93: =Y93*Z93 -> 0 | AB93: =DAYS360(V93,W93)+1 -> 44959 | AC93: =IF(X93>$R$45,(X93-V93)+1,($U$22-V93)+1) -> 45615 | AD93: =IF((AB93-AC93)>$P$28,$P$28,(AB93-AC93)) -> -656 | AE93: =ROUND((AA93/AB93)*AD93,0) -> 0
B94: =+B93+1 -> 11 | C94: 499.98 | D94: =+D93+1 -> 32 | E94: =318.22*0.5 -> 159.11 | F94: =+F93+1 -> 53 | H94: =+H93+1 -> 74 | J94: =+J93+1 -> 95 | L94: =+L93+1 -> 116 | P94: 1 | Q94: 1.5 | R94: 35 | T94: =T93+1 -> 17 | U94: M17 | W94: =W93 -> 45614 | Y94: 0 | Z94: 1 | AA94: =Y94*Z94 -> 0 | AB94: =DAYS360(V94,W94)+1 -> 44959 | AC94: =IF(X94>$R$45,(X94-V94)+1,($U$22-V94)+1) -> 45615 | AD94: =IF((AB94-AC94)>$P$28,$P$28,(AB94-AC94)) -> -656 | AE94: =ROUND((AA94/AB94)*AD94,0) -> 0
B95: =+B94+1 -> 12 | C95: 528.05 | D95: =+D94+1 -> 33 | E95: =408.38*0.5 -> 204.19 | F95: =+F94+1 -> 54 | H95: =+H94+1 -> 75 | J95: =+J94+1 -> 96 | L95: =+L94+1 -> 117 | P95: 1.5 | R95: 40 | T95: =T94+1 -> 18 | U95: M18 | W95: =W94 -> 45614 | Y95: 0 | Z95: 1 | AA95: =Y95*Z95 -> 0 | AB95: =DAYS360(V95,W95)+1 -> 44959 | AC95: =IF(X95>$R$45,(X95-V95)+1,($U$22-V95)+1) -> 45615 | AD95: =IF((AB95-AC95)>$P$28,$P$28,(AB95-AC95)) -> -656 | AE95: =ROUND((AA95/AB95)*AD95,0) -> 0
B96: =+B95+1 -> 13 | C96: 1264.71 | D96: =+D95+1 -> 34 | F96: =+F95+1 -> 55 | H96: =+H95+1 -> 76 | J96: =+J95+1 -> 97 | L96: =+L95+1 -> 118 | P96: Socios y Profesionales | R96: puntaje | T96: =T95+1 -> 19 | U96: M19 | W96: =W95 -> 45614 | Y96: 0 | Z96: 1 | AA96: =Y96*Z96 -> 0 | AB96: =DAYS360(V96,W96)+1 -> 44959 | AC96: =IF(X96>$R$45,(X96-V96)+1,($U$22-V96)+1) -> 45615 | AD96: =IF((AB96-AC96)>$P$28,$P$28,(AB96-AC96)) -> -656 | AE96: =ROUND((AA96/AB96)*AD96,0) -> 0
B97: =+B96+1 -> 14 | C97: 359.82 | D97: =+D96+1 -> 35 | F97: =+F96+1 -> 56 | H97: =+H96+1 -> 77 | J97: =+J96+1 -> 98 | L97: =+L96+1 -> 119 | R97: 0 | T97: =T96+1 -> 20 | U97: M20 | W97: =W96 -> 45614 | Y97: 0 | Z97: 1 | AA97: =Y97*Z97 -> 0 | AB97: =DAYS360(V97,W97)+1 -> 44959 | AC97: =IF(X97>$R$45,(X97-V97)+1,($U$22-V97)+1) -> 45615 | AD97: =IF((AB97-AC97)>$P$28,$P$28,(AB97-AC97)) -> -656 | AE97: =ROUND((AA97/AB97)*AD97,0) -> 0
B98: =+B97+1 -> 15 | C98: 382.98 | D98: =+D97+1 -> 36 | F98: =+F97+1 -> 57 | H98: =+H97+1 -> 78 | J98: =+J97+1 -> 99 | L98: =+L97+1 -> 120 | P98: 0 | Q98: 5 | R98: 20 | T98: =T97+1 -> 21 | U98: M21 | W98: =W97 -> 45614 | Y98: 0 | Z98: 1 | AA98: =Y98*Z98 -> 0 | AB98: =DAYS360(V98,W98)+1 -> 44959 | AC98: =IF(X98>$R$45,(X98-V98)+1,($U$22-V98)+1) -> 45615 | AD98: =IF((AB98-AC98)>$P$28,$P$28,(AB98-AC98)) -> -656 | AE98: =ROUND((AA98/AB98)*AD98,0) -> 0
B99: =+B98+1 -> 16 | C99: =424.29*0.45 -> 190.9305 | D99: =+D98+1 -> 37 | F99: =+F98+1 -> 58 | H99: =+H98+1 -> 79 | J99: =+J98+1 -> 100 | L99: =+L98+1 -> 121 | P99: 5 | Q99: 10 | R99: 30 | T99: =T98+1 -> 22 | U99: M22 | W99: =W98 -> 45614 | Y99: 0 | Z99: 1 | AA99: =Y99*Z99 -> 0 | AB99: =DAYS360(V99,W99)+1 -> 44959 | AC99: =IF(X99>$R$45,(X99-V99)+1,($U$22-V99)+1) -> 45615 | AD99: =IF((AB99-AC99)>$P$28,$P$28,(AB99-AC99)) -> -656 | AE99: =ROUND((AA99/AB99)*AD99,0) -> 0
B100: =+B99+1 -> 17 | C100: 406.02 | D100: =+D99+1 -> 38 | F100: =+F99+1 -> 59 | H100: =+H99+1 -> 80 | J100: =+J99+1 -> 101 | L100: =+L99+1 -> 122 | P100: 10 | R100: 40 | T100: =T99+1 -> 23 | U100: M23 | W100: =W99 -> 45614 | Y100: 0 | Z100: 1 | AA100: =Y100*Z100 -> 0 | AB100: =DAYS360(V100,W100)+1 -> 44959 | AC100: =IF(X100>$R$45,(X100-V100)+1,($U$22-V100)+1) -> 45615 | AD100: =IF((AB100-AC100)>$P$28,$P$28,(AB100-AC100)) -> -656 | AE100: =ROUND((AA100/AB100)*AD100,0) -> 0
B101: =+B100+1 -> 18 | C101: 539.27 | D101: =+D100+1 -> 39 | F101: =+F100+1 -> 60 | H101: =+H100+1 -> 81 | J101: =+J100+1 -> 102 | L101: =+L100+1 -> 123 | T101: =T100+1 -> 24 | U101: M24 | W101: =W100 -> 45614 | Y101: 0 | Z101: 1 | AA101: =Y101*Z101 -> 0 | AB101: =DAYS360(V101,W101)+1 -> 44959 | AC101: =IF(X101>$R$45,(X101-V101)+1,($U$22-V101)+1) -> 45615 | AD101: =IF((AB101-AC101)>$P$28,$P$28,(AB101-AC101)) -> -656 | AE101: =ROUND((AA101/AB101)*AD101,0) -> 0
B102: =+B101+1 -> 19 | C102: 594.97 | D102: =+D101+1 -> 40 | F102: =+F101+1 -> 61 | H102: =+H101+1 -> 82 | J102: =+J101+1 -> 103 | L102: =+L101+1 -> 124 | R102: PRESUPUESTO OFICIAL | T102: =T101+1 -> 25 | U102: M25 | W102: =W101 -> 45614 | Y102: 0 | Z102: 1 | AA102: =Y102*Z102 -> 0 | AB102: =DAYS360(V102,W102)+1 -> 44959 | AC102: =IF(X102>$R$45,(X102-V102)+1,($U$22-V102)+1) -> 45615 | AD102: =IF((AB102-AC102)>$P$28,$P$28,(AB102-AC102)) -> -656 | AE102: =ROUND((AA102/AB102)*AD102,0) -> 0
B103: =+B102+1 -> 20 | C103: 420.19 | D103: =+D102+1 -> 41 | F103: =+F102+1 -> 62 | H103: =+H102+1 -> 83 | J103: =+J102+1 -> 104 | L103: =+L102+1 -> 125 | P103: GRUPO 1. SALUD MENTAL | R103: 17282722097 | T103: =T102+1 -> 26 | U103: M26 | W103: =W102 -> 45614 | Y103: 0 | Z103: 1 | AA103: =Y103*Z103 -> 0 | AB103: =DAYS360(V103,W103)+1 -> 44959 | AC103: =IF(X103>$R$45,(X103-V103)+1,($U$22-V103)+1) -> 45615 | AD103: =IF((AB103-AC103)>$P$28,$P$28,(AB103-AC103)) -> -656 | AE103: =ROUND((AA103/AB103)*AD103,0) -> 0
B104: =+B103+1 -> 21 | C104: =103.45*0.5 -> 51.725 | D104: =+D103+1 -> 42 | F104: =+F103+1 -> 63 | H104: =+H103+1 -> 84 | J104: =+J103+1 -> 105 | L104: =+L103+1 -> 126 | P104: GRUPO 2. SAN ROQUE | R104: 14101948434 | T104: =T103+1 -> 27 | U104: M27 | W104: =W103 -> 45614 | Y104: 0 | Z104: 1 | AA104: =Y104*Z104 -> 0 | AB104: =DAYS360(V104,W104)+1 -> 44959 | AC104: =IF(X104>$R$45,(X104-V104)+1,($U$22-V104)+1) -> 45615 | AD104: =IF((AB104-AC104)>$P$28,$P$28,(AB104-AC104)) -> -656 | AE104: =ROUND((AA104/AB104)*AD104,0) -> 0
...

Sheet CRP PLURAL (3)
A1: CUMPLE | O1: SI
A2: NO CUMPLE | B2: ANEXO 1- 2. CRPC - CAPACIDAD RESIDUAL PROCESO DE CONTRATACIÓN | O2: NO
B4: NOMBRE DEL PROPONENTE | F4: ='EVALUACIÓN EXPERIENCIA'!$G$3 -> CONSORCIO VENTURA & CO
B5: INTEGRANTES
B6: NOMBRE INTEGRANTES | G6: % DE PARTICIPACIÓN | H6: INGRESO OPERACIONAL (más alto de los últimos cinco (5) años) | I6: ACTIVO CORRIENTE | J6: PASIVO CORRIENTE | K6: Número de socios y profesionales de la arquitectura, ingeniería y geología vinculados. | M6: SALDO DE LOS CONTRATOS EN EJECUCIÓN
B7: 1 | C7: ='EVALUACIÓN EXPERIENCIA'!$A$29 -> MARIA JOSE HERRERA GUZMAN | G7: ='EVALUACIÓN EXPERIENCIA'!$H$29 -> 0.5
B8: 2 | C8: ='EVALUACIÓN EXPERIENCIA'!$A$30 -> VENTURA & CO. SAS | G8: ='EVALUACIÓN EXPERIENCIA'!$H$30 -> 0.5
B9: 3 | C9: ='EVALUACIÓN EXPERIENCIA'!$A$31 -> 0 | G9: ='EVALUACIÓN EXPERIENCIA'!$H$31 -> 0
B11: ="CRP INTEGRANTE 1: "&$C$7 -> CRP INTEGRANTE 1: MARIA JOSE HERRERA GUZMAN | L11: =L70 -> 426630400
B12: ="CRP INTEGRANTE 2: "&$C$8 -> CRP INTEGRANTE 2: VENTURA & CO. SAS | L12: =L120 -> 426630400
B13: ="CRP INTEGRANTE 3: "&$C$9 -> CRP INTEGRANTE 3: 0 | L13: =L170 -> 426630400
B14: ="TOTAL CRP PROPONENTE: "&$F$4 -> TOTAL CRP PROPONENTE: CONSORCIO VENTURA & CO | L14: =SUM(L11:N13) -> 1279891200
B15: ="CONDICIÓN DEL PROPONENTE: "&$F$4 -> CONDICIÓN DEL PROPONENTE: CONSORCIO VENTURA & CO | L15: =IF(AND(IF(L172="CUMPLE",TRUE,FALSE),IF(L175="CUMPLE",TRUE,FALSE),IF(L178="CUMPLE",TRUE,FALSE),IF(IF(L14<I20,Q28,Q27)="CUMPLE",TRUE,FALSE))=TRUE,"CUMPLE",IF(OR(L172="",L175="",L178="")=TRUE,"PENDIENTE REVISIÓN","NO CUMPLE")) -> PENDIENTE REVISIÓN
B17: CAPACIDAD RESIDUAL DEL PROCESO
B18: Vr. Presupuesto Oficial ($) | F18: Vr. Anticipo | H18: Plazo Meses | I18: Vr. Capacidad Residual proceso
B19: =+'EVALUACIÓN EXPERIENCIA'!D5 -> 724761029 | F19: =+B19*25% -> 1.8119026e+08 | H19: 3 | I19: =IFERROR(ROUND(((B19-F19)/H19)*12,0),0) -> 2174283087
B20: CAPACIDAD RESIDUAL DEL PROCESO DE CONTRATACIÓN | I20: =SUM(I19:N19) -> 2174283087
T21: IDENTIFICACIÓN DEL PROPONENTE: | V21: =#REF! -> #REF!
B22: ="INTEGRANTE 1: "&$C$7 -> INTEGRANTE 1: MARIA JOSE HERRERA GUZMAN | Q22: SMMLV 2025 | T22: FECHA CIERRE | U22: 45614
B23: PORCENTAJE DE PARTICIPACIÓN | I23: =$G$7 -> 0.5 | Q23: 1423500
B24: Capacidad Residual Proponente | H24: Factor | N24: P. M. | T24: ÍTEMS | U24: CONTRATO No. | V24: FECHA INICIO (DD/MM/AAAA) | W24: FECHA TERMINACIÓN (DD/MM/AAAA) | X24: FECHA SUSPENSIÓN (DD/MM/AA) SI APLICA | Y24: VALOR DEL CONTRATO ( MONEDA LEGAL COLOMBIANA) | Z24: PORCENTAJE (%) DE PARTICIPACIÓN | AA24: VR. FINAL DEL CONTRATO EN EJECUCIÓN | AB24: PLAZO EJECUCIÓN (Días) | AC24: PLAZO EJECUTADO (Días) | AD24: PLAZO POR EJECUTAR (Días) | AE24: SALDO POR EJECUTAR
H25: Experiencia. (- E -) | N25: 120
H26: Capacidad Financiera. (CF) | N26: 40 | T26: 1 | U26: M1 | V26: 44995 | W26: 45545 | X26: 45475 | Y26: =2195389085 -> 2195389085 | Z26: 0.9 | AA26: =Y26*Z26 -> 1.9758502e+09 | AB26: =DAYS360(V26,W26) -> 540 | AC26: =IF(X26>$R$45,(X26-V26),($U$22-V26)) -> 480 | AD26: =IF((AB26-AC26)>$P$28,$P$28,(AB26-AC26)) -> 60 | AE26: =ROUND((AA26/AB26)*AD26,0) -> 219538909
H27: Capacidad Técnica. (CT) | N27: 40 | P27: DÍAS | Q27: CUMPLE | R27: MESES | T27: =T26+1 -> 2 | U27: M2 | V27: 45229 | W27: =U22+81 -> 45695 | Y27: 5625559703 | Z27: 1 | AA27: =Y27*Z27 -> 5625559703 | AB27: =DAYS360(V27,W27) -> 457 | AC27: =IF(X27>$R$45,(X27-V27),($U$22-V27)) -> 385 | AD27: =IF((AB27-AC27)>$P$28,$P$28,(AB27-AC27)) -> 72 | AE27: 886496604
H28: TOTAL | N28: =SUM(N25:N27) -> 200 | P28: 360 | Q28: NO CUMPLE | R28: 12 | T28: =T27+1 -> 3 | U28: M3 | V28: 45245 | W28: 45762 | Y28: 9.3784714e+09 | Z28: 0.7 | AA28: =Y28*Z28 -> 6.56493e+09 | AB28: =DAYS360(V28,W28) -> 510 | AC28: =IF(X28>$R$45,(X28-V28),($U$22-V28)) -> 369 | AD28: =IF((AB28-AC28)>$P$28,$P$28,(AB28-AC28)) -> 141 | AE28: =ROUND((AA28/AB28)*AD28,0) -> 1815010047
B29: CAPACIDAD DE ORGANIZACIÓN. (CO) | T29: =T28+1 -> 4 | U29: M4 | W29: =W28 -> 45762 | Y29: 0 | Z29: 1 | AA29: =Y29*Z29 -> 0 | AB29: =DAYS360(V29,W29)+1 -> 45106 | AC29: =IF(X29>$R$45,(X29-V29)+1,($U$22-V29)+1) -> 45615 | AD29: =IF((AB29-AC29)>$P$28,$P$28,(AB29-AC29)) -> -509 | AE29: =ROUND((AA29/AB29)*AD29,0) -> 0
B30: Información Financiera. (Máximo 5 años anteriores) | I30: Ingresos Operacionales | P30: INGRESOS MIN US$ | Q30: TRM VIGENTE | R30: INGRESOS OP. MIN | T30: =T29+1 -> 5 | U30: M5 | W30: =W29 -> 45762 | Y30: 0 | Z30: 1 | AA30: =Y30*Z30 -> 0 | AB30: =DAYS360(V30,W30)+1 -> 45106 | AC30: =IF(X30>$R$45,(X30-V30)+1,($U$22-V30)+1) -> 45615 | AD30: =IF((AB30-AC30)>$P$28,$P$28,(AB30-AC30)) -> -509 | AE30: =ROUND((AA30/AB30)*AD30,0) -> 0
B31: Ingreso Operacional más alto de los últimos cinco (5) años | I31: =IF($H$7>$R$31,$H$7,$R$31) -> 533288000 | P31: 125000 | Q31: =533287768/P31 -> 4266.3021 | R31: =ROUNDUP(P31*Q31,-3) -> 533288000 | T31: =T30+1 -> 6 | U31: M6 | W31: =W30 -> 45762 | Y31: 0 | Z31: 1 | AA31: =Y31*Z31 -> 0 | AB31: =DAYS360(V31,W31)+1 -> 45106 | AC31: =IF(X31>$R$45,(X31-V31)+1,($U$22-V31)+1) -> 45615 | AD31: =IF((AB31-AC31)>$P$28,$P$28,(AB31-AC31)) -> -509 | AE31: =ROUND((AA31/AB31)*AD31,0) -> 0
B32: EXPERIENCIA DEL PROPONENTE (-E-) | Q32: UMBRAL PYMES 2023 - 2024 COLOMBIA COMPRA | T32: =T31+1 -> 7 | U32: M7 | W32: =W31 -> 45762 | Y32: 0 | Z32: 1 | AA32: =Y32*Z32 -> 0 | AB32: =DAYS360(V32,W32)+1 -> 45106 | AC32: =IF(X32>$R$45,(X32-V32)+1,($U$22-V32)+1) -> 45615 | AD32: =IF((AB32-AC32)>$P$28,$P$28,(AB32-AC32)) -> -509 | AE32: =ROUND((AA32/AB32)*AD32,0) -> 0
B33: Relación de contratos RUP en SMML | P33: Experiencia veces | R33: puntaje | T33: =T32+1 -> 8 | U33: M8 | W33: =W32 -> 45762 | Y33: 0 | Z33: 1 | AA33: =Y33*Z33 -> 0 | AB33: =DAYS360(V33,W33)+1 -> 45106 | AC33: =IF(X33>$R$45,(X33-V33)+1,($U$22-V33)+1) -> 45615 | AD33: =IF((AB33-AC33)>$P$28,$P$28,(AB33-AC33)) -> -509 | AE33: =ROUND((AA33/AB33)*AD33,0) -> 0
B34: No | C34: Valor Contrato | D34: No | E34: Valor Contrato | F34: No | G34: Valor Contrato | H34: No | I34: Valor Contrato | J34: No | K34: Valor Contrato | L34: No | M34: Valor Contrato | N34: Segmento 72 "Servicios de Edificación, Construcción de Instalaciones y Mantenimiento" | P34: 0 | Q34: 3 | R34: 60 | T34: =T33+1 -> 9 | U34: M9 | W34: =W33 -> 45762 | Y34: 0 | Z34: 1 | AA34: =Y34*Z34 -> 0 | AB34: =DAYS360(V34,W34)+1 -> 45106 | AC34: =IF(X34>$R$45,(X34-V34)+1,($U$22-V34)+1) -> 45615 | AD34: =IF((AB34-AC34)>$P$28,$P$28,(AB34-AC34)) -> -509 | AE34: =ROUND((AA34/AB34)*AD34,0) -> 0
B35: 1 | D35: 22 | F35: 43 | H35: 64 | J35: 85 | L35: 106 | P35: 3 | Q35: 6 | R35: 80 | T35: =T34+1 -> 10 | U35: M10 | W35: =W34 -> 45762 | Y35: 0 | Z35: 1 | AA35: =Y35*Z35 -> 0 | AB35: =DAYS360(V35,W35)+1 -> 45106 | AC35: =IF(X35>$R$45,(X35-V35)+1,($U$22-V35)+1) -> 45615 | AD35: =IF((AB35-AC35)>$P$28,$P$28,(AB35-AC35)) -> -509 | AE35: =ROUND((AA35/AB35)*AD35,0) -> 0
B36: =+B35+1 -> 2 | D36: =+D35+1 -> 23 | F36: =+F35+1 -> 44 | H36: =+H35+1 -> 65 | J36: =+J35+1 -> 86 | L36: =+L35+1 -> 107 | P36: 6 | Q36: 10 | R36: 100 | T36: =T35+1 -> 11 | U36: M11 | W36: =W35 -> 45762 | Y36: 0 | Z36: 1 | AA36: =Y36*Z36 -> 0 | AB36: =DAYS360(V36,W36)+1 -> 45106 | AC36: =IF(X36>$R$45,(X36-V36)+1,($U$22-V36)+1) -> 45615 | AD36: =IF((AB36-AC36)>$P$28,$P$28,(AB36-AC36)) -> -509 | AE36: =ROUND((AA36/AB36)*AD36,0) -> 0
B37: =+B36+1 -> 3 | D37: =+D36+1 -> 24 | F37: =+F36+1 -> 45 | H37: =+H36+1 -> 66 | J37: =+J36+1 -> 87 | L37: =+L36+1 -> 108 | P37: 10 | R37: 120 | T37: =T36+1 -> 12 | U37: M12 | W37: =W36 -> 45762 | Y37: 0 | Z37: 1 | AA37: =Y37*Z37 -> 0 | AB37: =DAYS360(V37,W37)+1 -> 45106 | AC37: =IF(X37>$R$45,(X37-V37)+1,($U$22-V37)+1) -> 45615 | AD37: =IF((AB37-AC37)>$P$28,$P$28,(AB37-AC37)) -> -509 | AE37: =ROUND((AA37/AB37)*AD37,0) -> 0
B38: =+B37+1 -> 4 | D38: =+D37+1 -> 25 | F38: =+F37+1 -> 46 | H38: =+H37+1 -> 67 | J38: =+J37+1 -> 88 | L38: =+L37+1 -> 109 | P38: Índice liquidez | R38: puntaje | T38: =T37+1 -> 13 | U38: M13 | W38: =W37 -> 45762 | Y38: 0 | Z38: 1 | AA38: =Y38*Z38 -> 0 | AB38: =DAYS360(V38,W38)+1 -> 45106 | AC38: =IF(X38>$R$45,(X38-V38)+1,($U$22-V38)+1) -> 45615 | AD38: =IF((AB38-AC38)>$P$28,$P$28,(AB38-AC38)) -> -509 | AE38: =ROUND((AA38/AB38)*AD38,0) -> 0
B39: =+B38+1 -> 5 | D39: =+D38+1 -> 26 | F39: =+F38+1 -> 47 | H39: =+H38+1 -> 68 | J39: =+J38+1 -> 89 | L39: =+L38+1 -> 110 | P39: 0 | Q39: 0.5 | R39: 20 | T39: =T38+1 -> 14 | U39: M14 | W39: =W38 -> 45762 | Y39: 0 | Z39: 1 | AA39: =Y39*Z39 -> 0 | AB39: =DAYS360(V39,W39)+1 -> 45106 | AC39: =IF(X39>$R$45,(X39-V39)+1,($U$22-V39)+1) -> 45615 | AD39: =IF((AB39-AC39)>$P$28,$P$28,(AB39-AC39)) -> -509 | AE39: =ROUND((AA39/AB39)*AD39,0) -> 0
B40: =+B39+1 -> 6 | D40: =+D39+1 -> 27 | F40: =+F39+1 -> 48 | H40: =+H39+1 -> 69 | J40: =+J39+1 -> 90 | L40: =+L39+1 -> 111 | P40: 0.5 | Q40: 0.75 | R40: 25 | T40: =T39+1 -> 15 | U40: M15 | W40: =W39 -> 45762 | Y40: 0 | Z40: 1 | AA40: =Y40*Z40 -> 0 | AB40: =DAYS360(V40,W40)+1 -> 45106 | AC40: =IF(X40>$R$45,(X40-V40)+1,($U$22-V40)+1) -> 45615 | AD40: =IF((AB40-AC40)>$P$28,$P$28,(AB40-AC40)) -> -509 | AE40: =ROUND((AA40/AB40)*AD40,0) -> 0
B41: =+B40+1 -> 7 | D41: =+D40+1 -> 28 | F41: =+F40+1 -> 49 | H41: =+H40+1 -> 70 | J41: =+J40+1 -> 91 | L41: =+L40+1 -> 112 | P41: 0.75 | Q41: 1 | R41: 30 | T41: =T40+1 -> 16 | U41: M16 | W41: =W40 -> 45762 | Y41: 0 | Z41: 1 | AA41: =Y41*Z41 -> 0 | AB41: =DAYS360(V41,W41)+1 -> 45106 | AC41: =IF(X41>$R$45,(X41-V41)+1,($U$22-V41)+1) -> 45615 | AD41: =IF((AB41-AC41)>$P$28,$P$28,(AB41-AC41)) -> -509 | AE41: =ROUND((AA41/AB41)*AD41,0) -> 0
B42: =+B41+1 -> 8 | D42: =+D41+1 -> 29 | F42: =+F41+1 -> 50 | H42: =+H41+1 -> 71 | J42: =+J41+1 -> 92 | L42: =+L41+1 -> 113 | P42: 1 | Q42: 1.5 | R42: 35 | T42: =T41+1 -> 17 | U42: M17 | W42: =W41 -> 45762 | Y42: 0 | Z42: 1 | AA42: =Y42*Z42 -> 0 | AB42: =DAYS360(V42,W42)+1 -> 45106 | AC42: =IF(X42>$R$45,(X42-V42)+1,($U$22-V42)+1) -> 45615 | AD42: =IF((AB42-AC42)>$P$28,$P$28,(AB42-AC42)) -> -509 | AE42: =ROUND((AA42/AB42)*AD42,0) -> 0
B43: =+B42+1 -> 9 | D43: =+D42+1 -> 30 | F43: =+F42+1 -> 51 | H43: =+H42+1 -> 72 | J43: =+J42+1 -> 93 | L43: =+L42+1 -> 114 | P43: 1.5 | R43: 40 | T43: =T42+1 -> 18 | U43: M18 | W43: =W42 -> 45762 | Y43: 0 | Z43: 1 | AA43: =Y43*Z43 -> 0 | AB43: =DAYS360(V43,W43)+1 -> 45106 | AC43: =IF(X43>$R$45,(X43-V43)+1,($U$22-V43)+1) -> 45615 | AD43: =IF((AB43-AC43)>$P$28,$P$28,(AB43-AC43)) -> -509 | AE43: =ROUND((AA43/AB43)*AD43,0) -> 0
B44: =+B43+1 -> 10 | D44: =+D43+1 -> 31 | F44: =+F43+1 -> 52 | H44: =+H43+1 -> 73 | J44: =+J43+1 -> 94 | L44: =+L43+1 -> 115 | P44: Socios y Profesionales | R44: puntaje | T44: =T43+1 -> 19 | U44: M19 | W44: =W43 -> 45762 | Y44: 0 | Z44: 1 | AA44: =Y44*Z44 -> 0 | AB44: =DAYS360(V44,W44)+1 -> 45106 | AC44: =IF(X44>$R$45,(X44-V44)+1,($U$22-V44)+1) -> 45615 | AD44: =IF((AB44-AC44)>$P$28,$P$28,(AB44-AC44)) -> -509 | AE44: =ROUND((AA44/AB44)*AD44,0) -> 0
B45: =+B44+1 -> 11 | D45: =+D44+1 -> 32 | F45: =+F44+1 -> 53 | H45: =+H44+1 -> 74 | J45: =+J44+1 -> 95 | L45: =+L44+1 -> 116 | R45: 0 | T45: =T44+1 -> 20 | U45: M20 | W45: =W44 -> 45762 | Y45: 0 | Z45: 1 | AA45: =Y45*Z45 -> 0 | AB45: =DAYS360(V45,W45)+1 -> 45106 | AC45: =IF(X45>$R$45,(X45-V45)+1,($U$22-V45)+1) -> 45615 | AD45: =IF((AB45-AC45)>$P$28,$P$28,(AB45-AC45)) -> -509 | AE45: =ROUND((AA45/AB45)*AD45,0) -> 0
B46: =+B45+1 -> 12 | D46: =+D45+1 -> 33 | F46: =+F45+1 -> 54 | H46: =+H45+1 -> 75 | J46: =+J45+1 -> 96 | L46: =+L45+1 -> 117 | P46: 0 | Q46: 5 | R46: 20 | T46: =T45+1 -> 21 | U46: M21 | W46: =W45 -> 45762 | Y46: 0 | Z46: 1 | AA46: =Y46*Z46 -> 0 | AB46: =DAYS360(V46,W46)+1 -> 45106 | AC46: =IF(X46>$R$45,(X46-V46)+1,($U$22-V46)+1) -> 45615 | AD46: =IF((AB46-AC46)>$P$28,$P$28,(AB46-AC46)) -> -509 | AE46: =ROUND((AA46/AB46)*AD46,0) -> 0
B47: =+B46+1 -> 13 | D47: =+D46+1 -> 34 | F47: =+F46+1 -> 55 | H47: =+H46+1 -> 76 | J47: =+J46+1 -> 97 | L47: =+L46+1 -> 118 | P47: 5 | Q47: 10 | R47: 30 | T47: =T46+1 -> 22 | U47: M22 | W47: =W46 -> 45762 | Y47: 0 | Z47: 1 | AA47: =Y47*Z47 -> 0 | AB47: =DAYS360(V47,W47)+1 -> 45106 | AC47: =IF(X47>$R$45,(X47-V47)+1,($U$22-V47)+1) -> 45615 | AD47: =IF((AB47-AC47)>$P$28,$P$28,(AB47-AC47)) -> -509 | AE47: =ROUND((AA47/AB47)*AD47,0) -> 0
B48: =+B47+1 -> 14 | D48: =+D47+1 -> 35 | F48: =+F47+1 -> 56 | H48: =+H47+1 -> 77 | J48: =+J47+1 -> 98 | L48: =+L47+1 -> 119 | P48: 10 | R48: 40 | T48: =T47+1 -> 23 | U48: M23 | W48: =W47 -> 45762 | Y48: 0 | Z48: 1 | AA48: =Y48*Z48 -> 0 | AB48: =DAYS360(V48,W48)+1 -> 45106 | AC48: =IF(X48>$R$45,(X48-V48)+1,($U$22-V48)+1) -> 45615 | AD48: =IF((AB48-AC48)>$P$28,$P$28,(AB48-AC48)) -> -509 | AE48: =ROUND((AA48/AB48)*AD48,0) -> 0
B49: =+B48+1 -> 15 | D49: =+D48+1 -> 36 | F49: =+F48+1 -> 57 | H49: =+H48+1 -> 78 | J49: =+J48+1 -> 99 | L49: =+L48+1 -> 120 | T49: =T48+1 -> 24 | U49: M24 | W49: =W48 -> 45762 | Y49: 0 | Z49: 1 | AA49: =Y49*Z49 -> 0 | AB49: =DAYS360(V49,W49)+1 -> 45106 | AC49: =IF(X49>$R$45,(X49-V49)+1,($U$22-V49)+1) -> 45615 | AD49: =IF((AB49-AC49)>$P$28,$P$28,(AB49-AC49)) -> -509 | AE49: =ROUND((AA49/AB49)*AD49,0) -> 0
B50: =+B49+1 -> 16 | D50: =+D49+1 -> 37 | F50: =+F49+1 -> 58 | H50: =+H49+1 -> 79 | J50: =+J49+1 -> 100 | L50: =+L49+1 -> 121 | T50: =T49+1 -> 25 | U50: M25 | W50: =W49 -> 45762 | Y50: 0 | Z50: 1 | AA50: =Y50*Z50 -> 0 | AB50: =DAYS360(V50,W50)+1 -> 45106 | AC50: =IF(X50>$R$45,(X50-V50)+1,($U$22-V50)+1) -> 45615 | AD50: =IF((AB50-AC50)>$P$28,$P$28,(AB50-AC50)) -> -509 | AE50: =ROUND((AA50/AB50)*AD50,0) -> 0
B51: =+B50+1 -> 17 | D51: =+D50+1 -> 38 | F51: =+F50+1 -> 59 | H51: =+H50+1 -> 80 | J51: =+J50+1 -> 101 | L51: =+L50+1 -> 122 | T51: =T50+1 -> 26 | U51: M26 | W51: =W50 -> 45762 | Y51: 0 | Z51: 1 | AA51: =Y51*Z51 -> 0 | AB51: =DAYS360(V51,W51)+1 -> 45106 | AC51: =IF(X51>$R$45,(X51-V51)+1,($U$22-V51)+1) -> 45615 | AD51: =IF((AB51-AC51)>$P$28,$P$28,(AB51-AC51)) -> -509 | AE51: =ROUND((AA51/AB51)*AD51,0) -> 0
B52: =+B51+1 -> 18 | D52: =+D51+1 -> 39 | F52: =+F51+1 -> 60 | H52: =+H51+1 -> 81 | J52: =+J51+1 -> 102 | L52: =+L51+1 -> 123 | T52: =T51+1 -> 27 | U52: M27 | W52: =W51 -> 45762 | Y52: 0 | Z52: 1 | AA52: =Y52*Z52 -> 0 | AB52: =DAYS360(V52,W52)+1 -> 45106 | AC52: =IF(X52>$R$45,(X52-V52)+1,($U$22-V52)+1) -> 45615 | AD52: =IF((AB52-AC52)>$P$28,$P$28,(AB52-AC52)) -> -509 | AE52: =ROUND((AA52/AB52)*AD52,0) -> 0
B53: =+B52+1 -> 19 | D53: =+D52+1 -> 40 | F53: =+F52+1 -> 61 | H53: =+H52+1 -> 82 | J53: =+J52+1 -> 103 | L53: =+L52+1 -> 124 | T53: =T52+1 -> 28 | U53: M28 | W53: =W52 -> 45762 | Y53: 0 | Z53: 1 | AA53: =Y53*Z53 -> 0 | AB53: =DAYS360(V53,W53)+1 -> 45106 | AC53: =IF(X53>$R$45,(X53-V53)+1,($U$22-V53)+1) -> 45615 | AD53: =IF((AB53-AC53)>$P$28,$P$28,(AB53-AC53)) -> -509 | AE53: =ROUND((AA53/AB53)*AD53,0) -> 0
B54: =+B53+1 -> 20 | D54: =+D53+1 -> 41 | F54: =+F53+1 -> 62 | H54: =+H53+1 -> 83 | J54: =+J53+1 -> 104 | L54: =+L53+1 -> 125 | T54: =T53+1 -> 29 | U54: M29 | W54: =W53 -> 45762 | Y54: 0 | Z54: 1 | AA54: =Y54*Z54 -> 0 | AB54: =DAYS360(V54,W54)+1 -> 45106 | AC54: =IF(X54>$R$45,(X54-V54)+1,($U$22-V54)+1) -> 45615 | AD54: =IF((AB54-AC54)>$P$28,$P$28,(AB54-AC54)) -> -509 | AE54: =ROUND((AA54/AB54)*AD54,0) -> 0
B55: =+B54+1 -> 21 | D55: =+D54+1 -> 42 | F55: =+F54+1 -> 63 | H55: =+H54+1 -> 84 | J55: =+J54+1 -> 105 | L55: =+L54+1 -> 126 | T55: =T54+1 -> 30 | U55: M30 | W55: =W54 -> 45762 | Y55: 0 | Z55: 1 | AA55: =Y55*Z55 -> 0 | AB55: =DAYS360(V55,W55)+1 -> 45106 | AC55: =IF(X55>$R$45,(X55-V55)+1,($U$22-V55)+1) -> 45615 | AD55: =IF((AB55-AC55)>$P$28,$P$28,(AB55-AC55)) -> -509 | AE55: =ROUND((AA55/AB55)*AD55,0) -> 0
B56: Valor total Contratos RUP (SMML) | J56: =SUM(C35:C55,G35:G55,K35:K55,E35:E55,I35:I55,K35:K55,M35:M55) -> 0 | T56: =T55+1 -> 31 | U56: M31 | W56: =W55 -> 45762 | Y56: 0 | Z56: 1 | AA56: =Y56*Z56 -> 0 | AB56: =DAYS360(V56,W56)+1 -> 45106 | AC56: =IF(X56>$R$45,(X56-V56)+1,($U$22-V56)+1) -> 45615 | AD56: =IF((AB56-AC56)>$P$28,$P$28,(AB56-AC56)) -> -509 | AE56: =ROUND((AA56/AB56)*AD56,0) -> 0
B57: Valor experiencia = (Valor Contratos RUP/Ppto Oficial) | J57: =IFERROR($J$56/(($B$19)*I23),0) -> 0 | T57: =T56+1 -> 32 | U57: M32 | W57: =W56 -> 45762 | Y57: 0 | Z57: 1 | AA57: =Y57*Z57 -> 0 | AB57: =DAYS360(V57,W57)+1 -> 45106 | AC57: =IF(X57>$R$45,(X57-V57)+1,($U$22-V57)+1) -> 45615 | AD57: =IF((AB57-AC57)>$P$28,$P$28,(AB57-AC57)) -> -509 | AE57: =ROUND((AA57/AB57)*AD57,0) -> 0
B58: PUNTAJE EXPERIENCIA | L58: =IF(J57>P37,R37,IF(J57>P36,R36,IF(J57>P35,R35,R34))) -> 60 | T58: =T57+1 -> 33 | U58: M33 | W58: =W57 -> 45762 | Y58: 0 | Z58: 1 | AA58: =Y58*Z58 -> 0 | AB58: =DAYS360(V58,W58)+1 -> 45106 | AC58: =IF(X58>$R$45,(X58-V58)+1,($U$22-V58)+1) -> 45615 | AD58: =IF((AB58-AC58)>$P$28,$P$28,(AB58-AC58)) -> -509 | AE58: =ROUND((AA58/AB58)*AD58,0) -> 0
B59: CAPACIDAD FINANCIERA (CF) | T59: =T58+1 -> 34 | U59: M34 | W59: =W58 -> 45762 | Y59: 0 | Z59: 1 | AA59: =Y59*Z59 -> 0 | AB59: =DAYS360(V59,W59)+1 -> 45106 | AC59: =IF(X59>$R$45,(X59-V59)+1,($U$22-V59)+1) -> 45615 | AD59: =IF((AB59-AC59)>$P$28,$P$28,(AB59-AC59)) -> -509 | AE59: =ROUND((AA59/AB59)*AD59,0) -> 0
H60: Activo Corriente último año | L60: =$I$7 -> 0 | T60: =T59+1 -> 35 | U60: M35 | W60: =W59 -> 45762 | Y60: 0 | Z60: 1 | AA60: =Y60*Z60 -> 0 | AB60: =DAYS360(V60,W60)+1 -> 45106 | AC60: =IF(X60>$R$45,(X60-V60)+1,($U$22-V60)+1) -> 45615 | AD60: =IF((AB60-AC60)>$P$28,$P$28,(AB60-AC60)) -> -509 | AE60: =ROUND((AA60/AB60)*AD60,0) -> 0
H61: Pasivo Corriente último año | L61: =$J$7 -> 0 | T61: =T60+1 -> 36 | U61: M36 | W61: =W60 -> 45762 | Y61: 0 | Z61: 1 | AA61: =Y61*Z61 -> 0 | AB61: =DAYS360(V61,W61)+1 -> 45106 | AC61: =IF(X61>$R$45,(X61-V61)+1,($U$22-V61)+1) -> 45615 | AD61: =IF((AB61-AC61)>$P$28,$P$28,(AB61-AC61)) -> -509 | AE61: =ROUND((AA61/AB61)*AD61,0) -> 0
H62: Índice de liquidez | L62: =IFERROR(ROUND(L60/L61,2),0) -> 0 | T62: =T61+1 -> 37 | U62: M37 | W62: =W61 -> 45762 | Y62: 0 | Z62: 1 | AA62: =Y62*Z62 -> 0 | AB62: =DAYS360(V62,W62)+1 -> 45106 | AC62: =IF(X62>$R$45,(X62-V62)+1,($U$22-V62)+1) -> 45615 | AD62: =IF((AB62-AC62)>$P$28,$P$28,(AB62-AC62)) -> -509 | AE62: =ROUND((AA62/AB62)*AD62,0) -> 0
B63: PUNTAJE CAPACIDAD FINANCIERA | L63: =IF(L62>P43,R43,IF(L62>P42,R42,IF(L62>P41,R41,IF(L62>P40,R40,R39)))) -> 20 | T63: =T62+1 -> 38 | U63: M38 | W63: =W62 -> 45762 | Y63: 0 | Z63: 1 | AA63: =Y63*Z63 -> 0 | AB63: =DAYS360(V63,W63)+1 -> 45106 | AC63: =IF(X63>$R$45,(X63-V63)+1,($U$22-V63)+1) -> 45615 | AD63: =IF((AB63-AC63)>$P$28,$P$28,(AB63-AC63)) -> -509 | AE63: =ROUND((AA63/AB63)*AD63,0) -> 0
B64: CAPACIDAD TÉCNICA (CT) | T64: =T63+1 -> 39 | U64: M39 | W64: =W63 -> 45762 | Y64: 0 | Z64: 1 | AA64: =Y64*Z64 -> 0 | AB64: =DAYS360(V64,W64)+1 -> 45106 | AC64: =IF(X64>$R$45,(X64-V64)+1,($U$22-V64)+1) -> 45615 | AD64: =IF((AB64-AC64)>$P$28,$P$28,(AB64-AC64)) -> -509 | AE64: =ROUND((AA64/AB64)*AD64,0) -> 0
B65: Número de socios y profesionales de la arquitectura, ingeniería y geología vinculados. | M65: =$K$7 -> 0 | T65: =T64+1 -> 40 | U65: M40 | W65: =W64 -> 45762 | Y65: 0 | Z65: 1 | AA65: =Y65*Z65 -> 0 | AB65: =DAYS360(V65,W65)+1 -> 45106 | AC65: =IF(X65>$R$45,(X65-V65)+1,($U$22-V65)+1) -> 45615 | AD65: =IF((AB65-AC65)>$P$28,$P$28,(AB65-AC65)) -> -509 | AE65: =ROUND((AA65/AB65)*AD65,0) -> 0
B66: PUNTAJE CAPACIDAD TÉCNICA | L66: =IF(M65>P48,R48,IF(M65>P47,R47,IF(M65>P46,R46,R45))) -> 0 | T66: =T65+1 -> 41 | U66: M41 | W66: =W65 -> 45762 | Y66: 0 | Z66: 1 | AA66: =Y66*Z66 -> 0 | AB66: =DAYS360(V66,W66)+1 -> 45106 | AC66: =IF(X66>$R$45,(X66-V66)+1,($U$22-V66)+1) -> 45615 | AD66: =IF((AB66-AC66)>$P$28,$P$28,(AB66-AC66)) -> -509 | AE66: =ROUND((AA66/AB66)*AD66,0) -> 0
T67: =T66+1 -> 42 | U67: M42 | W67: =W66 -> 45762 | Y67: 0 | Z67: 1 | AA67: =Y67*Z67 -> 0 | AB67: =DAYS360(V67,W67)+1 -> 45106 | AC67: =IF(X67>$R$45,(X67-V67)+1,($U$22-V67)+1) -> 45615 | AD67: =IF((AB67-AC67)>$P$28,$P$28,(AB67-AC67)) -> -509 | AE67: =ROUND((AA67/AB67)*AD67,0) -> 0
B68: ="CAPACIDAD DE CONTRATACIÓN INTEGRANTE 1: "&$B$22 -> CAPACIDAD DE CONTRATACIÓN INTEGRANTE 1: INTEGRANTE 1: MARIA JOSE HERRERA GUZMAN | L68: =I31*((L58+L63+L66)/100) -> 426630400 | T68: =T67+1 -> 43 | U68: M43 | W68: =W67 -> 45762 | Y68: 0 | Z68: 1 | AA68: =Y68*Z68 -> 0 | AB68: =DAYS360(V68,W68)+1 -> 45106 | AC68: =IF(X68>$R$45,(X68-V68)+1,($U$22-V68)+1) -> 45615 | AD68: =IF((AB68-AC68)>$P$28,$P$28,(AB68-AC68)) -> -509 | AE68: =ROUND((AA68/AB68)*AD68,0) -> 0
B69: ="SALDO DE LOS CONTRATOS EN EJECUCIÓN INTEGRANTE 1: "&$B$22 -> SALDO DE LOS CONTRATOS EN EJECUCIÓN INTEGRANTE 1: INTEGRANTE 1: MARIA JOSE HERRERA GUZMAN | L69: =$M$7 -> 0 | Z69: SALDO POR EJECUTAR DE LOS CONTRATOS EN EJECUCIÓN | AE69: =SUM(AE26:AE68) -> 2921045560
B70: ="CAPACIDAD RESIDUAL DE CONTRATACIÓN INTEGRANTE 1: "&$B$22 -> CAPACIDAD RESIDUAL DE CONTRATACIÓN INTEGRANTE 1: INTEGRANTE 1: MARIA JOSE HERRERA GUZMAN | L70: =L68-L69 -> 426630400
B72: ="INTEGRANTE 2: "&$C$8 -> INTEGRANTE 2: VENTURA & CO. SAS | T72: IDENTIFICACIÓN DEL PROPONENTE: | V72: =B72 -> INTEGRANTE 2: VENTURA & CO. SAS
B73: PORCENTAJE DE PARTICIPACIÓN | I73: =$G$8 -> 0.5 | T73: FECHA CIERRE | U73: =U22 -> 45614
B74: Capacidad Residual Proponente | H74: Factor | N74: P. M.
H75: Experiencia. (- E -) | N75: 120 | Q75: SMMLV 2025 | T75: ÍTEMS | U75: CONTRATO No. | V75: FECHA INICIO (DD/MM/AAAA) | W75: FECHA TERMINACIÓN (DD/MM/AAAA) | X75: FECHA SUSPENSIÓN (DD/MM/AA) SI APLICA | Y75: VALOR DEL CONTRATO ( MONEDA LEGAL COLOMBIANA) | Z75: PORCENTAJE (%) DE PARTICIPACIÓN | AA75: VR. FINAL DEL CONTRATO EN EJECUCIÓN | AB75: PLAZO EJECUCIÓN (Días) | AC75: PLAZO EJECUTADO (Días) | AD75: PLAZO POR EJECUTAR (Días) | AE75: SALDO POR EJECUTAR
H76: Capacidad Financiera. (CF) | N76: 40 | Q76: 1423500
H77: Capacidad Técnica. (CT) | N77: 40 | T77: 1 | U77: M1 | V77: 42095 | W77: 42124 | X77: 42099 | Y77: 30000000 | Z77: 1 | AA77: =Y77*Z77 -> 30000000 | AB77: =DAYS360(V77,W77)+1 -> 30 | AC77: =IF(X77>$R$45,(X77-V77)+1,($U$22-V77)+1) -> 5 | AD77: =IF((AB77-AC77)>$P$28,$P$28,(AB77-AC77)) -> 25 | AE77: =ROUND((AA77/AB77)*AD77,0) -> 25000000
H78: TOTAL | N78: =SUM(N75:N77) -> 200 | P78: DÍAS | Q78: CUMPLE | R78: MESES | T78: =T77+1 -> 2 | U78: M2 | W78: =U73 -> 45614 | Y78: 0 | Z78: 1 | AA78: =Y78*Z78 -> 0 | AB78: =DAYS360(V78,W78)+1 -> 44959 | AC78: =IF(X78>$R$45,(X78-V78)+1,($U$22-V78)+1) -> 45615 | AD78: =IF((AB78-AC78)>$P$28,$P$28,(AB78-AC78)) -> -656 | AE78: =ROUND((AA78/AB78)*AD78,0) -> 0
B79: Capacidad de Organización. (CO) | P79: 360 | Q79: NO CUMPLE | R79: 12 | T79: =T78+1 -> 3 | U79: M3 | W79: =W78 -> 45614 | Y79: 0 | Z79: 1 | AA79: =Y79*Z79 -> 0 | AB79: =DAYS360(V79,W79)+1 -> 44959 | AC79: =IF(X79>$R$45,(X79-V79)+1,($U$22-V79)+1) -> 45615 | AD79: =IF((AB79-AC79)>$P$28,$P$28,(AB79-AC79)) -> -656 | AE79: =ROUND((AA79/AB79)*AD79,0) -> 0
B80: Información Financiera. (Máximo 5 años anteriores) | I80: Ingresos Operacionales | T80: =T79+1 -> 4 | U80: M4 | W80: =W79 -> 45614 | Y80: 0 | Z80: 1 | AA80: =Y80*Z80 -> 0 | AB80: =DAYS360(V80,W80)+1 -> 44959 | AC80: =IF(X80>$R$45,(X80-V80)+1,($U$22-V80)+1) -> 45615 | AD80: =IF((AB80-AC80)>$P$28,$P$28,(AB80-AC80)) -> -656 | AE80: =ROUND((AA80/AB80)*AD80,0) -> 0
B81: Ingreso Operacional más alto de los últimos cinco (5) años | I81: =IF($H$8>$R$31,$H$8,$R$31) -> 533288000 | P81: INGRESOS MIN US$ | Q81: TRM VIGENTE | R81: INGRESOS OP. MIN | T81: =T80+1 -> 5 | U81: M5 | W81: =W80 -> 45614 | Y81: 0 | Z81: 1 | AA81: =Y81*Z81 -> 0 | AB81: =DAYS360(V81,W81)+1 -> 44959 | AC81: =IF(X81>$R$45,(X81-V81)+1,($U$22-V81)+1) -> 45615 | AD81: =IF((AB81-AC81)>$P$28,$P$28,(AB81-AC81)) -> -656 | AE81: =ROUND((AA81/AB81)*AD81,0) -> 0
B82: Experiencia del Proponente (-E-) | P82: 125000 | Q82: =533287768/P82 -> 4266.3021 | R82: =ROUNDUP(P82*Q82,-3) -> 533288000 | T82: =T81+1 -> 6 | U82: M6 | W82: =W81 -> 45614 | Y82: 0 | Z82: 1 | AA82: =Y82*Z82 -> 0 | AB82: =DAYS360(V82,W82)+1 -> 44959 | AC82: =IF(X82>$R$45,(X82-V82)+1,($U$22-V82)+1) -> 45615 | AD82: =IF((AB82-AC82)>$P$28,$P$28,(AB82-AC82)) -> -656 | AE82: =ROUND((AA82/AB82)*AD82,0) -> 0
B83: Relación de contratos RUP en SMML | Q83: UMBRAL PYMES 2023 - 2024 COLOMBIA COMPRA | T83: =T82+1 -> 7 | U83: M7 | W83: =W82 -> 45614 | Y83: 0 | Z83: 1 | AA83: =Y83*Z83 -> 0 | AB83: =DAYS360(V83,W83)+1 -> 44959 | AC83: =IF(X83>$R$45,(X83-V83)+1,($U$22-V83)+1) -> 45615 | AD83: =IF((AB83-AC83)>$P$28,$P$28,(AB83-AC83)) -> -656 | AE83: =ROUND((AA83/AB83)*AD83,0) -> 0
B84: No | C84: Valor Contrato | D84: No | E84: Valor Contrato | F84: No | G84: Valor Contrato | H84: No | I84: Valor Contrato | J84: No | K84: Valor Contrato | L84: No | M84: Valor Contrato | N84: Segmento 72 "Servicios de Edificación, Construcción de Instalaciones y Mantenimiento" | P84: Experiencia veces | R84: puntaje | T84: =T83+1 -> 8 | U84: M8 | W84: =W83 -> 45614 | Y84: 0 | Z84: 1 | AA84: =Y84*Z84 -> 0 | AB84: =DAYS360(V84,W84)+1 -> 44959 | AC84: =IF(X84>$R$45,(X84-V84)+1,($U$22-V84)+1) -> 45615 | AD84: =IF((AB84-AC84)>$P$28,$P$28,(AB84-AC84)) -> -656 | AE84: =ROUND((AA84/AB84)*AD84,0) -> 0
B85: 1 | D85: 22 | F85: 43 | H85: 64 | J85: 85 | L85: 106 | P85: 0 | Q85: 3 | R85: 60 | T85: =T84+1 -> 9 | U85: M9 | W85: =W84 -> 45614 | Y85: 0 | Z85: 1 | AA85: =Y85*Z85 -> 0 | AB85: =DAYS360(V85,W85)+1 -> 44959 | AC85: =IF(X85>$R$45,(X85-V85)+1,($U$22-V85)+1) -> 45615 | AD85: =IF((AB85-AC85)>$P$28,$P$28,(AB85-AC85)) -> -656 | AE85: =ROUND((AA85/AB85)*AD85,0) -> 0
B86: =+B85+1 -> 2 | D86: =+D85+1 -> 23 | F86: =+F85+1 -> 44 | H86: =+H85+1 -> 65 | J86: =+J85+1 -> 86 | L86: =+L85+1 -> 107 | P86: 3 | Q86: 6 | R86: 80 | T86: =T85+1 -> 10 | U86: M10 | W86: =W85 -> 45614 | Y86: 0 | Z86: 1 | AA86: =Y86*Z86 -> 0 | AB86: =DAYS360(V86,W86)+1 -> 44959 | AC86: =IF(X86>$R$45,(X86-V86)+1,($U$22-V86)+1) -> 45615 | AD86: =IF((AB86-AC86)>$P$28,$P$28,(AB86-AC86)) -> -656 | AE86: =ROUND((AA86/AB86)*AD86,0) -> 0
B87: =+B86+1 -> 3 | D87: =+D86+1 -> 24 | F87: =+F86+1 -> 45 | H87: =+H86+1 -> 66 | J87: =+J86+1 -> 87 | L87: =+L86+1 -> 108 | P87: 6 | Q87: 10 | R87: 100 | T87: =T86+1 -> 11 | U87: M11 | W87: =W86 -> 45614 | Y87: 0 | Z87: 1 | AA87: =Y87*Z87 -> 0 | AB87: =DAYS360(V87,W87)+1 -> 44959 | AC87: =IF(X87>$R$45,(X87-V87)+1,($U$22-V87)+1) -> 45615 | AD87: =IF((AB87-AC87)>$P$28,$P$28,(AB87-AC87)) -> -656 | AE87: =ROUND((AA87/AB87)*AD87,0) -> 0
B88: =+B87+1 -> 4 | D88: =+D87+1 -> 25 | F88: =+F87+1 -> 46 | H88: =+H87+1 -> 67 | J88: =+J87+1 -> 88 | L88: =+L87+1 -> 109 | P88: 10 | R88: 120 | T88: =T87+1 -> 12 | U88: M12 | W88: =W87 -> 45614 | Y88: 0 | Z88: 1 | AA88: =Y88*Z88 -> 0 | AB88: =DAYS360(V88,W88)+1 -> 44959 | AC88: =IF(X88>$R$45,(X88-V88)+1,($U$22-V88)+1) -> 45615 | AD88: =IF((AB88-AC88)>$P$28,$P$28,(AB88-AC88)) -> -656 | AE88: =ROUND((AA88/AB88)*AD88,0) -> 0
B89: =+B88+1 -> 5 | D89: =+D88+1 -> 26 | F89: =+F88+1 -> 47 | H89: =+H88+1 -> 68 | J89: =+J88+1 -> 89 | L89: =+L88+1 -> 110 | P89: Índice liquidez | R89: puntaje | T89: =T88+1 -> 13 | U89: M13 | W89: =W88 -> 45614 | Y89: 0 | Z89: 1 | AA89: =Y89*Z89 -> 0 | AB89: =DAYS360(V89,W89)+1 -> 44959 | AC89: =IF(X89>$R$45,(X89-V89)+1,($U$22-V89)+1) -> 45615 | AD89: =IF((AB89-AC89)>$P$28,$P$28,(AB89-AC89)) -> -656 | AE89: =ROUND((AA89/AB89)*AD89,0) -> 0
B90: =+B89+1 -> 6 | D90: =+D89+1 -> 27 | F90: =+F89+1 -> 48 | H90: =+H89+1 -> 69 | J90: =+J89+1 -> 90 | L90: =+L89+1 -> 111 | P90: 0 | Q90: 0.5 | R90: 20 | T90: =T89+1 -> 14 | U90: M14 | W90: =W89 -> 45614 | Y90: 0 | Z90: 1 | AA90: =Y90*Z90 -> 0 | AB90: =DAYS360(V90,W90)+1 -> 44959 | AC90: =IF(X90>$R$45,(X90-V90)+1,($U$22-V90)+1) -> 45615 | AD90: =IF((AB90-AC90)>$P$28,$P$28,(AB90-AC90)) -> -656 | AE90: =ROUND((AA90/AB90)*AD90,0) -> 0
B91: =+B90+1 -> 7 | D91: =+D90+1 -> 28 | F91: =+F90+1 -> 49 | H91: =+H90+1 -> 70 | J91: =+J90+1 -> 91 | L91: =+L90+1 -> 112 | P91: 0.5 | Q91: 0.75 | R91: 25 | T91: =T90+1 -> 15 | U91: M15 | W91: =W90 -> 45614 | Y91: 0 | Z91: 1 | AA91: =Y91*Z91 -> 0 | AB91: =DAYS360(V91,W91)+1 -> 44959 | AC91: =IF(X91>$R$45,(X91-V91)+1,($U$22-V91)+1) -> 45615 | AD91: =IF((AB91-AC91)>$P$28,$P$28,(AB91-AC91)) -> -656 | AE91: =ROUND((AA91/AB91)*AD91,0) -> 0
B92: =+B91+1 -> 8 | D92: =+D91+1 -> 29 | F92: =+F91+1 -> 50 | H92: =+H91+1 -> 71 | J92: =+J91+1 -> 92 | L92: =+L91+1 -> 113 | P92: 0.75 | Q92: 1 | R92: 30 | T92: =T91+1 -> 16 | U92: M16 | W92: =W91 -> 45614 | Y92: 0 | Z92: 1 | AA92: =Y92*Z92 -> 0 | AB92: =DAYS360(V92,W92)+1 -> 44959 | AC92: =IF(X92>$R$45,(X92-V92)+1,($U$22-V92)+1) -> 45615 | AD92: =IF((AB92-AC92)>$P$28,$P$28,(AB92-AC92)) -> -656 | AE92: =ROUND((AA92/AB92)*AD92,0) -> 0
B93: =+B92+1 -> 9 | D93: =+D92+1 -> 30 | F93: =+F92+1 -> 51 | H93: =+H92+1 -> 72 | J93: =+J92+1 -> 93 | L93: =+L92+1 -> 114 | P93: 1 | Q93: 1.5 | R93: 35 | T93: =T92+1 -> 17 | U93: M17 | W93: =W92 -> 45614 | Y93: 0 | Z93: 1 | AA93: =Y93*Z93 -> 0 | AB93: =DAYS360(V93,W93)+1 -> 44959 | AC93: =IF(X93>$R$45,(X93-V93)+1,($U$22-V93)+1) -> 45615 | AD93: =IF((AB93-AC93)>$P$28,$P$28,(AB93-AC93)) -> -656 | AE93: =ROUND((AA93/AB93)*AD93,0) -> 0
B94: =+B93+1 -> 10 | D94: =+D93+1 -> 31 | F94: =+F93+1 -> 52 | H94: =+H93+1 -> 73 | J94: =+J93+1 -> 94 | L94: =+L93+1 -> 115 | P94: 1.5 | R94: 40 | T94: =T93+1 -> 18 | U94: M18 | W94: =W93 -> 45614 | Y94: 0 | Z94: 1 | AA94: =Y94*Z94 -> 0 | AB94: =DAYS360(V94,W94)+1 -> 44959 | AC94: =IF(X94>$R$45,(X94-V94)+1,($U$22-V94)+1) -> 45615 | AD94: =IF((AB94-AC94)>$P$28,$P$28,(AB94-AC94)) -> -656 | AE94: =ROUND((AA94/AB94)*AD94,0) -> 0
B95: =+B94+1 -> 11 | D95: =+D94+1 -> 32 | F95: =+F94+1 -> 53 | H95: =+H94+1 -> 74 | J95: =+J94+1 -> 95 | L95: =+L94+1 -> 116 | P95: Socios y Profesionales | R95: puntaje | T95: =T94+1 -> 19 | U95: M19 | W95: =W94 -> 45614 | Y95: 0 | Z95: 1 | AA95: =Y95*Z95 -> 0 | AB95: =DAYS360(V95,W95)+1 -> 44959 | AC95: =IF(X95>$R$45,(X95-V95)+1,($U$22-V95)+1) -> 45615 | AD95: =IF((AB95-AC95)>$P$28,$P$28,(AB95-AC95)) -> -656 | AE95: =ROUND((AA95/AB95)*AD95,0) -> 0
B96: =+B95+1 -> 12 | D96: =+D95+1 -> 33 | F96: =+F95+1 -> 54 | H96: =+H95+1 -> 75 | J96: =+J95+1 -> 96 | L96: =+L95+1 -> 117 | R96: 0 | T96: =T95+1 -> 20 | U96: M20 | W96: =W95 -> 45614 | Y96: 0 | Z96: 1 | AA96: =Y96*Z96 -> 0 | AB96: =DAYS360(V96,W96)+1 -> 44959 | AC96: =IF(X96>$R$45,(X96-V96)+1,($U$22-V96)+1) -> 45615 | AD96: =IF((AB96-AC96)>$P$28,$P$28,(AB96-AC96)) -> -656 | AE96: =ROUND((AA96/AB96)*AD96,0) -> 0
B97: =+B96+1 -> 13 | D97: =+D96+1 -> 34 | F97: =+F96+1 -> 55 | H97: =+H96+1 -> 76 | J97: =+J96+1 -> 97 | L97: =+L96+1 -> 118 | P97: 0 | Q97: 5 | R97: 20 | T97: =T96+1 -> 21 | U97: M21 | W97: =W96 -> 45614 | Y97: 0 | Z97: 1 | AA97: =Y97*Z97 -> 0 | AB97: =DAYS360(V97,W97)+1 -> 44959 | AC97: =IF(X97>$R$45,(X97-V97)+1,($U$22-V97)+1) -> 45615 | AD97: =IF((AB97-AC97)>$P$28,$P$28,(AB97-AC97)) -> -656 | AE97: =ROUND((AA97/AB97)*AD97,0) -> 0
B98: =+B97+1 -> 14 | D98: =+D97+1 -> 35 | F98: =+F97+1 -> 56 | H98: =+H97+1 -> 77 | J98: =+J97+1 -> 98 | L98: =+L97+1 -> 119 | P98: 5 | Q98: 10 | R98: 30 | T98: =T97+1 -> 22 | U98: M22 | W98: =W97 -> 45614 | Y98: 0 | Z98: 1 | AA98: =Y98*Z98 -> 0 | AB98: =DAYS360(V98,W98)+1 -> 44959 | AC98: =IF(X98>$R$45,(X98-V98)+1,($U$22-V98)+1) -> 45615 | AD98: =IF((AB98-AC98)>$P$28,$P$28,(AB98-AC98)) -> -656 | AE98: =ROUND((AA98/AB98)*AD98,0) -> 0
B99: =+B98+1 -> 15 | D99: =+D98+1 -> 36 | F99: =+F98+1 -> 57 | H99: =+H98+1 -> 78 | J99: =+J98+1 -> 99 | L99: =+L98+1 -> 120 | P99: 10 | R99: 40 | T99: =T98+1 -> 23 | U99: M23 | W99: =W98 -> 45614 | Y99: 0 | Z99: 1 | AA99: =Y99*Z99 -> 0 | AB99: =DAYS360(V99,W99)+1 -> 44959 | AC99: =IF(X99>$R$45,(X99-V99)+1,($U$22-V99)+1) -> 45615 | AD99: =IF((AB99-AC99)>$P$28,$P$28,(AB99-AC99)) -> -656 | AE99: =ROUND((AA99/AB99)*AD99,0) -> 0
B100: =+B99+1 -> 16 | D100: =+D99+1 -> 37 | F100: =+F99+1 -> 58 | H100: =+H99+1 -> 79 | J100: =+J99+1 -> 100 | L100: =+L99+1 -> 121 | T100: =T99+1 -> 24 | U100: M24 | W100: =W99 -> 45614 | Y100: 0 | Z100: 1 | AA100: =Y100*Z100 -> 0 | AB100: =DAYS360(V100,W100)+1 -> 44959 | AC100: =IF(X100>$R$45,(X100-V100)+1,($U$22-V100)+1) -> 45615 | AD100: =IF((AB100-AC100)>$P$28,$P$28,(AB100-AC100)) -> -656 | AE100: =ROUND((AA100/AB100)*AD100,0) -> 0
B101: =+B100+1 -> 17 | D101: =+D100+1 -> 38 | F101: =+F100+1 -> 59 | H101: =+H100+1 -> 80 | J101: =+J100+1 -> 101 | L101: =+L100+1 -> 122 | R101: PRESUPUESTO OFICIAL | T101: =T100+1 -> 25 | U101: M25 | W101: =W100 -> 45614 | Y101: 0 | Z101: 1 | AA101: =Y101*Z101 -> 0 | AB101: =DAYS360(V101,W101)+1 -> 44959 | AC101: =IF(X101>$R$45,(X101-V101)+1,($U$22-V101)+1) -> 45615 | AD101: =IF((AB101-AC101)>$P$28,$P$28,(AB101-AC101)) -> -656 | AE101: =ROUND((AA101/AB101)*AD101,0) -> 0
B102: =+B101+1 -> 18 | D102: =+D101+1 -> 39 | F102: =+F101+1 -> 60 | H102: =+H101+1 -> 81 | J102: =+J101+1 -> 102 | L102: =+L101+1 -> 123 | P102: GRUPO 1. SALUD MENTAL | R102: 17282722097 | T102: =T101+1 -> 26 | U102: M26 | W102: =W101 -> 45614 | Y102: 0 | Z102: 1 | AA102: =Y102*Z102 -> 0 | AB102: =DAYS360(V102,W102)+1 -> 44959 | AC102: =IF(X102>$R$45,(X102-V102)+1,($U$22-V102)+1) -> 45615 | AD102: =IF((AB102-AC102)>$P$28,$P$28,(AB102-AC102)) -> -656 | AE102: =ROUND((AA102/AB102)*AD102,0) -> 0
B103: =+B102+1 -> 19 | D103: =+D102+1 -> 40 | F103: =+F102+1 -> 61 | H103: =+H102+1 -> 82 | J103: =+J102+1 -> 103 | L103: =+L102+1 -> 124 | P103: GRUPO 2. SAN ROQUE | R103: 14101948434 | T103: =T102+1 -> 27 | U103: M27 | W103: =W102 -> 45614 | Y103: 0 | Z103: 1 | AA103: =Y103*Z103 -> 0 | AB103: =DAYS360(V103,W103)+1 -> 44959 | AC103: =IF(X103>$R$45,(X103-V103)+1,($U$22-V103)+1) -> 45615 | AD103: =IF((AB103-AC103)>$P$28,$P$28,(AB103-AC103)) -> -656 | AE103: =ROUND((AA103/AB103)*AD103,0) -> 0
B104: =+B103+1 -> 20 | D104: =+D103+1 -> 41 | F104: =+F103+1 -> 62 | H104: =+H103+1 -> 83 | J104: =+J103+1 -> 104 | L104: =+L103+1 -> 125 | P104: GRUPO 3. JARDÍN INFANTIL | R104: 8860786921 | T104: =T103+1 -> 28 | U104: M28 | W104: =W103 -> 45614 | Y104: 0 | Z104: 1 | AA104: =Y104*Z104 -> 0 | AB104: =DAYS360(V104,W104)+1 -> 44959 | AC104: =IF(X104>$R$45,(X104-V104)+1,($U$22-V104)+1) -> 45615 | AD104: =IF((AB104-AC104)>$P$28,$P$28,(AB104-AC104)) -> -656 | AE104: =ROUND((AA104/AB104)*AD104,0) -> 0
...

Sheet CRP PLURAL (4)
A1: CUMPLE | O1: SI
A2: NO CUMPLE | B2: ANEXO 1- 2. CRPC - CAPACIDAD RESIDUAL PROCESO DE CONTRATACIÓN | O2: NO
B4: NOMBRE DEL PROPONENTE | F4: ='EVALUACIÓN EXPERIENCIA'!$G$3 -> CONSORCIO VENTURA & CO
B5: INTEGRANTES
B6: NOMBRE INTEGRANTES | G6: % DE PARTICIPACIÓN | H6: INGRESO OPERACIONAL (más alto de los últimos cinco (5) años) | I6: ACTIVO CORRIENTE | J6: PASIVO CORRIENTE | K6: Número de socios y profesionales de la arquitectura, ingeniería y geología vinculados. | M6: SALDO DE LOS CONTRATOS EN EJECUCIÓN
B7: 1 | C7: ='EVALUACIÓN EXPERIENCIA'!$A$29 -> MARIA JOSE HERRERA GUZMAN | G7: ='EVALUACIÓN EXPERIENCIA'!$H$29 -> 0.5
B8: 2 | C8: ='EVALUACIÓN EXPERIENCIA'!$A$30 -> VENTURA & CO. SAS | G8: ='EVALUACIÓN EXPERIENCIA'!$H$30 -> 0.5
B9: 3 | C9: ='EVALUACIÓN EXPERIENCIA'!$A$31 -> 0 | G9: ='EVALUACIÓN EXPERIENCIA'!$H$31 -> 0
B10: 4 | C10: ='EVALUACIÓN EXPERIENCIA'!$A$32 -> 0 | G10: ='EVALUACIÓN EXPERIENCIA'!$H$32 -> 0
B12: ="CRP INTEGRANTE 1: "&$C$7 -> CRP INTEGRANTE 1: MARIA JOSE HERRERA GUZMAN | L12: =L72 -> 426630400
B13: ="CRP INTEGRANTE 2: "&$C$8 -> CRP INTEGRANTE 2: VENTURA & CO. SAS | L13: =L122 -> 426630400
B14: ="CRP INTEGRANTE 3: "&$C$9 -> CRP INTEGRANTE 3: 0 | L14: =L172 -> 426630400
B15: ="CRP INTEGRANTE 4: "&$C$10 -> CRP INTEGRANTE 4: 0 | L15: =$L$222 -> 426630400
B16: ="TOTAL CRP PROPONENTE: "&$F$4 -> TOTAL CRP PROPONENTE: CONSORCIO VENTURA & CO | L16: =SUM(L12:N15) -> 1706521600
B17: ="CONDICIÓN DEL PROPONENTE: "&$F$4 -> CONDICIÓN DEL PROPONENTE: CONSORCIO VENTURA & CO | L17: =IF(AND(IF(L224="CUMPLE",TRUE,FALSE),IF(L227="CUMPLE",TRUE,FALSE),IF(L230="CUMPLE",TRUE,FALSE),IF(L233="CUMPLE",TRUE,FALSE),IF(IF(L16<I22,Q28,Q27)="CUMPLE",TRUE,FALSE))=TRUE,"CUMPLE",IF(OR(L224="",L227="",L230="",L233="")=TRUE,"PENDIENTE REVISIÓN","NO CUMPLE")) -> PENDIENTE REVISIÓN
B19: CAPACIDAD RESIDUAL DEL PROCESO
B20: Vr. Presupuesto Oficial ($) | F20: Vr. Anticipo | H20: Plazo Meses | I20: Vr. Capacidad Residual proceso
B21: =+'EVALUACIÓN EXPERIENCIA'!D5 -> 724761029 | F21: =+B21*25% -> 1.8119026e+08 | H21: 3 | I21: =IFERROR(ROUND(((B21-F21)/H21)*12,0),0) -> 2174283087 | T21: IDENTIFICACIÓN DEL PROPONENTE: | V21: =B24 -> INTEGRANTE 1: MARIA JOSE HERRERA GUZMAN
B22: CAPACIDAD RESIDUAL DEL PROCESO DE CONTRATACIÓN | I22: =SUM(I21:N21) -> 2174283087 | Q22: SMMLV 2025 | T22: FECHA CIERRE | U22: 45614
Q23: 1423500
B24: ="INTEGRANTE 1: "&$C$7 -> INTEGRANTE 1: MARIA JOSE HERRERA GUZMAN | T24: ÍTEMS | U24: CONTRATO No. | V24: FECHA INICIO (DD/MM/AAAA) | W24: FECHA TERMINACIÓN (DD/MM/AAAA) | X24: FECHA SUSPENSIÓN (DD/MM/AA) SI APLICA | Y24: VALOR DEL CONTRATO ( MONEDA LEGAL COLOMBIANA) | Z24: PORCENTAJE (%) DE PARTICIPACIÓN | AA24: VR. FINAL DEL CONTRATO EN EJECUCIÓN | AB24: PLAZO EJECUCIÓN (Días) | AC24: PLAZO EJECUTADO (Días) | AD24: PLAZO POR EJECUTAR (Días) | AE24: SALDO POR EJECUTAR
B25: PORCENTAJE DE PARTICIPACIÓN | I25: =$G$7 -> 0.5
B26: Capacidad Residual Proponente | H26: Factor | N26: P. M. | T26: 1 | U26: M1 | V26: 44995 | W26: 45545 | X26: 45475 | Y26: =2195389085 -> 2195389085 | Z26: 0.9 | AA26: =Y26*Z26 -> 1.9758502e+09 | AB26: =DAYS360(V26,W26) -> 540 | AC26: =IF(X26>$R$45,(X26-V26),($U$22-V26)) -> 480 | AD26: =IF((AB26-AC26)>$P$28,$P$28,(AB26-AC26)) -> 60 | AE26: =ROUND((AA26/AB26)*AD26,0) -> 219538909
H27: Experiencia. (- E -) | N27: 120 | P27: DÍAS | Q27: CUMPLE | R27: MESES | T27: =T26+1 -> 2 | U27: M2 | V27: 45229 | W27: =U22+81 -> 45695 | Y27: 5625559703 | Z27: 1 | AA27: =Y27*Z27 -> 5625559703 | AB27: =DAYS360(V27,W27) -> 457 | AC27: =IF(X27>$R$45,(X27-V27),($U$22-V27)) -> 385 | AD27: =IF((AB27-AC27)>$P$28,$P$28,(AB27-AC27)) -> 72 | AE27: 886496604
H28: Capacidad Financiera. (CF) | N28: 40 | P28: 360 | Q28: NO CUMPLE | R28: 12 | T28: =T27+1 -> 3 | U28: M3 | V28: 45245 | W28: 45762 | Y28: 9.3784714e+09 | Z28: 0.7 | AA28: =Y28*Z28 -> 6.56493e+09 | AB28: =DAYS360(V28,W28) -> 510 | AC28: =IF(X28>$R$45,(X28-V28),($U$22-V28)) -> 369 | AD28: =IF((AB28-AC28)>$P$28,$P$28,(AB28-AC28)) -> 141 | AE28: =ROUND((AA28/AB28)*AD28,0) -> 1815010047
H29: Capacidad Técnica. (CT) | N29: 40 | T29: =T28+1 -> 4 | U29: M4 | W29: =W28 -> 45762 | Y29: 0 | Z29: 1 | AA29: =Y29*Z29 -> 0 | AB29: =DAYS360(V29,W29)+1 -> 45106 | AC29: =IF(X29>$R$45,(X29-V29)+1,($U$22-V29)+1) -> 45615 | AD29: =IF((AB29-AC29)>$P$28,$P$28,(AB29-AC29)) -> -509 | AE29: =ROUND((AA29/AB29)*AD29,0) -> 0
H30: TOTAL | N30: =SUM(N27:N29) -> 200 | P30: INGRESOS MIN US$ | Q30: TRM VIGENTE | R30: INGRESOS OP. MIN | T30: =T29+1 -> 5 | U30: M5 | W30: =W29 -> 45762 | Y30: 0 | Z30: 1 | AA30: =Y30*Z30 -> 0 | AB30: =DAYS360(V30,W30)+1 -> 45106 | AC30: =IF(X30>$R$45,(X30-V30)+1,($U$22-V30)+1) -> 45615 | AD30: =IF((AB30-AC30)>$P$28,$P$28,(AB30-AC30)) -> -509 | AE30: =ROUND((AA30/AB30)*AD30,0) -> 0
B31: CAPACIDAD DE ORGANIZACIÓN. (CO) | P31: 125000 | Q31: =533287768/P31 -> 4266.3021 | R31: =ROUNDUP(P31*Q31,-3) -> 533288000 | T31: =T30+1 -> 6 | U31: M6 | W31: =W30 -> 45762 | Y31: 0 | Z31: 1 | AA31: =Y31*Z31 -> 0 | AB31: =DAYS360(V31,W31)+1 -> 45106 | AC31: =IF(X31>$R$45,(X31-V31)+1,($U$22-V31)+1) -> 45615 | AD31: =IF((AB31-AC31)>$P$28,$P$28,(AB31-AC31)) -> -509 | AE31: =ROUND((AA31/AB31)*AD31,0) -> 0
B32: Información Financiera. (Máximo 5 años anteriores) | I32: Ingresos Operacionales | Q32: UMBRAL PYMES 2023 - 2024 COLOMBIA COMPRA | T32: =T31+1 -> 7 | U32: M7 | W32: =W31 -> 45762 | Y32: 0 | Z32: 1 | AA32: =Y32*Z32 -> 0 | AB32: =DAYS360(V32,W32)+1 -> 45106 | AC32: =IF(X32>$R$45,(X32-V32)+1,($U$22-V32)+1) -> 45615 | AD32: =IF((AB32-AC32)>$P$28,$P$28,(AB32-AC32)) -> -509 | AE32: =ROUND((AA32/AB32)*AD32,0) -> 0
B33: Ingreso Operacional más alto de los últimos cinco (5) años | I33: =IF($H$7>$R$31,$H$7,$R$31) -> 533288000 | P33: Experiencia veces | R33: puntaje | T33: =T32+1 -> 8 | U33: M8 | W33: =W32 -> 45762 | Y33: 0 | Z33: 1 | AA33: =Y33*Z33 -> 0 | AB33: =DAYS360(V33,W33)+1 -> 45106 | AC33: =IF(X33>$R$45,(X33-V33)+1,($U$22-V33)+1) -> 45615 | AD33: =IF((AB33-AC33)>$P$28,$P$28,(AB33-AC33)) -> -509 | AE33: =ROUND((AA33/AB33)*AD33,0) -> 0
B34: EXPERIENCIA DEL PROPONENTE (-E-) | P34: 0 | Q34: 3 | R34: 60 | T34: =T33+1 -> 9 | U34: M9 | W34: =W33 -> 45762 | Y34: 0 | Z34: 1 | AA34: =Y34*Z34 -> 0 | AB34: =DAYS360(V34,W34)+1 -> 45106 | AC34: =IF(X34>$R$45,(X34-V34)+1,($U$22-V34)+1) -> 45615 | AD34: =IF((AB34-AC34)>$P$28,$P$28,(AB34-AC34)) -> -509 | AE34: =ROUND((AA34/AB34)*AD34,0) -> 0
B35: Relación de contratos RUP en SMML | P35: 3 | Q35: 6 | R35: 80 | T35: =T34+1 -> 10 | U35: M10 | W35: =W34 -> 45762 | Y35: 0 | Z35: 1 | AA35: =Y35*Z35 -> 0 | AB35: =DAYS360(V35,W35)+1 -> 45106 | AC35: =IF(X35>$R$45,(X35-V35)+1,($U$22-V35)+1) -> 45615 | AD35: =IF((AB35-AC35)>$P$28,$P$28,(AB35-AC35)) -> -509 | AE35: =ROUND((AA35/AB35)*AD35,0) -> 0
B36: No | C36: Valor Contrato | D36: No | E36: Valor Contrato | F36: No | G36: Valor Contrato | H36: No | I36: Valor Contrato | J36: No | K36: Valor Contrato | L36: No | M36: Valor Contrato | N36: Segmento 72 "Servicios de Edificación, Construcción de Instalaciones y Mantenimiento" | P36: 6 | Q36: 10 | R36: 100 | T36: =T35+1 -> 11 | U36: M11 | W36: =W35 -> 45762 | Y36: 0 | Z36: 1 | AA36: =Y36*Z36 -> 0 | AB36: =DAYS360(V36,W36)+1 -> 45106 | AC36: =IF(X36>$R$45,(X36-V36)+1,($U$22-V36)+1) -> 45615 | AD36: =IF((AB36-AC36)>$P$28,$P$28,(AB36-AC36)) -> -509 | AE36: =ROUND((AA36/AB36)*AD36,0) -> 0
B37: 1 | D37: 22 | F37: 43 | H37: 64 | J37: 85 | L37: 106 | P37: 10 | R37: 120 | T37: =T36+1 -> 12 | U37: M12 | W37: =W36 -> 45762 | Y37: 0 | Z37: 1 | AA37: =Y37*Z37 -> 0 | AB37: =DAYS360(V37,W37)+1 -> 45106 | AC37: =IF(X37>$R$45,(X37-V37)+1,($U$22-V37)+1) -> 45615 | AD37: =IF((AB37-AC37)>$P$28,$P$28,(AB37-AC37)) -> -509 | AE37: =ROUND((AA37/AB37)*AD37,0) -> 0
B38: =+B37+1 -> 2 | D38: =+D37+1 -> 23 | F38: =+F37+1 -> 44 | H38: =+H37+1 -> 65 | J38: =+J37+1 -> 86 | L38: =+L37+1 -> 107 | P38: Índice liquidez | R38: puntaje | T38: =T37+1 -> 13 | U38: M13 | W38: =W37 -> 45762 | Y38: 0 | Z38: 1 | AA38: =Y38*Z38 -> 0 | AB38: =DAYS360(V38,W38)+1 -> 45106 | AC38: =IF(X38>$R$45,(X38-V38)+1,($U$22-V38)+1) -> 45615 | AD38: =IF((AB38-AC38)>$P$28,$P$28,(AB38-AC38)) -> -509 | AE38: =ROUND((AA38/AB38)*AD38,0) -> 0
B39: =+B38+1 -> 3 | D39: =+D38+1 -> 24 | F39: =+F38+1 -> 45 | H39: =+H38+1 -> 66 | J39: =+J38+1 -> 87 | L39: =+L38+1 -> 108 | P39: 0 | Q39: 0.5 | R39: 20 | T39: =T38+1 -> 14 | U39: M14 | W39: =W38 -> 45762 | Y39: 0 | Z39: 1 | AA39: =Y39*Z39 -> 0 | AB39: =DAYS360(V39,W39)+1 -> 45106 | AC39: =IF(X39>$R$45,(X39-V39)+1,($U$22-V39)+1) -> 45615 | AD39: =IF((AB39-AC39)>$P$28,$P$28,(AB39-AC39)) -> -509 | AE39: =ROUND((AA39/AB39)*AD39,0) -> 0
B40: =+B39+1 -> 4 | D40: =+D39+1 -> 25 | F40: =+F39+1 -> 46 | H40: =+H39+1 -> 67 | J40: =+J39+1 -> 88 | L40: =+L39+1 -> 109 | P40: 0.5 | Q40: 0.75 | R40: 25 | T40: =T39+1 -> 15 | U40: M15 | W40: =W39 -> 45762 | Y40: 0 | Z40: 1 | AA40: =Y40*Z40 -> 0 | AB40: =DAYS360(V40,W40)+1 -> 45106 | AC40: =IF(X40>$R$45,(X40-V40)+1,($U$22-V40)+1) -> 45615 | AD40: =IF((AB40-AC40)>$P$28,$P$28,(AB40-AC40)) -> -509 | AE40: =ROUND((AA40/AB40)*AD40,0) -> 0
B41: =+B40+1 -> 5 | D41: =+D40+1 -> 26 | F41: =+F40+1 -> 47 | H41: =+H40+1 -> 68 | J41: =+J40+1 -> 89 | L41: =+L40+1 -> 110 | P41: 0.75 | Q41: 1 | R41: 30 | T41: =T40+1 -> 16 | U41: M16 | W41: =W40 -> 45762 | Y41: 0 | Z41: 1 | AA41: =Y41*Z41 -> 0 | AB41: =DAYS360(V41,W41)+1 -> 45106 | AC41: =IF(X41>$R$45,(X41-V41)+1,($U$22-V41)+1) -> 45615 | AD41: =IF((AB41-AC41)>$P$28,$P$28,(AB41-AC41)) -> -509 | AE41: =ROUND((AA41/AB41)*AD41,0) -> 0
B42: =+B41+1 -> 6 | D42: =+D41+1 -> 27 | F42: =+F41+1 -> 48 | H42: =+H41+1 -> 69 | J42: =+J41+1 -> 90 | L42: =+L41+1 -> 111 | P42: 1 | Q42: 1.5 | R42: 35 | T42: =T41+1 -> 17 | U42: M17 | W42: =W41 -> 45762 | Y42: 0 | Z42: 1 | AA42: =Y42*Z42 -> 0 | AB42: =DAYS360(V42,W42)+1 -> 45106 | AC42: =IF(X42>$R$45,(X42-V42)+1,($U$22-V42)+1) -> 45615 | AD42: =IF((AB42-AC42)>$P$28,$P$28,(AB42-AC42)) -> -509 | AE42: =ROUND((AA42/AB42)*AD42,0) -> 0
B43: =+B42+1 -> 7 | D43: =+D42+1 -> 28 | F43: =+F42+1 -> 49 | H43: =+H42+1 -> 70 | J43: =+J42+1 -> 91 | L43: =+L42+1 -> 112 | P43: 1.5 | R43: 40 | T43: =T42+1 -> 18 | U43: M18 | W43: =W42 -> 45762 | Y43: 0 | Z43: 1 | AA43: =Y43*Z43 -> 0 | AB43: =DAYS360(V43,W43)+1 -> 45106 | AC43: =IF(X43>$R$45,(X43-V43)+1,($U$22-V43)+1) -> 45615 | AD43: =IF((AB43-AC43)>$P$28,$P$28,(AB43-AC43)) -> -509 | AE43: =ROUND((AA43/AB43)*AD43,0) -> 0
B44: =+B43+1 -> 8 | D44: =+D43+1 -> 29 | F44: =+F43+1 -> 50 | H44: =+H43+1 -> 71 | J44: =+J43+1 -> 92 | L44: =+L43+1 -> 113 | P44: Socios y Profesionales | R44: puntaje | T44: =T43+1 -> 19 | U44: M19 | W44: =W43 -> 45762 | Y44: 0 | Z44: 1 | AA44: =Y44*Z44 -> 0 | AB44: =DAYS360(V44,W44)+1 -> 45106 | AC44: =IF(X44>$R$45,(X44-V44)+1,($U$22-V44)+1) -> 45615 | AD44: =IF((AB44-AC44)>$P$28,$P$28,(AB44-AC44)) -> -509 | AE44: =ROUND((AA44/AB44)*AD44,0) -> 0
B45: =+B44+1 -> 9 | D45: =+D44+1 -> 30 | F45: =+F44+1 -> 51 | H45: =+H44+1 -> 72 | J45: =+J44+1 -> 93 | L45: =+L44+1 -> 114 | R45: 0 | T45: =T44+1 -> 20 | U45: M20 | W45: =W44 -> 45762 | Y45: 0 | Z45: 1 | AA45: =Y45*Z45 -> 0 | AB45: =DAYS360(V45,W45)+1 -> 45106 | AC45: =IF(X45>$R$45,(X45-V45)+1,($U$22-V45)+1) -> 45615 | AD45: =IF((AB45-AC45)>$P$28,$P$28,(AB45-AC45)) -> -509 | AE45: =ROUND((AA45/AB45)*AD45,0) -> 0
B46: =+B45+1 -> 10 | D46: =+D45+1 -> 31 | F46: =+F45+1 -> 52 | H46: =+H45+1 -> 73 | J46: =+J45+1 -> 94 | L46: =+L45+1 -> 115 | P46: 0 | Q46: 5 | R46: 20 | T46: =T45+1 -> 21 | U46: M21 | W46: =W45 -> 45762 | Y46: 0 | Z46: 1 | AA46: =Y46*Z46 -> 0 | AB46: =DAYS360(V46,W46)+1 -> 45106 | AC46: =IF(X46>$R$45,(X46-V46)+1,($U$22-V46)+1) -> 45615 | AD46: =IF((AB46-AC46)>$P$28,$P$28,(AB46-AC46)) -> -509 | AE46: =ROUND((AA46/AB46)*AD46,0) -> 0
B47: =+B46+1 -> 11 | D47: =+D46+1 -> 32 | F47: =+F46+1 -> 53 | H47: =+H46+1 -> 74 | J47: =+J46+1 -> 95 | L47: =+L46+1 -> 116 | P47: 5 | Q47: 10 | R47: 30 | T47: =T46+1 -> 22 | U47: M22 | W47: =W46 -> 45762 | Y47: 0 | Z47: 1 | AA47: =Y47*Z47 -> 0 | AB47: =DAYS360(V47,W47)+1 -> 45106 | AC47: =IF(X47>$R$45,(X47-V47)+1,($U$22-V47)+1) -> 45615 | AD47: =IF((AB47-AC47)>$P$28,$P$28,(AB47-AC47)) -> -509 | AE47: =ROUND((AA47/AB47)*AD47,0) -> 0
B48: =+B47+1 -> 12 | D48: =+D47+1 -> 33 | F48: =+F47+1 -> 54 | H48: =+H47+1 -> 75 | J48: =+J47+1 -> 96 | L48: =+L47+1 -> 117 | P48: 10 | R48: 40 | T48: =T47+1 -> 23 | U48: M23 | W48: =W47 -> 45762 | Y48: 0 | Z48: 1 | AA48: =Y48*Z48 -> 0 | AB48: =DAYS360(V48,W48)+1 -> 45106 | AC48: =IF(X48>$R$45,(X48-V48)+1,($U$22-V48)+1) -> 45615 | AD48: =IF((AB48-AC48)>$P$28,$P$28,(AB48-AC48)) -> -509 | AE48: =ROUND((AA48/AB48)*AD48,0) -> 0
B49: =+B48+1 -> 13 | D49: =+D48+1 -> 34 | F49: =+F48+1 -> 55 | H49: =+H48+1 -> 76 | J49: =+J48+1 -> 97 | L49: =+L48+1 -> 118 | T49: =T48+1 -> 24 | U49: M24 | W49: =W48 -> 45762 | Y49: 0 | Z49: 1 | AA49: =Y49*Z49 -> 0 | AB49: =DAYS360(V49,W49)+1 -> 45106 | AC49: =IF(X49>$R$45,(X49-V49)+1,($U$22-V49)+1) -> 45615 | AD49: =IF((AB49-AC49)>$P$28,$P$28,(AB49-AC49)) -> -509 | AE49: =ROUND((AA49/AB49)*AD49,0) -> 0
B50: =+B49+1 -> 14 | D50: =+D49+1 -> 35 | F50: =+F49+1 -> 56 | H50: =+H49+1 -> 77 | J50: =+J49+1 -> 98 | L50: =+L49+1 -> 119 | T50: =T49+1 -> 25 | U50: M25 | W50: =W49 -> 45762 | Y50: 0 | Z50: 1 | AA50: =Y50*Z50 -> 0 | AB50: =DAYS360(V50,W50)+1 -> 45106 | AC50: =IF(X50>$R$45,(X50-V50)+1,($U$22-V50)+1) -> 45615 | AD50: =IF((AB50-AC50)>$P$28,$P$28,(AB50-AC50)) -> -509 | AE50: =ROUND((AA50/AB50)*AD50,0) -> 0
B51: =+B50+1 -> 15 | D51: =+D50+1 -> 36 | F51: =+F50+1 -> 57 | H51: =+H50+1 -> 78 | J51: =+J50+1 -> 99 | L51: =+L50+1 -> 120 | T51: =T50+1 -> 26 | U51: M26 | W51: =W50 -> 45762 | Y51: 0 | Z51: 1 | AA51: =Y51*Z51 -> 0 | AB51: =DAYS360(V51,W51)+1 -> 45106 | AC51: =IF(X51>$R$45,(X51-V51)+1,($U$22-V51)+1) -> 45615 | AD51: =IF((AB51-AC51)>$P$28,$P$28,(AB51-AC51)) -> -509 | AE51: =ROUND((AA51/AB51)*AD51,0) -> 0
B52: =+B51+1 -> 16 | D52: =+D51+1 -> 37 | F52: =+F51+1 -> 58 | H52: =+H51+1 -> 79 | J52: =+J51+1 -> 100 | L52: =+L51+1 -> 121 | T52: =T51+1 -> 27 | U52: M27 | W52: =W51 -> 45762 | Y52: 0 | Z52: 1 | AA52: =Y52*Z52 -> 0 | AB52: =DAYS360(V52,W52)+1 -> 45106 | AC52: =IF(X52>$R$45,(X52-V52)+1,($U$22-V52)+1) -> 45615 | AD52: =IF((AB52-AC52)>$P$28,$P$28,(AB52-AC52)) -> -509 | AE52: =ROUND((AA52/AB52)*AD52,0) -> 0
B53: =+B52+1 -> 17 | D53: =+D52+1 -> 38 | F53: =+F52+1 -> 59 | H53: =+H52+1 -> 80 | J53: =+J52+1 -> 101 | L53: =+L52+1 -> 122 | T53: =T52+1 -> 28 | U53: M28 | W53: =W52 -> 45762 | Y53: 0 | Z53: 1 | AA53: =Y53*Z53 -> 0 | AB53: =DAYS360(V53,W53)+1 -> 45106 | AC53: =IF(X53>$R$45,(X53-V53)+1,($U$22-V53)+1) -> 45615 | AD53: =IF((AB53-AC53)>$P$28,$P$28,(AB53-AC53)) -> -509 | AE53: =ROUND((AA53/AB53)*AD53,0) -> 0
B54: =+B53+1 -> 18 | D54: =+D53+1 -> 39 | F54: =+F53+1 -> 60 | H54: =+H53+1 -> 81 | J54: =+J53+1 -> 102 | L54: =+L53+1 -> 123 | T54: =T53+1 -> 29 | U54: M29 | W54: =W53 -> 45762 | Y54: 0 | Z54: 1 | AA54: =Y54*Z54 -> 0 | AB54: =DAYS360(V54,W54)+1 -> 45106 | AC54: =IF(X54>$R$45,(X54-V54)+1,($U$22-V54)+1) -> 45615 | AD54: =IF((AB54-AC54)>$P$28,$P$28,(AB54-AC54)) -> -509 | AE54: =ROUND((AA54/AB54)*AD54,0) -> 0
B55: =+B54+1 -> 19 | D55: =+D54+1 -> 40 | F55: =+F54+1 -> 61 | H55: =+H54+1 -> 82 | J55: =+J54+1 -> 103 | L55: =+L54+1 -> 124 | T55: =T54+1 -> 30 | U55: M30 | W55: =W54 -> 45762 | Y55: 0 | Z55: 1 | AA55: =Y55*Z55 -> 0 | AB55: =DAYS360(V55,W55)+1 -> 45106 | AC55: =IF(X55>$R$45,(X55-V55)+1,($U$22-V55)+1) -> 45615 | AD55: =IF((AB55-AC55)>$P$28,$P$28,(AB55-AC55)) -> -509 | AE55: =ROUND((AA55/AB55)*AD55,0) -> 0
B56: =+B55+1 -> 20 | D56: =+D55+1 -> 41 | F56: =+F55+1 -> 62 | H56: =+H55+1 -> 83 | J56: =+J55+1 -> 104 | L56: =+L55+1 -> 125 | T56: =T55+1 -> 31 | U56: M31 | W56: =W55 -> 45762 | Y56: 0 | Z56: 1 | AA56: =Y56*Z56 -> 0 | AB56: =DAYS360(V56,W56)+1 -> 45106 | AC56: =IF(X56>$R$45,(X56-V56)+1,($U$22-V56)+1) -> 45615 | AD56: =IF((AB56-AC56)>$P$28,$P$28,(AB56-AC56)) -> -509 | AE56: =ROUND((AA56/AB56)*AD56,0) -> 0
B57: =+B56+1 -> 21 | D57: =+D56+1 -> 42 | F57: =+F56+1 -> 63 | H57: =+H56+1 -> 84 | J57: =+J56+1 -> 105 | L57: =+L56+1 -> 126 | T57: =T56+1 -> 32 | U57: M32 | W57: =W56 -> 45762 | Y57: 0 | Z57: 1 | AA57: =Y57*Z57 -> 0 | AB57: =DAYS360(V57,W57)+1 -> 45106 | AC57: =IF(X57>$R$45,(X57-V57)+1,($U$22-V57)+1) -> 45615 | AD57: =IF((AB57-AC57)>$P$28,$P$28,(AB57-AC57)) -> -509 | AE57: =ROUND((AA57/AB57)*AD57,0) -> 0
B58: Valor total Contratos RUP (SMML) | J58: =SUM(C37:C57,G37:G57,K37:K57,E37:E57,I37:I57,K37:K57,M37:M57) -> 0 | T58: =T57+1 -> 33 | U58: M33 | W58: =W57 -> 45762 | Y58: 0 | Z58: 1 | AA58: =Y58*Z58 -> 0 | AB58: =DAYS360(V58,W58)+1 -> 45106 | AC58: =IF(X58>$R$45,(X58-V58)+1,($U$22-V58)+1) -> 45615 | AD58: =IF((AB58-AC58)>$P$28,$P$28,(AB58-AC58)) -> -509 | AE58: =ROUND((AA58/AB58)*AD58,0) -> 0
B59: Valor experiencia = (Valor Contratos RUP/Ppto Oficial) | J59: =IFERROR($J$58/(($B$21)*I25),0) -> 0 | T59: =T58+1 -> 34 | U59: M34 | W59: =W58 -> 45762 | Y59: 0 | Z59: 1 | AA59: =Y59*Z59 -> 0 | AB59: =DAYS360(V59,W59)+1 -> 45106 | AC59: =IF(X59>$R$45,(X59-V59)+1,($U$22-V59)+1) -> 45615 | AD59: =IF((AB59-AC59)>$P$28,$P$28,(AB59-AC59)) -> -509 | AE59: =ROUND((AA59/AB59)*AD59,0) -> 0
B60: PUNTAJE EXPERIENCIA | L60: =IF(J59>P37,R37,IF(J59>P36,R36,IF(J59>P35,R35,R34))) -> 60 | T60: =T59+1 -> 35 | U60: M35 | W60: =W59 -> 45762 | Y60: 0 | Z60: 1 | AA60: =Y60*Z60 -> 0 | AB60: =DAYS360(V60,W60)+1 -> 45106 | AC60: =IF(X60>$R$45,(X60-V60)+1,($U$22-V60)+1) -> 45615 | AD60: =IF((AB60-AC60)>$P$28,$P$28,(AB60-AC60)) -> -509 | AE60: =ROUND((AA60/AB60)*AD60,0) -> 0
B61: CAPACIDAD FINANCIERA (CF) | T61: =T60+1 -> 36 | U61: M36 | W61: =W60 -> 45762 | Y61: 0 | Z61: 1 | AA61: =Y61*Z61 -> 0 | AB61: =DAYS360(V61,W61)+1 -> 45106 | AC61: =IF(X61>$R$45,(X61-V61)+1,($U$22-V61)+1) -> 45615 | AD61: =IF((AB61-AC61)>$P$28,$P$28,(AB61-AC61)) -> -509 | AE61: =ROUND((AA61/AB61)*AD61,0) -> 0
H62: Activo Corriente último año | L62: =$I$7 -> 0 | T62: =T61+1 -> 37 | U62: M37 | W62: =W61 -> 45762 | Y62: 0 | Z62: 1 | AA62: =Y62*Z62 -> 0 | AB62: =DAYS360(V62,W62)+1 -> 45106 | AC62: =IF(X62>$R$45,(X62-V62)+1,($U$22-V62)+1) -> 45615 | AD62: =IF((AB62-AC62)>$P$28,$P$28,(AB62-AC62)) -> -509 | AE62: =ROUND((AA62/AB62)*AD62,0) -> 0
H63: Pasivo Corriente último año | L63: =$J$7 -> 0 | T63: =T62+1 -> 38 | U63: M38 | W63: =W62 -> 45762 | Y63: 0 | Z63: 1 | AA63: =Y63*Z63 -> 0 | AB63: =DAYS360(V63,W63)+1 -> 45106 | AC63: =IF(X63>$R$45,(X63-V63)+1,($U$22-V63)+1) -> 45615 | AD63: =IF((AB63-AC63)>$P$28,$P$28,(AB63-AC63)) -> -509 | AE63: =ROUND((AA63/AB63)*AD63,0) -> 0
H64: Índice de liquidez | L64: =IFERROR(ROUND(L62/L63,2),0) -> 0 | T64: =T63+1 -> 39 | U64: M39 | W64: =W63 -> 45762 | Y64: 0 | Z64: 1 | AA64: =Y64*Z64 -> 0 | AB64: =DAYS360(V64,W64)+1 -> 45106 | AC64: =IF(X64>$R$45,(X64-V64)+1,($U$22-V64)+1) -> 45615 | AD64: =IF((AB64-AC64)>$P$28,$P$28,(AB64-AC64)) -> -509 | AE64: =ROUND((AA64/AB64)*AD64,0) -> 0
B65: PUNTAJE CAPACIDAD FINANCIERA | L65: =IF(L64>P43,R43,IF(L64>P42,R42,IF(L64>P41,R41,IF(L64>P40,R40,R39)))) -> 20 | T65: =T64+1 -> 40 | U65: M40 | W65: =W64 -> 45762 | Y65: 0 | Z65: 1 | AA65: =Y65*Z65 -> 0 | AB65: =DAYS360(V65,W65)+1 -> 45106 | AC65: =IF(X65>$R$45,(X65-V65)+1,($U$22-V65)+1) -> 45615 | AD65: =IF((AB65-AC65)>$P$28,$P$28,(AB65-AC65)) -> -509 | AE65: =ROUND((AA65/AB65)*AD65,0) -> 0
B66: CAPACIDAD TÉCNICA (CT) | T66: =T65+1 -> 41 | U66: M41 | W66: =W65 -> 45762 | Y66: 0 | Z66: 1 | AA66: =Y66*Z66 -> 0 | AB66: =DAYS360(V66,W66)+1 -> 45106 | AC66: =IF(X66>$R$45,(X66-V66)+1,($U$22-V66)+1) -> 45615 | AD66: =IF((AB66-AC66)>$P$28,$P$28,(AB66-AC66)) -> -509 | AE66: =ROUND((AA66/AB66)*AD66,0) -> 0
B67: Número de socios y profesionales de la arquitectura, ingeniería y geología vinculados. | M67: =$K$7 -> 0 | T67: =T66+1 -> 42 | U67: M42 | W67: =W66 -> 45762 | Y67: 0 | Z67: 1 | AA67: =Y67*Z67 -> 0 | AB67: =DAYS360(V67,W67)+1 -> 45106 | AC67: =IF(X67>$R$45,(X67-V67)+1,($U$22-V67)+1) -> 45615 | AD67: =IF((AB67-AC67)>$P$28,$P$28,(AB67-AC67)) -> -509 | AE67: =ROUND((AA67/AB67)*AD67,0) -> 0
B68: PUNTAJE CAPACIDAD TÉCNICA | L68: =IF(M67>P48,R48,IF(M67>P47,R47,IF(M67>P46,R46,R45))) -> 0 | T68: =T67+1 -> 43 | U68: M43 | W68: =W67 -> 45762 | Y68: 0 | Z68: 1 | AA68: =Y68*Z68 -> 0 | AB68: =DAYS360(V68,W68)+1 -> 45106 | AC68: =IF(X68>$R$45,(X68-V68)+1,($U$22-V68)+1) -> 45615 | AD68: =IF((AB68-AC68)>$P$28,$P$28,(AB68-AC68)) -> -509 | AE68: =ROUND((AA68/AB68)*AD68,0) -> 0
Z69: SALDO POR EJECUTAR DE LOS CONTRATOS EN EJECUCIÓN | AE69: =SUM(AE26:AE68) -> 2921045560
B70: ="CAPACIDAD DE CONTRATACIÓN INTEGRANTE 1: "&$F$24 -> CAPACIDAD DE CONTRATACIÓN INTEGRANTE 1: | L70: =I33*((L60+L65+L68)/100) -> 426630400
B71: ="SALDO DE LOS CONTRATOS EN EJECUCIÓN INTEGRANTE 1: "&$F$24 -> SALDO DE LOS CONTRATOS EN EJECUCIÓN INTEGRANTE 1: | L71: =$M$7 -> 0
B72: ="CAPACIDAD RESIDUAL DE CONTRATACIÓN INTEGRANTE 1: "&$F$24 -> CAPACIDAD RESIDUAL DE CONTRATACIÓN INTEGRANTE 1: | L72: =L70-L71 -> 426630400 | T72: IDENTIFICACIÓN DEL PROPONENTE: | V72: =B74 -> INTEGRANTE 2: VENTURA & CO. SAS
T73: FECHA CIERRE | U73: =U22 -> 45614
B74: ="INTEGRANTE 2: "&$C$8 -> INTEGRANTE 2: VENTURA & CO. SAS
B75: PORCENTAJE DE PARTICIPACIÓN | I75: =$G$8 -> 0.5 | Q75: SMMLV 2025 | T75: ÍTEMS | U75: CONTRATO No. | V75: FECHA INICIO (DD/MM/AAAA) | W75: FECHA TERMINACIÓN (DD/MM/AAAA) | X75: FECHA SUSPENSIÓN (DD/MM/AA) SI APLICA | Y75: VALOR DEL CONTRATO ( MONEDA LEGAL COLOMBIANA) | Z75: PORCENTAJE (%) DE PARTICIPACIÓN | AA75: VR. FINAL DEL CONTRATO EN EJECUCIÓN | AB75: PLAZO EJECUCIÓN (Días) | AC75: PLAZO EJECUTADO (Días) | AD75: PLAZO POR EJECUTAR (Días) | AE75: SALDO POR EJECUTAR
B76: Capacidad Residual Proponente | H76: Factor | N76: P. M. | Q76: 1423500
H77: Experiencia. (- E -) | N77: 120 | T77: 1 | U77: M1 | V77: 42095 | W77: 42124 | X77: 42099 | Y77: 30000000 | Z77: 1 | AA77: =Y77*Z77 -> 30000000 | AB77: =DAYS360(V77,W77)+1 -> 30 | AC77: =IF(X77>$R$45,(X77-V77)+1,($U$22-V77)+1) -> 5 | AD77: =IF((AB77-AC77)>$P$28,$P$28,(AB77-AC77)) -> 25 | AE77: =ROUND((AA77/AB77)*AD77,0) -> 25000000
H78: Capacidad Financiera. (CF) | N78: 40 | P78: DÍAS | Q78: CUMPLE | R78: MESES | T78: =T77+1 -> 2 | U78: M2 | W78: =U73 -> 45614 | Y78: 0 | Z78: 1 | AA78: =Y78*Z78 -> 0 | AB78: =DAYS360(V78,W78)+1 -> 44959 | AC78: =IF(X78>$R$45,(X78-V78)+1,($U$22-V78)+1) -> 45615 | AD78: =IF((AB78-AC78)>$P$28,$P$28,(AB78-AC78)) -> -656 | AE78: =ROUND((AA78/AB78)*AD78,0) -> 0
H79: Capacidad Técnica. (CT) | N79: 40 | P79: 360 | Q79: NO CUMPLE | R79: 12 | T79: =T78+1 -> 3 | U79: M3 | W79: =W78 -> 45614 | Y79: 0 | Z79: 1 | AA79: =Y79*Z79 -> 0 | AB79: =DAYS360(V79,W79)+1 -> 44959 | AC79: =IF(X79>$R$45,(X79-V79)+1,($U$22-V79)+1) -> 45615 | AD79: =IF((AB79-AC79)>$P$28,$P$28,(AB79-AC79)) -> -656 | AE79: =ROUND((AA79/AB79)*AD79,0) -> 0
H80: TOTAL | N80: =SUM(N77:N79) -> 200 | T80: =T79+1 -> 4 | U80: M4 | W80: =W79 -> 45614 | Y80: 0 | Z80: 1 | AA80: =Y80*Z80 -> 0 | AB80: =DAYS360(V80,W80)+1 -> 44959 | AC80: =IF(X80>$R$45,(X80-V80)+1,($U$22-V80)+1) -> 45615 | AD80: =IF((AB80-AC80)>$P$28,$P$28,(AB80-AC80)) -> -656 | AE80: =ROUND((AA80/AB80)*AD80,0) -> 0
B81: Capacidad de Organización. (CO) | P81: INGRESOS MIN US$ | Q81: TRM VIGENTE | R81: INGRESOS OP. MIN | T81: =T80+1 -> 5 | U81: M5 | W81: =W80 -> 45614 | Y81: 0 | Z81: 1 | AA81: =Y81*Z81 -> 0 | AB81: =DAYS360(V81,W81)+1 -> 44959 | AC81: =IF(X81>$R$45,(X81-V81)+1,($U$22-V81)+1) -> 45615 | AD81: =IF((AB81-AC81)>$P$28,$P$28,(AB81-AC81)) -> -656 | AE81: =ROUND((AA81/AB81)*AD81,0) -> 0
B82: Información Financiera. (Máximo 5 años anteriores) | I82: Ingresos Operacionales | P82: 125000 | Q82: =533287768/P82 -> 4266.3021 | R82: =ROUNDUP(P82*Q82,-3) -> 533288000 | T82: =T81+1 -> 6 | U82: M6 | W82: =W81 -> 45614 | Y82: 0 | Z82: 1 | AA82: =Y82*Z82 -> 0 | AB82: =DAYS360(V82,W82)+1 -> 44959 | AC82: =IF(X82>$R$45,(X82-V82)+1,($U$22-V82)+1) -> 45615 | AD82: =IF((AB82-AC82)>$P$28,$P$28,(AB82-AC82)) -> -656 | AE82: =ROUND((AA82/AB82)*AD82,0) -> 0
B83: Ingreso Operacional más alto de los últimos cinco (5) años | I83: =IF($H$8>$R$31,$H$8,$R$31) -> 533288000 | Q83: UMBRAL PYMES 2023 - 2024 COLOMBIA COMPRA | T83: =T82+1 -> 7 | U83: M7 | W83: =W82 -> 45614 | Y83: 0 | Z83: 1 | AA83: =Y83*Z83 -> 0 | AB83: =DAYS360(V83,W83)+1 -> 44959 | AC83: =IF(X83>$R$45,(X83-V83)+1,($U$22-V83)+1) -> 45615 | AD83: =IF((AB83-AC83)>$P$28,$P$28,(AB83-AC83)) -> -656 | AE83: =ROUND((AA83/AB83)*AD83,0) -> 0
B84: Experiencia del Proponente (-E-) | P84: Experiencia veces | R84: puntaje | T84: =T83+1 -> 8 | U84: M8 | W84: =W83 -> 45614 | Y84: 0 | Z84: 1 | AA84: =Y84*Z84 -> 0 | AB84: =DAYS360(V84,W84)+1 -> 44959 | AC84: =IF(X84>$R$45,(X84-V84)+1,($U$22-V84)+1) -> 45615 | AD84: =IF((AB84-AC84)>$P$28,$P$28,(AB84-AC84)) -> -656 | AE84: =ROUND((AA84/AB84)*AD84,0) -> 0
B85: Relación de contratos RUP en SMML | P85: 0 | Q85: 3 | R85: 60 | T85: =T84+1 -> 9 | U85: M9 | W85: =W84 -> 45614 | Y85: 0 | Z85: 1 | AA85: =Y85*Z85 -> 0 | AB85: =DAYS360(V85,W85)+1 -> 44959 | AC85: =IF(X85>$R$45,(X85-V85)+1,($U$22-V85)+1) -> 45615 | AD85: =IF((AB85-AC85)>$P$28,$P$28,(AB85-AC85)) -> -656 | AE85: =ROUND((AA85/AB85)*AD85,0) -> 0
B86: No | C86: Valor Contrato | D86: No | E86: Valor Contrato | F86: No | G86: Valor Contrato | H86: No | I86: Valor Contrato | J86: No | K86: Valor Contrato | L86: No | M86: Valor Contrato | N86: Segmento 72 "Servicios de Edificación, Construcción de Instalaciones y Mantenimiento" | P86: 3 | Q86: 6 | R86: 80 | T86: =T85+1 -> 10 | U86: M10 | W86: =W85 -> 45614 | Y86: 0 | Z86: 1 | AA86: =Y86*Z86 -> 0 | AB86: =DAYS360(V86,W86)+1 -> 44959 | AC86: =IF(X86>$R$45,(X86-V86)+1,($U$22-V86)+1) -> 45615 | AD86: =IF((AB86-AC86)>$P$28,$P$28,(AB86-AC86)) -> -656 | AE86: =ROUND((AA86/AB86)*AD86,0) -> 0
B87: 1 | D87: 22 | F87: 43 | H87: 64 | J87: 85 | L87: 106 | P87: 6 | Q87: 10 | R87: 100 | T87: =T86+1 -> 11 | U87: M11 | W87: =W86 -> 45614 | Y87: 0 | Z87: 1 | AA87: =Y87*Z87 -> 0 | AB87: =DAYS360(V87,W87)+1 -> 44959 | AC87: =IF(X87>$R$45,(X87-V87)+1,($U$22-V87)+1) -> 45615 | AD87: =IF((AB87-AC87)>$P$28,$P$28,(AB87-AC87)) -> -656 | AE87: =ROUND((AA87/AB87)*AD87,0) -> 0
B88: =+B87+1 -> 2 | D88: =+D87+1 -> 23 | F88: =+F87+1 -> 44 | H88: =+H87+1 -> 65 | J88: =+J87+1 -> 86 | L88: =+L87+1 -> 107 | P88: 10 | R88: 120 | T88: =T87+1 -> 12 | U88: M12 | W88: =W87 -> 45614 | Y88: 0 | Z88: 1 | AA88: =Y88*Z88 -> 0 | AB88: =DAYS360(V88,W88)+1 -> 44959 | AC88: =IF(X88>$R$45,(X88-V88)+1,($U$22-V88)+1) -> 45615 | AD88: =IF((AB88-AC88)>$P$28,$P$28,(AB88-AC88)) -> -656 | AE88: =ROUND((AA88/AB88)*AD88,0) -> 0
B89: =+B88+1 -> 3 | D89: =+D88+1 -> 24 | F89: =+F88+1 -> 45 | H89: =+H88+1 -> 66 | J89: =+J88+1 -> 87 | L89: =+L88+1 -> 108 | P89: Índice liquidez | R89: puntaje | T89: =T88+1 -> 13 | U89: M13 | W89: =W88 -> 45614 | Y89: 0 | Z89: 1 | AA89: =Y89*Z89 -> 0 | AB89: =DAYS360(V89,W89)+1 -> 44959 | AC89: =IF(X89>$R$45,(X89-V89)+1,($U$22-V89)+1) -> 45615 | AD89: =IF((AB89-AC89)>$P$28,$P$28,(AB89-AC89)) -> -656 | AE89: =ROUND((AA89/AB89)*AD89,0) -> 0
B90: =+B89+1 -> 4 | D90: =+D89+1 -> 25 | F90: =+F89+1 -> 46 | H90: =+H89+1 -> 67 | J90: =+J89+1 -> 88 | L90: =+L89+1 -> 109 | P90: 0 | Q90: 0.5 | R90: 20 | T90: =T89+1 -> 14 | U90: M14 | W90: =W89 -> 45614 | Y90: 0 | Z90: 1 | AA90: =Y90*Z90 -> 0 | AB90: =DAYS360(V90,W90)+1 -> 44959 | AC90: =IF(X90>$R$45,(X90-V90)+1,($U$22-V90)+1) -> 45615 | AD90: =IF((AB90-AC90)>$P$28,$P$28,(AB90-AC90)) -> -656 | AE90: =ROUND((AA90/AB90)*AD90,0) -> 0
B91: =+B90+1 -> 5 | D91: =+D90+1 -> 26 | F91: =+F90+1 -> 47 | H91: =+H90+1 -> 68 | J91: =+J90+1 -> 89 | L91: =+L90+1 -> 110 | P91: 0.5 | Q91: 0.75 | R91: 25 | T91: =T90+1 -> 15 | U91: M15 | W91: =W90 -> 45614 | Y91: 0 | Z91: 1 | AA91: =Y91*Z91 -> 0 | AB91: =DAYS360(V91,W91)+1 -> 44959 | AC91: =IF(X91>$R$45,(X91-V91)+1,($U$22-V91)+1) -> 45615 | AD91: =IF((AB91-AC91)>$P$28,$P$28,(AB91-AC91)) -> -656 | AE91: =ROUND((AA91/AB91)*AD91,0) -> 0
B92: =+B91+1 -> 6 | D92: =+D91+1 -> 27 | F92: =+F91+1 -> 48 | H92: =+H91+1 -> 69 | J92: =+J91+1 -> 90 | L92: =+L91+1 -> 111 | P92: 0.75 | Q92: 1 | R92: 30 | T92: =T91+1 -> 16 | U92: M16 | W92: =W91 -> 45614 | Y92: 0 | Z92: 1 | AA92: =Y92*Z92 -> 0 | AB92: =DAYS360(V92,W92)+1 -> 44959 | AC92: =IF(X92>$R$45,(X92-V92)+1,($U$22-V92)+1) -> 45615 | AD92: =IF((AB92-AC92)>$P$28,$P$28,(AB92-AC92)) -> -656 | AE92: =ROUND((AA92/AB92)*AD92,0) -> 0
B93: =+B92+1 -> 7 | D93: =+D92+1 -> 28 | F93: =+F92+1 -> 49 | H93: =+H92+1 -> 70 | J93: =+J92+1 -> 91 | L93: =+L92+1 -> 112 | P93: 1 | Q93: 1.5 | R93: 35 | T93: =T92+1 -> 17 | U93: M17 | W93: =W92 -> 45614 | Y93: 0 | Z93: 1 | AA93: =Y93*Z93 -> 0 | AB93: =DAYS360(V93,W93)+1 -> 44959 | AC93: =IF(X93>$R$45,(X93-V93)+1,($U$22-V93)+1) -> 45615 | AD93: =IF((AB93-AC93)>$P$28,$P$28,(AB93-AC93)) -> -656 | AE93: =ROUND((AA93/AB93)*AD93,0) -> 0
B94: =+B93+1 -> 8 | D94: =+D93+1 -> 29 | F94: =+F93+1 -> 50 | H94: =+H93+1 -> 71 | J94: =+J93+1 -> 92 | L94: =+L93+1 -> 113 | P94: 1.5 | R94: 40 | T94: =T93+1 -> 18 | U94: M18 | W94: =W93 -> 45614 | Y94: 0 | Z94: 1 | AA94: =Y94*Z94 -> 0 | AB94: =DAYS360(V94,W94)+1 -> 44959 | AC94: =IF(X94>$R$45,(X94-V94)+1,($U$22-V94)+1) -> 45615 | AD94: =IF((AB94-AC94)>$P$28,$P$28,(AB94-AC94)) -> -656 | AE94: =ROUND((AA94/AB94)*AD94,0) -> 0
B95: =+B94+1 -> 9 | D95: =+D94+1 -> 30 | F95: =+F94+1 -> 51 | H95: =+H94+1 -> 72 | J95: =+J94+1 -> 93 | L95: =+L94+1 -> 114 | P95: Socios y Profesionales | R95: puntaje | T95: =T94+1 -> 19 | U95: M19 | W95: =W94 -> 45614 | Y95: 0 | Z95: 1 | AA95: =Y95*Z95 -> 0 | AB95: =DAYS360(V95,W95)+1 -> 44959 | AC95: =IF(X95>$R$45,(X95-V95)+1,($U$22-V95)+1) -> 45615 | AD95: =IF((AB95-AC95)>$P$28,$P$28,(AB95-AC95)) -> -656 | AE95: =ROUND((AA95/AB95)*AD95,0) -> 0
B96: =+B95+1 -> 10 | D96: =+D95+1 -> 31 | F96: =+F95+1 -> 52 | H96: =+H95+1 -> 73 | J96: =+J95+1 -> 94 | L96: =+L95+1 -> 115 | R96: 0 | T96: =T95+1 -> 20 | U96: M20 | W96: =W95 -> 45614 | Y96: 0 | Z96: 1 | AA96: =Y96*Z96 -> 0 | AB96: =DAYS360(V96,W96)+1 -> 44959 | AC96: =IF(X96>$R$45,(X96-V96)+1,($U$22-V96)+1) -> 45615 | AD96: =IF((AB96-AC96)>$P$28,$P$28,(AB96-AC96)) -> -656 | AE96: =ROUND((AA96/AB96)*AD96,0) -> 0
B97: =+B96+1 -> 11 | D97: =+D96+1 -> 32 | F97: =+F96+1 -> 53 | H97: =+H96+1 -> 74 | J97: =+J96+1 -> 95 | L97: =+L96+1 -> 116 | P97: 0 | Q97: 5 | R97: 20 | T97: =T96+1 -> 21 | U97: M21 | W97: =W96 -> 45614 | Y97: 0 | Z97: 1 | AA97: =Y97*Z97 -> 0 | AB97: =DAYS360(V97,W97)+1 -> 44959 | AC97: =IF(X97>$R$45,(X97-V97)+1,($U$22-V97)+1) -> 45615 | AD97: =IF((AB97-AC97)>$P$28,$P$28,(AB97-AC97)) -> -656 | AE97: =ROUND((AA97/AB97)*AD97,0) -> 0
B98: =+B97+1 -> 12 | D98: =+D97+1 -> 33 | F98: =+F97+1 -> 54 | H98: =+H97+1 -> 75 | J98: =+J97+1 -> 96 | L98: =+L97+1 -> 117 | P98: 5 | Q98: 10 | R98: 30 | T98: =T97+1 -> 22 | U98: M22 | W98: =W97 -> 45614 | Y98: 0 | Z98: 1 | AA98: =Y98*Z98 -> 0 | AB98: =DAYS360(V98,W98)+1 -> 44959 | AC98: =IF(X98>$R$45,(X98-V98)+1,($U$22-V98)+1) -> 45615 | AD98: =IF((AB98-AC98)>$P$28,$P$28,(AB98-AC98)) -> -656 | AE98: =ROUND((AA98/AB98)*AD98,0) -> 0
B99: =+B98+1 -> 13 | D99: =+D98+1 -> 34 | F99: =+F98+1 -> 55 | H99: =+H98+1 -> 76 | J99: =+J98+1 -> 97 | L99: =+L98+1 -> 118 | P99: 10 | R99: 40 | T99: =T98+1 -> 23 | U99: M23 | W99: =W98 -> 45614 | Y99: 0 | Z99: 1 | AA99: =Y99*Z99 -> 0 | AB99: =DAYS360(V99,W99)+1 -> 44959 | AC99: =IF(X99>$R$45,(X99-V99)+1,($U$22-V99)+1) -> 45615 | AD99: =IF((AB99-AC99)>$P$28,$P$28,(AB99-AC99)) -> -656 | AE99: =ROUND((AA99/AB99)*AD99,0) -> 0
B100: =+B99+1 -> 14 | D100: =+D99+1 -> 35 | F100: =+F99+1 -> 56 | H100: =+H99+1 -> 77 | J100: =+J99+1 -> 98 | L100: =+L99+1 -> 119 | T100: =T99+1 -> 24 | U100: M24 | W100: =W99 -> 45614 | Y100: 0 | Z100: 1 | AA100: =Y100*Z100 -> 0 | AB100: =DAYS360(V100,W100)+1 -> 44959 | AC100: =IF(X100>$R$45,(X100-V100)+1,($U$22-V100)+1) -> 45615 | AD100: =IF((AB100-AC100)>$P$28,$P$28,(AB100-AC100)) -> -656 | AE100: =ROUND((AA100/AB100)*AD100,0) -> 0
B101: =+B100+1 -> 15 | D101: =+D100+1 -> 36 | F101: =+F100+1 -> 57 | H101: =+H100+1 -> 78 | J101: =+J100+1 -> 99 | L101: =+L100+1 -> 120 | R101: PRESUPUESTO OFICIAL | T101: =T100+1 -> 25 | U101: M25 | W101: =W100 -> 45614 | Y101: 0 | Z101: 1 | AA101: =Y101*Z101 -> 0 | AB101: =DAYS360(V101,W101)+1 -> 44959 | AC101: =IF(X101>$R$45,(X101-V101)+1,($U$22-V101)+1) -> 45615 | AD101: =IF((AB101-AC101)>$P$28,$P$28,(AB101-AC101)) -> -656 | AE101: =ROUND((AA101/AB101)*AD101,0) -> 0
B102: =+B101+1 -> 16 | D102: =+D101+1 -> 37 | F102: =+F101+1 -> 58 | H102: =+H101+1 -> 79 | J102: =+J101+1 -> 100 | L102: =+L101+1 -> 121 | P102: GRUPO 1. SALUD MENTAL | R102: 17282722097 | T102: =T101+1 -> 26 | U102: M26 | W102: =W101 -> 45614 | Y102: 0 | Z102: 1 | AA102: =Y102*Z102 -> 0 | AB102: =DAYS360(V102,W102)+1 -> 44959 | AC102: =IF(X102>$R$45,(X102-V102)+1,($U$22-V102)+1) -> 45615 | AD102: =IF((AB102-AC102)>$P$28,$P$28,(AB102-AC102)) -> -656 | AE102: =ROUND((AA102/AB102)*AD102,0) -> 0
B103: =+B102+1 -> 17 | D103: =+D102+1 -> 38 | F103: =+F102+1 -> 59 | H103: =+H102+1 -> 80 | J103: =+J102+1 -> 101 | L103: =+L102+1 -> 122 | P103: GRUPO 2. SAN ROQUE | R103: 14101948434 | T103: =T102+1 -> 27 | U103: M27 | W103: =W102 -> 45614 | Y103: 0 | Z103: 1 | AA103: =Y103*Z103 -> 0 | AB103: =DAYS360(V103,W103)+1 -> 44959 | AC103: =IF(X103>$R$45,(X103-V103)+1,($U$22-V103)+1) -> 45615 | AD103: =IF((AB103-AC103)>$P$28,$P$28,(AB103-AC103)) -> -656 | AE103: =ROUND((AA103/AB103)*AD103,0) -> 0
...

Sheet CRP PLURAL (5)
A1: CUMPLE | O1: SI
A2: NO CUMPLE | B2: ANEXO 1- 2. CRPC - CAPACIDAD RESIDUAL PROCESO DE CONTRATACIÓN | O2: NO
B4: NOMBRE DEL PROPONENTE | F4: ='EVALUACIÓN EXPERIENCIA'!$G$3 -> CONSORCIO VENTURA & CO
B5: INTEGRANTES
B6: NOMBRE INTEGRANTES | G6: % DE PARTICIPACIÓN | H6: INGRESO OPERACIONAL (más alto de los últimos cinco (5) años) | I6: ACTIVO CORRIENTE | J6: PASIVO CORRIENTE | K6: Número de socios y profesionales de la arquitectura, ingeniería y geología vinculados. | M6: SALDO DE LOS CONTRATOS EN EJECUCIÓN
B7: 1 | C7: ='EVALUACIÓN EXPERIENCIA'!$A$29 -> MARIA JOSE HERRERA GUZMAN | G7: ='EVALUACIÓN EXPERIENCIA'!$H$29 -> 0.5
B8: 2 | C8: ='EVALUACIÓN EXPERIENCIA'!$A$30 -> VENTURA & CO. SAS | G8: ='EVALUACIÓN EXPERIENCIA'!$H$30 -> 0.5
B9: 3 | C9: ='EVALUACIÓN EXPERIENCIA'!$A$31 -> 0 | G9: ='EVALUACIÓN EXPERIENCIA'!$H$31 -> 0
B10: 4 | C10: ='EVALUACIÓN EXPERIENCIA'!$A$32 -> 0 | G10: ='EVALUACIÓN EXPERIENCIA'!$H$32 -> 0
B11: 5 | C11: ='EVALUACIÓN EXPERIENCIA'!$A$33 -> 0 | G11: ='EVALUACIÓN EXPERIENCIA'!$H$33 -> 0
B13: ="CRP INTEGRANTE 1: "&$C$7 -> CRP INTEGRANTE 1: MARIA JOSE HERRERA GUZMAN | L13: =L74 -> 426630400
B14: ="CRP INTEGRANTE 2: "&$C$8 -> CRP INTEGRANTE 2: VENTURA & CO. SAS | L14: =L124 -> 426630400
B15: ="CRP INTEGRANTE 3: "&$C$9 -> CRP INTEGRANTE 3: 0 | L15: =L174 -> 426630400
B16: ="CRP INTEGRANTE 4: "&$C$10 -> CRP INTEGRANTE 4: 0 | L16: =$L$224 -> 426630400
B17: ="CRP INTEGRANTE 5: "&$C$11 -> CRP INTEGRANTE 5: 0 | L17: =$L$224 -> 426630400
B18: ="TOTAL CRP PROPONENTE: "&$F$4 -> TOTAL CRP PROPONENTE: CONSORCIO VENTURA & CO | L18: =SUM(L13:N17) -> 2133152000
B19: ="CONDICIÓN DEL PROPONENTE: "&$F$4 -> CONDICIÓN DEL PROPONENTE: CONSORCIO VENTURA & CO | L19: =IF(AND(IF(L277="CUMPLE",TRUE,FALSE),IF(L280="CUMPLE",TRUE,FALSE),IF(L283="CUMPLE",TRUE,FALSE),IF(L286="CUMPLE",TRUE,FALSE),IF(L289="CUMPLE",TRUE,FALSE),IF(IF(L18<I24,Q28,Q27)="CUMPLE",TRUE,FALSE))=TRUE,"CUMPLE",IF(OR(L277="",L280="",L283="",L286="",L289="")=TRUE,"PENDIENTE REVISIÓN","NO CUMPLE")) -> PENDIENTE REVISIÓN
B21: CAPACIDAD RESIDUAL DEL PROCESO | T21: IDENTIFICACIÓN DEL PROPONENTE: | V21: =B26 -> INTEGRANTE 1: MARIA JOSE HERRERA GUZMAN
B22: Vr. Presupuesto Oficial ($) | F22: Vr. Anticipo | H22: Plazo Meses | I22: Vr. Capacidad Residual proceso | Q22: SMMLV 2025 | T22: FECHA CIERRE | U22: 45614
B23: =+'EVALUACIÓN EXPERIENCIA'!D5 -> 724761029 | F23: =+B23*25% -> 1.8119026e+08 | H23: 3 | I23: =IFERROR(ROUND(((B23-F23)/H23)*12,0),0) -> 2174283087 | Q23: 1423500
B24: CAPACIDAD RESIDUAL DEL PROCESO DE CONTRATACIÓN | I24: =SUM(I23:N23) -> 2174283087 | T24: ÍTEMS | U24: CONTRATO No. | V24: FECHA INICIO (DD/MM/AAAA) | W24: FECHA TERMINACIÓN (DD/MM/AAAA) | X24: FECHA SUSPENSIÓN (DD/MM/AA) SI APLICA | Y24: VALOR DEL CONTRATO ( MONEDA LEGAL COLOMBIANA) | Z24: PORCENTAJE (%) DE PARTICIPACIÓN | AA24: VR. FINAL DEL CONTRATO EN EJECUCIÓN | AB24: PLAZO EJECUCIÓN (Días) | AC24: PLAZO EJECUTADO (Días) | AD24: PLAZO POR EJECUTAR (Días) | AE24: SALDO POR EJECUTAR
B26: ="INTEGRANTE 1: "&$C$7 -> INTEGRANTE 1: MARIA JOSE HERRERA GUZMAN | T26: 1 | U26: M1 | V26: 44995 | W26: 45545 | X26: 45475 | Y26: =2195389085 -> 2195389085 | Z26: 0.9 | AA26: =Y26*Z26 -> 1.9758502e+09 | AB26: =DAYS360(V26,W26) -> 540 | AC26: =IF(X26>$R$45,(X26-V26),($U$22-V26)) -> 480 | AD26: =IF((AB26-AC26)>$P$28,$P$28,(AB26-AC26)) -> 60 | AE26: =ROUND((AA26/AB26)*AD26,0) -> 219538909
B27: PORCENTAJE DE PARTICIPACIÓN | I27: =$G$7 -> 0.5 | P27: DÍAS | Q27: CUMPLE | R27: MESES | T27: =T26+1 -> 2 | U27: M2 | V27: 45229 | W27: =U22+81 -> 45695 | Y27: 5625559703 | Z27: 1 | AA27: =Y27*Z27 -> 5625559703 | AB27: =DAYS360(V27,W27) -> 457 | AC27: =IF(X27>$R$45,(X27-V27),($U$22-V27)) -> 385 | AD27: =IF((AB27-AC27)>$P$28,$P$28,(AB27-AC27)) -> 72 | AE27: 886496604
B28: Capacidad Residual Proponente | H28: Factor | N28: P. M. | P28: 360 | Q28: NO CUMPLE | R28: 12 | T28: =T27+1 -> 3 | U28: M3 | V28: 45245 | W28: 45762 | Y28: 9.3784714e+09 | Z28: 0.7 | AA28: =Y28*Z28 -> 6.56493e+09 | AB28: =DAYS360(V28,W28) -> 510 | AC28: =IF(X28>$R$45,(X28-V28),($U$22-V28)) -> 369 | AD28: =IF((AB28-AC28)>$P$28,$P$28,(AB28-AC28)) -> 141 | AE28: =ROUND((AA28/AB28)*AD28,0) -> 1815010047
H29: Experiencia. (- E -) | N29: 120 | T29: =T28+1 -> 4 | U29: M4 | W29: =W28 -> 45762 | Y29: 0 | Z29: 1 | AA29: =Y29*Z29 -> 0 | AB29: =DAYS360(V29,W29)+1 -> 45106 | AC29: =IF(X29>$R$45,(X29-V29)+1,($U$22-V29)+1) -> 45615 | AD29: =IF((AB29-AC29)>$P$28,$P$28,(AB29-AC29)) -> -509 | AE29: =ROUND((AA29/AB29)*AD29,0) -> 0
H30: Capacidad Financiera. (CF) | N30: 40 | P30: INGRESOS MIN US$ | Q30: TRM VIGENTE | R30: INGRESOS OP. MIN | T30: =T29+1 -> 5 | U30: M5 | W30: =W29 -> 45762 | Y30: 0 | Z30: 1 | AA30: =Y30*Z30 -> 0 | AB30: =DAYS360(V30,W30)+1 -> 45106 | AC30: =IF(X30>$R$45,(X30-V30)+1,($U$22-V30)+1) -> 45615 | AD30: =IF((AB30-AC30)>$P$28,$P$28,(AB30-AC30)) -> -509 | AE30: =ROUND((AA30/AB30)*AD30,0) -> 0
H31: Capacidad Técnica. (CT) | N31: 40 | P31: 125000 | Q31: =533287768/P31 -> 4266.3021 | R31: =ROUNDUP(P31*Q31,-3) -> 533288000 | T31: =T30+1 -> 6 | U31: M6 | W31: =W30 -> 45762 | Y31: 0 | Z31: 1 | AA31: =Y31*Z31 -> 0 | AB31: =DAYS360(V31,W31)+1 -> 45106 | AC31: =IF(X31>$R$45,(X31-V31)+1,($U$22-V31)+1) -> 45615 | AD31: =IF((AB31-AC31)>$P$28,$P$28,(AB31-AC31)) -> -509 | AE31: =ROUND((AA31/AB31)*AD31,0) -> 0
H32: TOTAL | N32: =SUM(N29:N31) -> 200 | Q32: UMBRAL PYMES 2023 - 2024 COLOMBIA COMPRA | T32: =T31+1 -> 7 | U32: M7 | W32: =W31 -> 45762 | Y32: 0 | Z32: 1 | AA32: =Y32*Z32 -> 0 | AB32: =DAYS360(V32,W32)+1 -> 45106 | AC32: =IF(X32>$R$45,(X32-V32)+1,($U$22-V32)+1) -> 45615 | AD32: =IF((AB32-AC32)>$P$28,$P$28,(AB32-AC32)) -> -509 | AE32: =ROUND((AA32/AB32)*AD32,0) -> 0
B33: CAPACIDAD DE ORGANIZACIÓN. (CO) | P33: Experiencia veces | R33: puntaje | T33: =T32+1 -> 8 | U33: M8 | W33: =W32 -> 45762 | Y33: 0 | Z33: 1 | AA33: =Y33*Z33 -> 0 | AB33: =DAYS360(V33,W33)+1 -> 45106 | AC33: =IF(X33>$R$45,(X33-V33)+1,($U$22-V33)+1) -> 45615 | AD33: =IF((AB33-AC33)>$P$28,$P$28,(AB33-AC33)) -> -509 | AE33: =ROUND((AA33/AB33)*AD33,0) -> 0
B34: Información Financiera. (Máximo 5 años anteriores) | I34: Ingresos Operacionales | P34: 0 | Q34: 3 | R34: 60 | T34: =T33+1 -> 9 | U34: M9 | W34: =W33 -> 45762 | Y34: 0 | Z34: 1 | AA34: =Y34*Z34 -> 0 | AB34: =DAYS360(V34,W34)+1 -> 45106 | AC34: =IF(X34>$R$45,(X34-V34)+1,($U$22-V34)+1) -> 45615 | AD34: =IF((AB34-AC34)>$P$28,$P$28,(AB34-AC34)) -> -509 | AE34: =ROUND((AA34/AB34)*AD34,0) -> 0
B35: Ingreso Operacional más alto de los últimos cinco (5) años | I35: =IF($H$7>$R$31,$H$7,$R$31) -> 533288000 | P35: 3 | Q35: 6 | R35: 80 | T35: =T34+1 -> 10 | U35: M10 | W35: =W34 -> 45762 | Y35: 0 | Z35: 1 | AA35: =Y35*Z35 -> 0 | AB35: =DAYS360(V35,W35)+1 -> 45106 | AC35: =IF(X35>$R$45,(X35-V35)+1,($U$22-V35)+1) -> 45615 | AD35: =IF((AB35-AC35)>$P$28,$P$28,(AB35-AC35)) -> -509 | AE35: =ROUND((AA35/AB35)*AD35,0) -> 0
B36: EXPERIENCIA DEL PROPONENTE (-E-) | P36: 6 | Q36: 10 | R36: 100 | T36: =T35+1 -> 11 | U36: M11 | W36: =W35 -> 45762 | Y36: 0 | Z36: 1 | AA36: =Y36*Z36 -> 0 | AB36: =DAYS360(V36,W36)+1 -> 45106 | AC36: =IF(X36>$R$45,(X36-V36)+1,($U$22-V36)+1) -> 45615 | AD36: =IF((AB36-AC36)>$P$28,$P$28,(AB36-AC36)) -> -509 | AE36: =ROUND((AA36/AB36)*AD36,0) -> 0
B37: Relación de contratos RUP en SMML | P37: 10 | R37: 120 | T37: =T36+1 -> 12 | U37: M12 | W37: =W36 -> 45762 | Y37: 0 | Z37: 1 | AA37: =Y37*Z37 -> 0 | AB37: =DAYS360(V37,W37)+1 -> 45106 | AC37: =IF(X37>$R$45,(X37-V37)+1,($U$22-V37)+1) -> 45615 | AD37: =IF((AB37-AC37)>$P$28,$P$28,(AB37-AC37)) -> -509 | AE37: =ROUND((AA37/AB37)*AD37,0) -> 0
B38: No | C38: Valor Contrato | D38: No | E38: Valor Contrato | F38: No | G38: Valor Contrato | H38: No | I38: Valor Contrato | J38: No | K38: Valor Contrato | L38: No | M38: Valor Contrato | N38: Segmento 72 "Servicios de Edificación, Construcción de Instalaciones y Mantenimiento" | P38: Índice liquidez | R38: puntaje | T38: =T37+1 -> 13 | U38: M13 | W38: =W37 -> 45762 | Y38: 0 | Z38: 1 | AA38: =Y38*Z38 -> 0 | AB38: =DAYS360(V38,W38)+1 -> 45106 | AC38: =IF(X38>$R$45,(X38-V38)+1,($U$22-V38)+1) -> 45615 | AD38: =IF((AB38-AC38)>$P$28,$P$28,(AB38-AC38)) -> -509 | AE38: =ROUND((AA38/AB38)*AD38,0) -> 0
B39: 1 | D39: 22 | F39: 43 | H39: 64 | J39: 85 | L39: 106 | P39: 0 | Q39: 0.5 | R39: 20 | T39: =T38+1 -> 14 | U39: M14 | W39: =W38 -> 45762 | Y39: 0 | Z39: 1 | AA39: =Y39*Z39 -> 0 | AB39: =DAYS360(V39,W39)+1 -> 45106 | AC39: =IF(X39>$R$45,(X39-V39)+1,($U$22-V39)+1) -> 45615 | AD39: =IF((AB39-AC39)>$P$28,$P$28,(AB39-AC39)) -> -509 | AE39: =ROUND((AA39/AB39)*AD39,0) -> 0
B40: =+B39+1 -> 2 | D40: =+D39+1 -> 23 | F40: =+F39+1 -> 44 | H40: =+H39+1 -> 65 | J40: =+J39+1 -> 86 | L40: =+L39+1 -> 107 | P40: 0.5 | Q40: 0.75 | R40: 25 | T40: =T39+1 -> 15 | U40: M15 | W40: =W39 -> 45762 | Y40: 0 | Z40: 1 | AA40: =Y40*Z40 -> 0 | AB40: =DAYS360(V40,W40)+1 -> 45106 | AC40: =IF(X40>$R$45,(X40-V40)+1,($U$22-V40)+1) -> 45615 | AD40: =IF((AB40-AC40)>$P$28,$P$28,(AB40-AC40)) -> -509 | AE40: =ROUND((AA40/AB40)*AD40,0) -> 0
B41: =+B40+1 -> 3 | D41: =+D40+1 -> 24 | F41: =+F40+1 -> 45 | H41: =+H40+1 -> 66 | J41: =+J40+1 -> 87 | L41: =+L40+1 -> 108 | P41: 0.75 | Q41: 1 | R41: 30 | T41: =T40+1 -> 16 | U41: M16 | W41: =W40 -> 45762 | Y41: 0 | Z41: 1 | AA41: =Y41*Z41 -> 0 | AB41: =DAYS360(V41,W41)+1 -> 45106 | AC41: =IF(X41>$R$45,(X41-V41)+1,($U$22-V41)+1) -> 45615 | AD41: =IF((AB41-AC41)>$P$28,$P$28,(AB41-AC41)) -> -509 | AE41: =ROUND((AA41/AB41)*AD41,0) -> 0
B42: =+B41+1 -> 4 | D42: =+D41+1 -> 25 | F42: =+F41+1 -> 46 | H42: =+H41+1 -> 67 | J42: =+J41+1 -> 88 | L42: =+L41+1 -> 109 | P42: 1 | Q42: 1.5 | R42: 35 | T42: =T41+1 -> 17 | U42: M17 | W42: =W41 -> 45762 | Y42: 0 | Z42: 1 | AA42: =Y42*Z42 -> 0 | AB42: =DAYS360(V42,W42)+1 -> 45106 | AC42: =IF(X42>$R$45,(X42-V42)+1,($U$22-V42)+1) -> 45615 | AD42: =IF((AB42-AC42)>$P$28,$P$28,(AB42-AC42)) -> -509 | AE42: =ROUND((AA42/AB42)*AD42,0) -> 0
B43: =+B42+1 -> 5 | D43: =+D42+1 -> 26 | F43: =+F42+1 -> 47 | H43: =+H42+1 -> 68 | J43: =+J42+1 -> 89 | L43: =+L42+1 -> 110 | P43: 1.5 | R43: 40 | T43: =T42+1 -> 18 | U43: M18 | W43: =W42 -> 45762 | Y43: 0 | Z43: 1 | AA43: =Y43*Z43 -> 0 | AB43: =DAYS360(V43,W43)+1 -> 45106 | AC43: =IF(X43>$R$45,(X43-V43)+1,($U$22-V43)+1) -> 45615 | AD43: =IF((AB43-AC43)>$P$28,$P$28,(AB43-AC43)) -> -509 | AE43: =ROUND((AA43/AB43)*AD43,0) -> 0
B44: =+B43+1 -> 6 | D44: =+D43+1 -> 27 | F44: =+F43+1 -> 48 | H44: =+H43+1 -> 69 | J44: =+J43+1 -> 90 | L44: =+L43+1 -> 111 | P44: Socios y Profesionales | R44: puntaje | T44: =T43+1 -> 19 | U44: M19 | W44: =W43 -> 45762 | Y44: 0 | Z44: 1 | AA44: =Y44*Z44 -> 0 | AB44: =DAYS360(V44,W44)+1 -> 45106 | AC44: =IF(X44>$R$45,(X44-V44)+1,($U$22-V44)+1) -> 45615 | AD44: =IF((AB44-AC44)>$P$28,$P$28,(AB44-AC44)) -> -509 | AE44: =ROUND((AA44/AB44)*AD44,0) -> 0
B45: =+B44+1 -> 7 | D45: =+D44+1 -> 28 | F45: =+F44+1 -> 49 | H45: =+H44+1 -> 70 | J45: =+J44+1 -> 91 | L45: =+L44+1 -> 112 | R45: 0 | T45: =T44+1 -> 20 | U45: M20 | W45: =W44 -> 45762 | Y45: 0 | Z45: 1 | AA45: =Y45*Z45 -> 0 | AB45: =DAYS360(V45,W45)+1 -> 45106 | AC45: =IF(X45>$R$45,(X45-V45)+1,($U$22-V45)+1) -> 45615 | AD45: =IF((AB45-AC45)>$P$28,$P$28,(AB45-AC45)) -> -509 | AE45: =ROUND((AA45/AB45)*AD45,0) -> 0
B46: =+B45+1 -> 8 | D46: =+D45+1 -> 29 | F46: =+F45+1 -> 50 | H46: =+H45+1 -> 71 | J46: =+J45+1 -> 92 | L46: =+L45+1 -> 113 | P46: 0 | Q46: 5 | R46: 20 | T46: =T45+1 -> 21 | U46: M21 | W46: =W45 -> 45762 | Y46: 0 | Z46: 1 | AA46: =Y46*Z46 -> 0 | AB46: =DAYS360(V46,W46)+1 -> 45106 | AC46: =IF(X46>$R$45,(X46-V46)+1,($U$22-V46)+1) -> 45615 | AD46: =IF((AB46-AC46)>$P$28,$P$28,(AB46-AC46)) -> -509 | AE46: =ROUND((AA46/AB46)*AD46,0) -> 0
B47: =+B46+1 -> 9 | D47: =+D46+1 -> 30 | F47: =+F46+1 -> 51 | H47: =+H46+1 -> 72 | J47: =+J46+1 -> 93 | L47: =+L46+1 -> 114 | P47: 5 | Q47: 10 | R47: 30 | T47: =T46+1 -> 22 | U47: M22 | W47: =W46 -> 45762 | Y47: 0 | Z47: 1 | AA47: =Y47*Z47 -> 0 | AB47: =DAYS360(V47,W47)+1 -> 45106 | AC47: =IF(X47>$R$45,(X47-V47)+1,($U$22-V47)+1) -> 45615 | AD47: =IF((AB47-AC47)>$P$28,$P$28,(AB47-AC47)) -> -509 | AE47: =ROUND((AA47/AB47)*AD47,0) -> 0
B48: =+B47+1 -> 10 | D48: =+D47+1 -> 31 | F48: =+F47+1 -> 52 | H48: =+H47+1 -> 73 | J48: =+J47+1 -> 94 | L48: =+L47+1 -> 115 | P48: 10 | R48: 40 | T48: =T47+1 -> 23 | U48: M23 | W48: =W47 -> 45762 | Y48: 0 | Z48: 1 | AA48: =Y48*Z48 -> 0 | AB48: =DAYS360(V48,W48)+1 -> 45106 | AC48: =IF(X48>$R$45,(X48-V48)+1,($U$22-V48)+1) -> 45615 | AD48: =IF((AB48-AC48)>$P$28,$P$28,(AB48-AC48)) -> -509 | AE48: =ROUND((AA48/AB48)*AD48,0) -> 0
B49: =+B48+1 -> 11 | D49: =+D48+1 -> 32 | F49: =+F48+1 -> 53 | H49: =+H48+1 -> 74 | J49: =+J48+1 -> 95 | L49: =+L48+1 -> 116 | T49: =T48+1 -> 24 | U49: M24 | W49: =W48 -> 45762 | Y49: 0 | Z49: 1 | AA49: =Y49*Z49 -> 0 | AB49: =DAYS360(V49,W49)+1 -> 45106 | AC49: =IF(X49>$R$45,(X49-V49)+1,($U$22-V49)+1) -> 45615 | AD49: =IF((AB49-AC49)>$P$28,$P$28,(AB49-AC49)) -> -509 | AE49: =ROUND((AA49/AB49)*AD49,0) -> 0
B50: =+B49+1 -> 12 | D50: =+D49+1 -> 33 | F50: =+F49+1 -> 54 | H50: =+H49+1 -> 75 | J50: =+J49+1 -> 96 | L50: =+L49+1 -> 117 | T50: =T49+1 -> 25 | U50: M25 | W50: =W49 -> 45762 | Y50: 0 | Z50: 1 | AA50: =Y50*Z50 -> 0 | AB50: =DAYS360(V50,W50)+1 -> 45106 | AC50: =IF(X50>$R$45,(X50-V50)+1,($U$22-V50)+1) -> 45615 | AD50: =IF((AB50-AC50)>$P$28,$P$28,(AB50-AC50)) -> -509 | AE50: =ROUND((AA50/AB50)*AD50,0) -> 0
B51: =+B50+1 -> 13 | D51: =+D50+1 -> 34 | F51: =+F50+1 -> 55 | H51: =+H50+1 -> 76 | J51: =+J50+1 -> 97 | L51: =+L50+1 -> 118 | T51: =T50+1 -> 26 | U51: M26 | W51: =W50 -> 45762 | Y51: 0 | Z51: 1 | AA51: =Y51*Z51 -> 0 | AB51: =DAYS360(V51,W51)+1 -> 45106 | AC51: =IF(X51>$R$45,(X51-V51)+1,($U$22-V51)+1) -> 45615 | AD51: =IF((AB51-AC51)>$P$28,$P$28,(AB51-AC51)) -> -509 | AE51: =ROUND((AA51/AB51)*AD51,0) -> 0
B52: =+B51+1 -> 14 | D52: =+D51+1 -> 35 | F52: =+F51+1 -> 56 | H52: =+H51+1 -> 77 | J52: =+J51+1 -> 98 | L52: =+L51+1 -> 119 | T52: =T51+1 -> 27 | U52: M27 | W52: =W51 -> 45762 | Y52: 0 | Z52: 1 | AA52: =Y52*Z52 -> 0 | AB52: =DAYS360(V52,W52)+1 -> 45106 | AC52: =IF(X52>$R$45,(X52-V52)+1,($U$22-V52)+1) -> 45615 | AD52: =IF((AB52-AC52)>$P$28,$P$28,(AB52-AC52)) -> -509 | AE52: =ROUND((AA52/AB52)*AD52,0) -> 0
B53: =+B52+1 -> 15 | D53: =+D52+1 -> 36 | F53: =+F52+1 -> 57 | H53: =+H52+1 -> 78 | J53: =+J52+1 -> 99 | L53: =+L52+1 -> 120 | T53: =T52+1 -> 28 | U53: M28 | W53: =W52 -> 45762 | Y53: 0 | Z53: 1 | AA53: =Y53*Z53 -> 0 | AB53: =DAYS360(V53,W53)+1 -> 45106 | AC53: =IF(X53>$R$45,(X53-V53)+1,($U$22-V53)+1) -> 45615 | AD53: =IF((AB53-AC53)>$P$28,$P$28,(AB53-AC53)) -> -509 | AE53: =ROUND((AA53/AB53)*AD53,0) -> 0
B54: =+B53+1 -> 16 | D54: =+D53+1 -> 37 | F54: =+F53+1 -> 58 | H54: =+H53+1 -> 79 | J54: =+J53+1 -> 100 | L54: =+L53+1 -> 121 | T54: =T53+1 -> 29 | U54: M29 | W54: =W53 -> 45762 | Y54: 0 | Z54: 1 | AA54: =Y54*Z54 -> 0 | AB54: =DAYS360(V54,W54)+1 -> 45106 | AC54: =IF(X54>$R$45,(X54-V54)+1,($U$22-V54)+1) -> 45615 | AD54: =IF((AB54-AC54)>$P$28,$P$28,(AB54-AC54)) -> -509 | AE54: =ROUND((AA54/AB54)*AD54,0) -> 0
B55: =+B54+1 -> 17 | D55: =+D54+1 -> 38 | F55: =+F54+1 -> 59 | H55: =+H54+1 -> 80 | J55: =+J54+1 -> 101 | L55: =+L54+1 -> 122 | T55: =T54+1 -> 30 | U55: M30 | W55: =W54 -> 45762 | Y55: 0 | Z55: 1 | AA55: =Y55*Z55 -> 0 | AB55: =DAYS360(V55,W55)+1 -> 45106 | AC55: =IF(X55>$R$45,(X55-V55)+1,($U$22-V55)+1) -> 45615 | AD55: =IF((AB55-AC55)>$P$28,$P$28,(AB55-AC55)) -> -509 | AE55: =ROUND((AA55/AB55)*AD55,0) -> 0
B56: =+B55+1 -> 18 | D56: =+D55+1 -> 39 | F56: =+F55+1 -> 60 | H56: =+H55+1 -> 81 | J56: =+J55+1 -> 102 | L56: =+L55+1 -> 123 | T56: =T55+1 -> 31 | U56: M31 | W56: =W55 -> 45762 | Y56: 0 | Z56: 1 | AA56: =Y56*Z56 -> 0 | AB56: =DAYS360(V56,W56)+1 -> 45106 | AC56: =IF(X56>$R$45,(X56-V56)+1,($U$22-V56)+1) -> 45615 | AD56: =IF((AB56-AC56)>$P$28,$P$28,(AB56-AC56)) -> -509 | AE56: =ROUND((AA56/AB56)*AD56,0) -> 0
B57: =+B56+1 -> 19 | D57: =+D56+1 -> 40 | F57: =+F56+1 -> 61 | H57: =+H56+1 -> 82 | J57: =+J56+1 -> 103 | L57: =+L56+1 -> 124 | T57: =T56+1 -> 32 | U57: M32 | W57: =W56 -> 45762 | Y57: 0 | Z57: 1 | AA57: =Y57*Z57 -> 0 | AB57: =DAYS360(V57,W57)+1 -> 45106 | AC57: =IF(X57>$R$45,(X57-V57)+1,($U$22-V57)+1) -> 45615 | AD57: =IF((AB57-AC57)>$P$28,$P$28,(AB57-AC57)) -> -509 | AE57: =ROUND((AA57/AB57)*AD57,0) -> 0
B58: =+B57+1 -> 20 | D58: =+D57+1 -> 41 | F58: =+F57+1 -> 62 | H58: =+H57+1 -> 83 | J58: =+J57+1 -> 104 | L58: =+L57+1 -> 125 | T58: =T57+1 -> 33 | U58: M33 | W58: =W57 -> 45762 | Y58: 0 | Z58: 1 | AA58: =Y58*Z58 -> 0 | AB58: =DAYS360(V58,W58)+1 -> 45106 | AC58: =IF(X58>$R$45,(X58-V58)+1,($U$22-V58)+1) -> 45615 | AD58: =IF((AB58-AC58)>$P$28,$P$28,(AB58-AC58)) -> -509 | AE58: =ROUND((AA58/AB58)*AD58,0) -> 0
B59: =+B58+1 -> 21 | D59: =+D58+1 -> 42 | F59: =+F58+1 -> 63 | H59: =+H58+1 -> 84 | J59: =+J58+1 -> 105 | L59: =+L58+1 -> 126 | T59: =T58+1 -> 34 | U59: M34 | W59: =W58 -> 45762 | Y59: 0 | Z59: 1 | AA59: =Y59*Z59 -> 0 | AB59: =DAYS360(V59,W59)+1 -> 45106 | AC59: =IF(X59>$R$45,(X59-V59)+1,($U$22-V59)+1) -> 45615 | AD59: =IF((AB59-AC59)>$P$28,$P$28,(AB59-AC59)) -> -509 | AE59: =ROUND((AA59/AB59)*AD59,0) -> 0
B60: Valor total Contratos RUP (SMML) | J60: =SUM(C39:C59,G39:G59,K39:K59,E39:E59,I39:I59,K39:K59,M39:M59) -> 0 | T60: =T59+1 -> 35 | U60: M35 | W60: =W59 -> 45762 | Y60: 0 | Z60: 1 | AA60: =Y60*Z60 -> 0 | AB60: =DAYS360(V60,W60)+1 -> 45106 | AC60: =IF(X60>$R$45,(X60-V60)+1,($U$22-V60)+1) -> 45615 | AD60: =IF((AB60-AC60)>$P$28,$P$28,(AB60-AC60)) -> -509 | AE60: =ROUND((AA60/AB60)*AD60,0) -> 0
B61: Valor experiencia = (Valor Contratos RUP/Ppto Oficial) | J61: =IFERROR($J$60/(($B$23)*I27),0) -> 0 | T61: =T60+1 -> 36 | U61: M36 | W61: =W60 -> 45762 | Y61: 0 | Z61: 1 | AA61: =Y61*Z61 -> 0 | AB61: =DAYS360(V61,W61)+1 -> 45106 | AC61: =IF(X61>$R$45,(X61-V61)+1,($U$22-V61)+1) -> 45615 | AD61: =IF((AB61-AC61)>$P$28,$P$28,(AB61-AC61)) -> -509 | AE61: =ROUND((AA61/AB61)*AD61,0) -> 0
B62: PUNTAJE EXPERIENCIA | L62: =IF(J61>P37,R37,IF(J61>P36,R36,IF(J61>P35,R35,R34))) -> 60 | T62: =T61+1 -> 37 | U62: M37 | W62: =W61 -> 45762 | Y62: 0 | Z62: 1 | AA62: =Y62*Z62 -> 0 | AB62: =DAYS360(V62,W62)+1 -> 45106 | AC62: =IF(X62>$R$45,(X62-V62)+1,($U$22-V62)+1) -> 45615 | AD62: =IF((AB62-AC62)>$P$28,$P$28,(AB62-AC62)) -> -509 | AE62: =ROUND((AA62/AB62)*AD62,0) -> 0
B63: CAPACIDAD FINANCIERA (CF) | T63: =T62+1 -> 38 | U63: M38 | W63: =W62 -> 45762 | Y63: 0 | Z63: 1 | AA63: =Y63*Z63 -> 0 | AB63: =DAYS360(V63,W63)+1 -> 45106 | AC63: =IF(X63>$R$45,(X63-V63)+1,($U$22-V63)+1) -> 45615 | AD63: =IF((AB63-AC63)>$P$28,$P$28,(AB63-AC63)) -> -509 | AE63: =ROUND((AA63/AB63)*AD63,0) -> 0
H64: Activo Corriente último año | L64: =$I$7 -> 0 | T64: =T63+1 -> 39 | U64: M39 | W64: =W63 -> 45762 | Y64: 0 | Z64: 1 | AA64: =Y64*Z64 -> 0 | AB64: =DAYS360(V64,W64)+1 -> 45106 | AC64: =IF(X64>$R$45,(X64-V64)+1,($U$22-V64)+1) -> 45615 | AD64: =IF((AB64-AC64)>$P$28,$P$28,(AB64-AC64)) -> -509 | AE64: =ROUND((AA64/AB64)*AD64,0) -> 0
H65: Pasivo Corriente último año | L65: =$J$7 -> 0 | T65: =T64+1 -> 40 | U65: M40 | W65: =W64 -> 45762 | Y65: 0 | Z65: 1 | AA65: =Y65*Z65 -> 0 | AB65: =DAYS360(V65,W65)+1 -> 45106 | AC65: =IF(X65>$R$45,(X65-V65)+1,($U$22-V65)+1) -> 45615 | AD65: =IF((AB65-AC65)>$P$28,$P$28,(AB65-AC65)) -> -509 | AE65: =ROUND((AA65/AB65)*AD65,0) -> 0
H66: Índice de liquidez | L66: =IFERROR(ROUND(L64/L65,2),0) -> 0 | T66: =T65+1 -> 41 | U66: M41 | W66: =W65 -> 45762 | Y66: 0 | Z66: 1 | AA66: =Y66*Z66 -> 0 | AB66: =DAYS360(V66,W66)+1 -> 45106 | AC66: =IF(X66>$R$45,(X66-V66)+1,($U$22-V66)+1) -> 45615 | AD66: =IF((AB66-AC66)>$P$28,$P$28,(AB66-AC66)) -> -509 | AE66: =ROUND((AA66/AB66)*AD66,0) -> 0
B67: PUNTAJE CAPACIDAD FINANCIERA | L67: =IF(L66>P43,R43,IF(L66>P42,R42,IF(L66>P41,R41,IF(L66>P40,R40,R39)))) -> 20 | T67: =T66+1 -> 42 | U67: M42 | W67: =W66 -> 45762 | Y67: 0 | Z67: 1 | AA67: =Y67*Z67 -> 0 | AB67: =DAYS360(V67,W67)+1 -> 45106 | AC67: =IF(X67>$R$45,(X67-V67)+1,($U$22-V67)+1) -> 45615 | AD67: =IF((AB67-AC67)>$P$28,$P$28,(AB67-AC67)) -> -509 | AE67: =ROUND((AA67/AB67)*AD67,0) -> 0
B68: CAPACIDAD TÉCNICA (CT) | T68: =T67+1 -> 43 | U68: M43 | W68: =W67 -> 45762 | Y68: 0 | Z68: 1 | AA68: =Y68*Z68 -> 0 | AB68: =DAYS360(V68,W68)+1 -> 45106 | AC68: =IF(X68>$R$45,(X68-V68)+1,($U$22-V68)+1) -> 45615 | AD68: =IF((AB68-AC68)>$P$28,$P$28,(AB68-AC68)) -> -509 | AE68: =ROUND((AA68/AB68)*AD68,0) -> 0
B69: Número de socios y profesionales de la arquitectura, ingeniería y geología vinculados. | M69: =$K$7 -> 0 | Z69: SALDO POR EJECUTAR DE LOS CONTRATOS EN EJECUCIÓN | AE69: =SUM(AE26:AE68) -> 2921045560
B70: PUNTAJE CAPACIDAD TÉCNICA | L70: =IF(M69>P48,R48,IF(M69>P47,R47,IF(M69>P46,R46,R45))) -> 0
B72: ="CAPACIDAD DE CONTRATACIÓN INTEGRANTE 1: "&$F$26 -> CAPACIDAD DE CONTRATACIÓN INTEGRANTE 1: | L72: =I35*((L62+L67+L70)/100) -> 426630400 | T72: IDENTIFICACIÓN DEL PROPONENTE: | V72: =B76 -> INTEGRANTE 2: VENTURA & CO. SAS
B73: ="SALDO DE LOS CONTRATOS EN EJECUCIÓN INTEGRANTE 1: "&$F$26 -> SALDO DE LOS CONTRATOS EN EJECUCIÓN INTEGRANTE 1: | L73: =$M$7 -> 0 | T73: FECHA CIERRE | U73: =U22 -> 45614
B74: ="CAPACIDAD RESIDUAL DE CONTRATACIÓN INTEGRANTE 1: "&$F$26 -> CAPACIDAD RESIDUAL DE CONTRATACIÓN INTEGRANTE 1: | L74: =L72-L73 -> 426630400
Q75: SMMLV 2025 | T75: ÍTEMS | U75: CONTRATO No. | V75: FECHA INICIO (DD/MM/AAAA) | W75: FECHA TERMINACIÓN (DD/MM/AAAA) | X75: FECHA SUSPENSIÓN (DD/MM/AA) SI APLICA | Y75: VALOR DEL CONTRATO ( MONEDA LEGAL COLOMBIANA) | Z75: PORCENTAJE (%) DE PARTICIPACIÓN | AA75: VR. FINAL DEL CONTRATO EN EJECUCIÓN | AB75: PLAZO EJECUCIÓN (Días) | AC75: PLAZO EJECUTADO (Días) | AD75: PLAZO POR EJECUTAR (Días) | AE75: SALDO POR EJECUTAR
B76: ="INTEGRANTE 2: "&$C$8 -> INTEGRANTE 2: VENTURA & CO. SAS | Q76: 1423500
B77: PORCENTAJE DE PARTICIPACIÓN | I77: =$G$8 -> 0.5 | T77: 1 | U77: M1 | V77: 42095 | W77: 42124 | X77: 42099 | Y77: 30000000 | Z77: 1 | AA77: =Y77*Z77 -> 30000000 | AB77: =DAYS360(V77,W77)+1 -> 30 | AC77: =IF(X77>$R$45,(X77-V77)+1,($U$22-V77)+1) -> 5 | AD77: =IF((AB77-AC77)>$P$28,$P$28,(AB77-AC77)) -> 25 | AE77: =ROUND((AA77/AB77)*AD77,0) -> 25000000
B78: Capacidad Residual Proponente | H78: Factor | N78: P. M. | P78: DÍAS | Q78: CUMPLE | R78: MESES | T78: =T77+1 -> 2 | U78: M2 | W78: =U73 -> 45614 | Y78: 0 | Z78: 1 | AA78: =Y78*Z78 -> 0 | AB78: =DAYS360(V78,W78)+1 -> 44959 | AC78: =IF(X78>$R$45,(X78-V78)+1,($U$22-V78)+1) -> 45615 | AD78: =IF((AB78-AC78)>$P$28,$P$28,(AB78-AC78)) -> -656 | AE78: =ROUND((AA78/AB78)*AD78,0) -> 0
H79: Experiencia. (- E -) | N79: 120 | P79: 360 | Q79: NO CUMPLE | R79: 12 | T79: =T78+1 -> 3 | U79: M3 | W79: =W78 -> 45614 | Y79: 0 | Z79: 1 | AA79: =Y79*Z79 -> 0 | AB79: =DAYS360(V79,W79)+1 -> 44959 | AC79: =IF(X79>$R$45,(X79-V79)+1,($U$22-V79)+1) -> 45615 | AD79: =IF((AB79-AC79)>$P$28,$P$28,(AB79-AC79)) -> -656 | AE79: =ROUND((AA79/AB79)*AD79,0) -> 0
H80: Capacidad Financiera. (CF) | N80: 40 | T80: =T79+1 -> 4 | U80: M4 | W80: =W79 -> 45614 | Y80: 0 | Z80: 1 | AA80: =Y80*Z80 -> 0 | AB80: =DAYS360(V80,W80)+1 -> 44959 | AC80: =IF(X80>$R$45,(X80-V80)+1,($U$22-V80)+1) -> 45615 | AD80: =IF((AB80-AC80)>$P$28,$P$28,(AB80-AC80)) -> -656 | AE80: =ROUND((AA80/AB80)*AD80,0) -> 0
H81: Capacidad Técnica. (CT) | N81: 40 | P81: INGRESOS MIN US$ | Q81: TRM VIGENTE | R81: INGRESOS OP. MIN | T81: =T80+1 -> 5 | U81: M5 | W81: =W80 -> 45614 | Y81: 0 | Z81: 1 | AA81: =Y81*Z81 -> 0 | AB81: =DAYS360(V81,W81)+1 -> 44959 | AC81: =IF(X81>$R$45,(X81-V81)+1,($U$22-V81)+1) -> 45615 | AD81: =IF((AB81-AC81)>$P$28,$P$28,(AB81-AC81)) -> -656 | AE81: =ROUND((AA81/AB81)*AD81,0) -> 0
H82: TOTAL | N82: =SUM(N79:N81) -> 200 | P82: 125000 | Q82: =533287768/P82 -> 4266.3021 | R82: =ROUNDUP(P82*Q82,-3) -> 533288000 | T82: =T81+1 -> 6 | U82: M6 | W82: =W81 -> 45614 | Y82: 0 | Z82: 1 | AA82: =Y82*Z82 -> 0 | AB82: =DAYS360(V82,W82)+1 -> 44959 | AC82: =IF(X82>$R$45,(X82-V82)+1,($U$22-V82)+1) -> 45615 | AD82: =IF((AB82-AC82)>$P$28,$P$28,(AB82-AC82)) -> -656 | AE82: =ROUND((AA82/AB82)*AD82,0) -> 0
B83: Capacidad de Organización. (CO) | Q83: UMBRAL PYMES 2023 - 2024 COLOMBIA COMPRA | T83: =T82+1 -> 7 | U83: M7 | W83: =W82 -> 45614 | Y83: 0 | Z83: 1 | AA83: =Y83*Z83 -> 0 | AB83: =DAYS360(V83,W83)+1 -> 44959 | AC83: =IF(X83>$R$45,(X83-V83)+1,($U$22-V83)+1) -> 45615 | AD83: =IF((AB83-AC83)>$P$28,$P$28,(AB83-AC83)) -> -656 | AE83: =ROUND((AA83/AB83)*AD83,0) -> 0
B84: Información Financiera. (Máximo 5 años anteriores) | I84: Ingresos Operacionales | P84: Experiencia veces | R84: puntaje | T84: =T83+1 -> 8 | U84: M8 | W84: =W83 -> 45614 | Y84: 0 | Z84: 1 | AA84: =Y84*Z84 -> 0 | AB84: =DAYS360(V84,W84)+1 -> 44959 | AC84: =IF(X84>$R$45,(X84-V84)+1,($U$22-V84)+1) -> 45615 | AD84: =IF((AB84-AC84)>$P$28,$P$28,(AB84-AC84)) -> -656 | AE84: =ROUND((AA84/AB84)*AD84,0) -> 0
B85: Ingreso Operacional más alto de los últimos cinco (5) años | I85: =IF($H$8>$R$31,$H$8,$R$31) -> 533288000 | P85: 0 | Q85: 3 | R85: 60 | T85: =T84+1 -> 9 | U85: M9 | W85: =W84 -> 45614 | Y85: 0 | Z85: 1 | AA85: =Y85*Z85 -> 0 | AB85: =DAYS360(V85,W85)+1 -> 44959 | AC85: =IF(X85>$R$45,(X85-V85)+1,($U$22-V85)+1) -> 45615 | AD85: =IF((AB85-AC85)>$P$28,$P$28,(AB85-AC85)) -> -656 | AE85: =ROUND((AA85/AB85)*AD85,0) -> 0
B86: Experiencia del Proponente (-E-) | P86: 3 | Q86: 6 | R86: 80 | T86: =T85+1 -> 10 | U86: M10 | W86: =W85 -> 45614 | Y86: 0 | Z86: 1 | AA86: =Y86*Z86 -> 0 | AB86: =DAYS360(V86,W86)+1 -> 44959 | AC86: =IF(X86>$R$45,(X86-V86)+1,($U$22-V86)+1) -> 45615 | AD86: =IF((AB86-AC86)>$P$28,$P$28,(AB86-AC86)) -> -656 | AE86: =ROUND((AA86/AB86)*AD86,0) -> 0
B87: Relación de contratos RUP en SMML | P87: 6 | Q87: 10 | R87: 100 | T87: =T86+1 -> 11 | U87: M11 | W87: =W86 -> 45614 | Y87: 0 | Z87: 1 | AA87: =Y87*Z87 -> 0 | AB87: =DAYS360(V87,W87)+1 -> 44959 | AC87: =IF(X87>$R$45,(X87-V87)+1,($U$22-V87)+1) -> 45615 | AD87: =IF((AB87-AC87)>$P$28,$P$28,(AB87-AC87)) -> -656 | AE87: =ROUND((AA87/AB87)*AD87,0) -> 0
B88: No | C88: Valor Contrato | D88: No | E88: Valor Contrato | F88: No | G88: Valor Contrato | H88: No | I88: Valor Contrato | J88: No | K88: Valor Contrato | L88: No | M88: Valor Contrato | N88: Segmento 72 "Servicios de Edificación, Construcción de Instalaciones y Mantenimiento" | P88: 10 | R88: 120 | T88: =T87+1 -> 12 | U88: M12 | W88: =W87 -> 45614 | Y88: 0 | Z88: 1 | AA88: =Y88*Z88 -> 0 | AB88: =DAYS360(V88,W88)+1 -> 44959 | AC88: =IF(X88>$R$45,(X88-V88)+1,($U$22-V88)+1) -> 45615 | AD88: =IF((AB88-AC88)>$P$28,$P$28,(AB88-AC88)) -> -656 | AE88: =ROUND((AA88/AB88)*AD88,0) -> 0
B89: 1 | D89: 22 | F89: 43 | H89: 64 | J89: 85 | L89: 106 | P89: Índice liquidez | R89: puntaje | T89: =T88+1 -> 13 | U89: M13 | W89: =W88 -> 45614 | Y89: 0 | Z89: 1 | AA89: =Y89*Z89 -> 0 | AB89: =DAYS360(V89,W89)+1 -> 44959 | AC89: =IF(X89>$R$45,(X89-V89)+1,($U$22-V89)+1) -> 45615 | AD89: =IF((AB89-AC89)>$P$28,$P$28,(AB89-AC89)) -> -656 | AE89: =ROUND((AA89/AB89)*AD89,0) -> 0
B90: =+B89+1 -> 2 | D90: =+D89+1 -> 23 | F90: =+F89+1 -> 44 | H90: =+H89+1 -> 65 | J90: =+J89+1 -> 86 | L90: =+L89+1 -> 107 | P90: 0 | Q90: 0.5 | R90: 20 | T90: =T89+1 -> 14 | U90: M14 | W90: =W89 -> 45614 | Y90: 0 | Z90: 1 | AA90: =Y90*Z90 -> 0 | AB90: =DAYS360(V90,W90)+1 -> 44959 | AC90: =IF(X90>$R$45,(X90-V90)+1,($U$22-V90)+1) -> 45615 | AD90: =IF((AB90-AC90)>$P$28,$P$28,(AB90-AC90)) -> -656 | AE90: =ROUND((AA90/AB90)*AD90,0) -> 0
B91: =+B90+1 -> 3 | D91: =+D90+1 -> 24 | F91: =+F90+1 -> 45 | H91: =+H90+1 -> 66 | J91: =+J90+1 -> 87 | L91: =+L90+1 -> 108 | P91: 0.5 | Q91: 0.75 | R91: 25 | T91: =T90+1 -> 15 | U91: M15 | W91: =W90 -> 45614 | Y91: 0 | Z91: 1 | AA91: =Y91*Z91 -> 0 | AB91: =DAYS360(V91,W91)+1 -> 44959 | AC91: =IF(X91>$R$45,(X91-V91)+1,($U$22-V91)+1) -> 45615 | AD91: =IF((AB91-AC91)>$P$28,$P$28,(AB91-AC91)) -> -656 | AE91: =ROUND((AA91/AB91)*AD91,0) -> 0
B92: =+B91+1 -> 4 | D92: =+D91+1 -> 25 | F92: =+F91+1 -> 46 | H92: =+H91+1 -> 67 | J92: =+J91+1 -> 88 | L92: =+L91+1 -> 109 | P92: 0.75 | Q92: 1 | R92: 30 | T92: =T91+1 -> 16 | U92: M16 | W92: =W91 -> 45614 | Y92: 0 | Z92: 1 | AA92: =Y92*Z92 -> 0 | AB92: =DAYS360(V92,W92)+1 -> 44959 | AC92: =IF(X92>$R$45,(X92-V92)+1,($U$22-V92)+1) -> 45615 | AD92: =IF((AB92-AC92)>$P$28,$P$28,(AB92-AC92)) -> -656 | AE92: =ROUND((AA92/AB92)*AD92,0) -> 0
B93: =+B92+1 -> 5 | D93: =+D92+1 -> 26 | F93: =+F92+1 -> 47 | H93: =+H92+1 -> 68 | J93: =+J92+1 -> 89 | L93: =+L92+1 -> 110 | P93: 1 | Q93: 1.5 | R93: 35 | T93: =T92+1 -> 17 | U93: M17 | W93: =W92 -> 45614 | Y93: 0 | Z93: 1 | AA93: =Y93*Z93 -> 0 | AB93: =DAYS360(V93,W93)+1 -> 44959 | AC93: =IF(X93>$R$45,(X93-V93)+1,($U$22-V93)+1) -> 45615 | AD93: =IF((AB93-AC93)>$P$28,$P$28,(AB93-AC93)) -> -656 | AE93: =ROUND((AA93/AB93)*AD93,0) -> 0
B94: =+B93+1 -> 6 | D94: =+D93+1 -> 27 | F94: =+F93+1 -> 48 | H94: =+H93+1 -> 69 | J94: =+J93+1 -> 90 | L94: =+L93+1 -> 111 | P94: 1.5 | R94: 40 | T94: =T93+1 -> 18 | U94: M18 | W94: =W93 -> 45614 | Y94: 0 | Z94: 1 | AA94: =Y94*Z94 -> 0 | AB94: =DAYS360(V94,W94)+1 -> 44959 | AC94: =IF(X94>$R$45,(X94-V94)+1,($U$22-V94)+1) -> 45615 | AD94: =IF((AB94-AC94)>$P$28,$P$28,(AB94-AC94)) -> -656 | AE94: =ROUND((AA94/AB94)*AD94,0) -> 0
B95: =+B94+1 -> 7 | D95: =+D94+1 -> 28 | F95: =+F94+1 -> 49 | H95: =+H94+1 -> 70 | J95: =+J94+1 -> 91 | L95: =+L94+1 -> 112 | P95: Socios y Profesionales | R95: puntaje | T95: =T94+1 -> 19 | U95: M19 | W95: =W94 -> 45614 | Y95: 0 | Z95: 1 | AA95: =Y95*Z95 -> 0 | AB95: =DAYS360(V95,W95)+1 -> 44959 | AC95: =IF(X95>$R$45,(X95-V95)+1,($U$22-V95)+1) -> 45615 | AD95: =IF((AB95-AC95)>$P$28,$P$28,(AB95-AC95)) -> -656 | AE95: =ROUND((AA95/AB95)*AD95,0) -> 0
B96: =+B95+1 -> 8 | D96: =+D95+1 -> 29 | F96: =+F95+1 -> 50 | H96: =+H95+1 -> 71 | J96: =+J95+1 -> 92 | L96: =+L95+1 -> 113 | R96: 0 | T96: =T95+1 -> 20 | U96: M20 | W96: =W95 -> 45614 | Y96: 0 | Z96: 1 | AA96: =Y96*Z96 -> 0 | AB96: =DAYS360(V96,W96)+1 -> 44959 | AC96: =IF(X96>$R$45,(X96-V96)+1,($U$22-V96)+1) -> 45615 | AD96: =IF((AB96-AC96)>$P$28,$P$28,(AB96-AC96)) -> -656 | AE96: =ROUND((AA96/AB96)*AD96,0) -> 0
B97: =+B96+1 -> 9 | D97: =+D96+1 -> 30 | F97: =+F96+1 -> 51 | H97: =+H96+1 -> 72 | J97: =+J96+1 -> 93 | L97: =+L96+1 -> 114 | P97: 0 | Q97: 5 | R97: 20 | T97: =T96+1 -> 21 | U97: M21 | W97: =W96 -> 45614 | Y97: 0 | Z97: 1 | AA97: =Y97*Z97 -> 0 | AB97: =DAYS360(V97,W97)+1 -> 44959 | AC97: =IF(X97>$R$45,(X97-V97)+1,($U$22-V97)+1) -> 45615 | AD97: =IF((AB97-AC97)>$P$28,$P$28,(AB97-AC97)) -> -656 | AE97: =ROUND((AA97/AB97)*AD97,0) -> 0
B98: =+B97+1 -> 10 | D98: =+D97+1 -> 31 | F98: =+F97+1 -> 52 | H98: =+H97+1 -> 73 | J98: =+J97+1 -> 94 | L98: =+L97+1 -> 115 | P98: 5 | Q98: 10 | R98: 30 | T98: =T97+1 -> 22 | U98: M22 | W98: =W97 -> 45614 | Y98: 0 | Z98: 1 | AA98: =Y98*Z98 -> 0 | AB98: =DAYS360(V98,W98)+1 -> 44959 | AC98: =IF(X98>$R$45,(X98-V98)+1,($U$22-V98)+1) -> 45615 | AD98: =IF((AB98-AC98)>$P$28,$P$28,(AB98-AC98)) -> -656 | AE98: =ROUND((AA98/AB98)*AD98,0) -> 0
B99: =+B98+1 -> 11 | D99: =+D98+1 -> 32 | F99: =+F98+1 -> 53 | H99: =+H98+1 -> 74 | J99: =+J98+1 -> 95 | L99: =+L98+1 -> 116 | P99: 10 | R99: 40 | T99: =T98+1 -> 23 | U99: M23 | W99: =W98 -> 45614 | Y99: 0 | Z99: 1 | AA99: =Y99*Z99 -> 0 | AB99: =DAYS360(V99,W99)+1 -> 44959 | AC99: =IF(X99>$R$45,(X99-V99)+1,($U$22-V99)+1) -> 45615 | AD99: =IF((AB99-AC99)>$P$28,$P$28,(AB99-AC99)) -> -656 | AE99: =ROUND((AA99/AB99)*AD99,0) -> 0
B100: =+B99+1 -> 12 | D100: =+D99+1 -> 33 | F100: =+F99+1 -> 54 | H100: =+H99+1 -> 75 | J100: =+J99+1 -> 96 | L100: =+L99+1 -> 117 | T100: =T99+1 -> 24 | U100: M24 | W100: =W99 -> 45614 | Y100: 0 | Z100: 1 | AA100: =Y100*Z100 -> 0 | AB100: =DAYS360(V100,W100)+1 -> 44959 | AC100: =IF(X100>$R$45,(X100-V100)+1,($U$22-V100)+1) -> 45615 | AD100: =IF((AB100-AC100)>$P$28,$P$28,(AB100-AC100)) -> -656 | AE100: =ROUND((AA100/AB100)*AD100,0) -> 0
B101: =+B100+1 -> 13 | D101: =+D100+1 -> 34 | F101: =+F100+1 -> 55 | H101: =+H100+1 -> 76 | J101: =+J100+1 -> 97 | L101: =+L100+1 -> 118 | R101: PRESUPUESTO OFICIAL | T101: =T100+1 -> 25 | U101: M25 | W101: =W100 -> 45614 | Y101: 0 | Z101: 1 | AA101: =Y101*Z101 -> 0 | AB101: =DAYS360(V101,W101)+1 -> 44959 | AC101: =IF(X101>$R$45,(X101-V101)+1,($U$22-V101)+1) -> 45615 | AD101: =IF((AB101-AC101)>$P$28,$P$28,(AB101-AC101)) -> -656 | AE101: =ROUND((AA101/AB101)*AD101,0) -> 0
B102: =+B101+1 -> 14 | D102: =+D101+1 -> 35 | F102: =+F101+1 -> 56 | H102: =+H101+1 -> 77 | J102: =+J101+1 -> 98 | L102: =+L101+1 -> 119 | P102: GRUPO 1. SALUD MENTAL | R102: 17282722097 | T102: =T101+1 -> 26 | U102: M26 | W102: =W101 -> 45614 | Y102: 0 | Z102: 1 | AA102: =Y102*Z102 -> 0 | AB102: =DAYS360(V102,W102)+1 -> 44959 | AC102: =IF(X102>$R$45,(X102-V102)+1,($U$22-V102)+1) -> 45615 | AD102: =IF((AB102-AC102)>$P$28,$P$28,(AB102-AC102)) -> -656 | AE102: =ROUND((AA102/AB102)*AD102,0) -> 0
B103: =+B102+1 -> 15 | D103: =+D102+1 -> 36 | F103: =+F102+1 -> 57 | H103: =+H102+1 -> 78 | J103: =+J102+1 -> 99 | L103: =+L102+1 -> 120 | P103: GRUPO 2. SAN ROQUE | R103: 14101948434 | T103: =T102+1 -> 27 | U103: M27 | W103: =W102 -> 45614 | Y103: 0 | Z103: 1 | AA103: =Y103*Z103 -> 0 | AB103: =DAYS360(V103,W103)+1 -> 44959 | AC103: =IF(X103>$R$45,(X103-V103)+1,($U$22-V103)+1) -> 45615 | AD103: =IF((AB103-AC103)>$P$28,$P$28,(AB103-AC103)) -> -656 | AE103: =ROUND((AA103/AB103)*AD103,0) -> 0
B104: =+B103+1 -> 16 | D104: =+D103+1 -> 37 | F104: =+F103+1 -> 58 | H104: =+H103+1 -> 79 | J104: =+J103+1 -> 100 | L104: =+L103+1 -> 121 | P104: GRUPO 3. JARDÍN INFANTIL | R104: 8860786921 | T104: =T103+1 -> 28 | U104: M28 | W104: =W103 -> 45614 | Y104: 0 | Z104: 1 | AA104: =Y104*Z104 -> 0 | AB104: =DAYS360(V104,W104)+1 -> 44959 | AC104: =IF(X104>$R$45,(X104-V104)+1,($U$22-V104)+1) -> 45615 | AD104: =IF((AB104-AC104)>$P$28,$P$28,(AB104-AC104)) -> -656 | AE104: =ROUND((AA104/AB104)*AD104,0) -> 0
B105: =+B104+1 -> 17 | D105: =+D104+1 -> 38 | F105: =+F104+1 -> 59 | H105: =+H104+1 -> 80 | J105: =+J104+1 -> 101 | L105: =+L104+1 -> 122 | P105: GRUPO 4. CUNDIFARMA | R105: 19587312969 | T105: =T104+1 -> 29 | U105: M29 | W105: =W104 -> 45614 | Y105: 0 | Z105: 1 | AA105: =Y105*Z105 -> 0 | AB105: =DAYS360(V105,W105)+1 -> 44959 | AC105: =IF(X105>$R$45,(X105-V105)+1,($U$22-V105)+1) -> 45615 | AD105: =IF((AB105-AC105)>$P$28,$P$28,(AB105-AC105)) -> -656 | AE105: =ROUND((AA105/AB105)*AD105,0) -> 0
...

Sheet Base
A2: SINGULAR | B2: =OR('CRP SINGULAR'!$L$8="CUMPLE",'CRP SINGULAR'!$L$8="NO CUMPLE") -> FALSE | C2: ='CRP SINGULAR'!$B$71 -> 0 | D2: ='CRP SINGULAR'!$L$8 -> PENDIENTE REVISIÓN
A3: PLURAL 2 | B3: =OR('CRP PLURAL (2)'!$L$13="CUMPLE",'CRP PLURAL (2)'!$L$13="NO CUMPLE") -> TRUE | C3: ='CRP PLURAL (2)'!$B$130 -> 0 | D3: ='CRP PLURAL (2)'!$L$13 -> CUMPLE
A4: PLURAL 3 | B4: =OR('CRP PLURAL (3)'!$L$15="CUMPLE",'CRP PLURAL (3)'!$L$15="NO CUMPLE") -> FALSE | C4: ='CRP PLURAL (3)'!$B$183 -> 0 | D4: ='CRP PLURAL (3)'!$L$15 -> PENDIENTE REVISIÓN
A5: PLURAL 4 | B5: =OR('CRP PLURAL (4)'!$L$17="CUMPLE",'CRP PLURAL (4)'!$L$17="NO CUMPLE") -> FALSE | C5: ='CRP PLURAL (4)'!$B$238 -> 0 | D5: ='CRP PLURAL (4)'!$L$17 -> PENDIENTE REVISIÓN
A6: PLURAL 5 | B6: =OR('CRP PLURAL (5)'!$L$19="CUMPLE",'CRP PLURAL (5)'!$L$19="NO CUMPLE") -> FALSE | C6: ='CRP PLURAL (5)'!$B$294 -> 0 | D6: ='CRP PLURAL (5)'!$L$19 -> PENDIENTE REVISIÓN
